Workbook
Name adresse_LLS: 'Donnée d''entrée'!$D$12
Name adresse_LLTS: 'Donnée d''entrée'!$E$12
Name adresse_siege: 'Donnée d''entrée'!$D$24
Name CAF_Tot: 'Prgr. 2018'!$AA$55
Name CDC_LLS: 'Prgr. 2018'!$X$56
Name CDC_LLTS: 'Prgr. 2018'!$Y$56
Name code: Bdgt!$G$1
Name Commune_LLS: 'Donnée d''entrée'!$D$16
Name Commune_LLTS: 'Donnée d''entrée'!$E$16
Name Créd_Imp: 'Prgr. 2018'!$AA$62
Name Date: 'Donnée d''entrée'!#REF!
Name Day: 'Donnée d''entrée'!$D$18
Name directeur_g: 'Donnée d''entrée'!$D$26
Name euro: Bdgt!$I$6
Name FP_LLS: 'Prgr. 2018'!$X$61
Name FP_LLTS: 'Prgr. 2018'!$Y$61
Name FRAFU_LLS: #REF!
Name FRAFU_LLTS: #REF!
Name franc: 'PRZA '!$J$6
Name LBU_FRAFU: 'FRAFU AVS + LESG'!$D$105
Name LBU_SF: 'Prgr. 2018'!$AA$51
Name LBU_Tot: 'Prgr. 2018'!$AA$50
Name LMDom: 'Prgr. 2018'!$F$70
Name LMDomTS: 'Prgr. 2018'!$F$80
Name LP_LLS: 'Prgr. 2018'!$F$78
Name LP_LLTS: 'Prgr. 2018'!$F$88
Name Macro3: 'PRZA '!Macro3
Name Macro4: 'PRZA '!Macro4
Name montant_eligible_LLS: 'Donnée d''entrée'!$D$28
Name montant_eligible_LLTS: 'Donnée d''entrée'!$E$28
Name Nbre: 'Prgr. 2018'!$V$34
Name NbreCOMM: 'Prgr. 2018'!$V$32
Name NbreLLS: 'Prgr. 2018'!$V$15
Name NbreLLTS: 'Prgr. 2018'!$V$25
Name nom: 'Prgr. 2018'!$D$1
Name nombreLLS: 'Donnée d''entrée'!$D$8
Name nombreLLTS: 'Donnée d''entrée'!$E$8
Name OPERATION: Bdgt!$1:$1048576
Name OPERATION: 'PRZA '!$1:$1048576
Name PA_SAS_HT_LLS: #REF!
Name PA_SAS_HT_LLTS: #REF!
Name parking_a_LLS: 'Donnée d''entrée'!$D$20
Name parking_a_LLTS: 'Donnée d''entrée'!$E$20
Name parking_c_LLS: 'Donnée d''entrée'!$D$22
Name parking_c_LLTS: 'Donnée d''entrée'!$E$22
Name parking_s_LLS: 'Donnée d''entrée'!$D$22
Name parking_s_LLTS: 'Donnée d''entrée'!$E$22
Name PRP_TTC_LLS: 'Donnée d''entrée'!$D$30
Name PRP_TTC_LLTS: 'Donnée d''entrée'!$E$30
Name S.LCR: 'Prgr. 2018'!$AA$35
Name S_terrain: 'Prgr. 2018'!$B$55
Name SF.COMM: 'Prgr. 2018'!$AC$32
Name SF.LLS: 'Prgr. 2018'!$AC$15
Name SF.LLTS: 'Prgr. 2018'!$AC$25
Name SF.T: 'Prgr. 2018'!$AC$34
Name SF_LLS: 'Donnée d''entrée'!$D$32
Name SF_LLTS: 'Donnée d''entrée'!$E$32
Name SH.COMM: 'Prgr. 2018'!$X$32
Name SH.LLS: 'Prgr. 2018'!$X$15
Name SH.LLTS: 'Prgr. 2018'!$X$25

Sheet Donnée d'entrée
B2: Fiché liaisonné de dépôt de dossier de financement LBU
A4: Données d'entrées
A6: Nom de l'opération | D6: =nom -> 0 | E6: =nom -> 0
A8: Nombre de logement | D8: ='Prgr. 2018'!NbreLLS -> 35 | E8: ='Prgr. 2018'!NbreLLTS -> 35
A10: Type de logement | D10: LLS | E10: LLTS | J10: =87629.93+1155.54 -> 88785.47
A12: adresse
A16: Commune
A18: Date | D18: =TODAY() -> 43403 | E18: =TODAY() -> 43403
A20: places de parkings aériennes
A22: places de parkings couvertes
A24: Adresse du siège de la SODEGIS | D24: 7, rue Jean Couturier 97831 CS 40030 LE TAMPON CEDEX | E24: =adresse_siege -> 7, rue Jean Couturier 97831 CS 40030 LE TAMPON CEDEX
A26: nom du directeur général | D26: Patrick CORRE | E26: Patrick CORRE
A28: Montant éligible | D28: =#REF! -> #REF! | E28: =#REF! -> #REF!
A30: Prix de revient total TTC | D30: =Bdgt!R157 -> 204608.84 | E30: =Bdgt!V157 -> 204608.84
A32: SF (Surface finançable) | D32: ='Prgr. 2018'!SF.LLS -> 2623.5 | E32: ='Prgr. 2018'!SF.LLTS -> 2623.5

Sheet première page
A6: DEPARTEMENT OPERATION ET PROGRAMME | F6: A l'attention de:
A7: BORDEREAU D'ENVOI | F7: DEAL SUD
F8: BP 341 N°1 Ravine Blanche
F9: 97448 ST PIERRE CEDEX | R9: DEMANDE D'AGREMENT
A10: EXPEDITEUR: | J10: DEMANDE D'AGREMENT
A11: Nos réf:
A12: Vos réf:
A15: Objet : Opération " | C15: =[0]!nom -> 0 | D15: " | E15: Le | F15: =TODAY() -> 43403
A16: Commune de | B16: ='Donnée d''entrée'!E16 -> 0
A18: Nous vous prions de bien vouloir trouver ci-joint,
I19: Financement d'un programme de | L19: =[0]!nombreLLS -> 35 | M19: logements locatifs sociaux sur | P19: Financement d'un programme de | S19: =[0]!nombreLLTS -> 35 | T19: logements locatifs très sociaux sur
A20: Désignation des pièces | D20: Quantité | E20: Observations | I20: l'Ile de la Réunion | P20: l'Ile de la Réunion
A21: Dossier de demande d'agrément | D21: 2 ex | E21: Pour instruction svp
I25: " | J25: ="Opération "&nom&"" -> Opération | L25: " | M25: =Commune_LLS -> 0 | P25: " | Q25: =[0]!nom -> 0 | S25: " | T25: =Commune_LLTS -> 0
I29: Dans le cadre | Q29: Dans le cadre
I30: de l'Aide Fiscale à l'Investissement Outre-Mer | Q30: de l'Aide Fiscale à l'Investissement Outre-Mer
H31: (article 244 quater X du CGI) | P31: (article 244 quater X du CGI)
A35: Bonne réception,

Sheet 1
AC24: 1.7 Montant des loyers réglementaires applicables aux logements, montant du loyer d'équilibre, et montant du loyer de sortie prévisionnel (loyer notifié accompagnant l'arrêté LBU), en précisant les modalités de calcul de ce loyer de sortie
A25: 1.1 Nom de l'opération et des programmes | H25: 1.4 Calendrier prévisionnel des différentes étapes du projet | O25: 1.5 Tableau de l'architecte détaillant la surface habitable de chaque logement et des annexes | V25: 1.6 Copie des plans
H56: 1.4 Calendrier prévisionnel des différentes étapes du projet | AC56: 1.7 Montant des loyers
H58: Opération : | I58: =nom -> 0
AC59: OPERATION : | AF59: =nom -> 0
H61: Ouverture de chantier : | J61: 15 février | K61: 2017 | AC61: NOMBRE DE LOGEMENTS : | AF61: =[0]!nombreLLS -> 35
A63: OPERATION | D63: ='Donnée d''entrée'!D6 -> 0 | H63: Achèvement fondations : | J63: 15 juin | K63: 2017 | AC63: ADRESSE : | AE63: =adresse_LLS -> 0
A65: NOMBRE DE LOGEMENTS | D65: =[0]!nombreLLS -> 35 | H65: Mise hors d'eau | J65: 15 novembre | K65: 2017
A67: TYPE D'OPERATION | H67: Achèvement logements : | J67: 19 juin | K67: 2018 | AC67: MAITRE D'OUVRAGE : | AF67: SODEGIS
A69: PUBLIC AUQUEL EST DESTINEE L'OPERATION | H69: Livraison des logements | J69: 19 juin | K69: 2018
AC70: Nombre de logements : | AE70: =[0]!nombreLLS -> 35 | AF70: =type_lg_LLS -> LLS
H71: Mise en location : | J71: 19 juillet | K71: 2018 | AC71: Surface Habitable : | AE71: ='Prgr. 2018'!SH.LLS -> 2186 | AF71: m²
A72: ORGANISME OLS AUQUEL LES LOGEMENTS SONT DESTINES | D72: SODEGIS | AC72: Surface finançable : | AE72: =SF_LLS -> 2623.5 | AF72: m²
D73: =adresse_siege -> 7, rue Jean Couturier 97831 CS 40030 LE TAMPON CEDEX
D74: Tél. : | E74: 0262 59 75 97
D75: E.mail : | E75: sodegis@sodegis.re | AC75: Montant loyer plafond applicable aux logements : | AG75: =AG76/AE71*AE72 -> 8.0997474 | AH75: €/mois/m² SH
AC76: Montant loyer plafond applicable aux logements : | AG76: =LP_LLS -> 6.7490177 | AH76: €/mois/m² SF
A77: TYPE DE FINANCEMENT | D77: =type_lg_LLS -> LLS | E77: Crédit d'impôt 244 quater X CGI
L78: Le | M78: =TODAY() -> 43403 | AC78: Loyer d'équilibre : | AF78: =AF79/AE71*AE72 -> 0 | AG78: €/mois/m² SH
A79: ADRESSE | D79: =adresse_LLS -> 0 | AC79: Loyer d'équilibre : | AG79: €/mois/m² SF
L80: Le directeur Général
A81: LOCALISATION | AC81: Loyer de sortie prévisionnelle : | AF81: =AG75 -> 8.0997474 | AG81: €/mois/m² SH
AC82: Modalité de calcul : | AF82: =AG76 -> 6.7490177 | AG82: ="€ × ("&AE72&" m² SF/"& AE71&" m² SH)" -> € × (2623,5 m² SF/2186 m² SH)
A83: SURFACE DU TERRAIN | D83: =S_terrain -> 0 | E83: m²
AC84: Loyer de sortie prévisionnelle : | AF84: =AG76 -> 6.7490177 | AG84: €/mois/m² SF
A85: SURFACE PLANCHER | D85: =Bdgt!Q4 -> 0 | E85: m² | L85: =directeur_g -> Patrick CORRE | AC85: Modalité de calcul : | AF85: =AG75 -> 8.0997474 | AG85: ="€ × ("&AE71&" m² SH/ "&AE72&" m² SF)" -> € × (2186 m² SH/ 2623,5 m² SF)
A87: TYPOLOGIE
B89: T1 bis +V
B90: T2 +V
B91: T3 +V
B92: T4 +V
B93: T5 +V
A95: PARKINGS
A97: ="-"&parking_a_LLS&" places de parkings aériennes" -> - places de parkings aériennes
A98: ="-"&parking_c_LLS&" places de parkings couvertes." -> - places de parkings couvertes.
AC99: 1.7 Montant des loyers
H101: 1.4 Calendrier prévisionnel des différentes étapes du projet | AC101: OPERATION : | AF101: =nom -> 0
H103: Opération : | I103: =nom -> 0 | AC103: NOMBRE DE LOGEMENTS : | AF103: =nombreLLTS -> 35
H105: Ouverture de chantier : | AC105: ADRESSE : | AE105: =adresse_LLTS -> 0
H107: Achèvement fondations :
H109: Mise hors d'eau | AC109: MAITRE D'OUVRAGE : | AF109: SODEGIS
H111: Achèvement logements :
AC112: Nombre de logements : | AE112: =[0]!nombreLLTS -> 35 | AF112: =type_lg_LLTS -> LLTS
A113: OPERATION | D113: =[0]!nom -> 0 | H113: Livraison des logements | AC113: Surface Habitable : | AE113: ='Prgr. 2018'!SH.LLTS -> 2186 | AF113: m²
AC114: Surface finançable : | AE114: =SF_LLTS -> 2623.5 | AF114: m²
A115: NOMBRE DE LOGEMENTS | D115: =[0]!nombreLLTS -> 35 | H115: Mise en location :
A117: TYPE D'OPERATION | AC117: Montant loyer plafond applicable aux logements : | AG117: =AG118/AE113*AE114 -> 6.4797979 | AH117: €/mois/m² SH
AC118: Montant loyer plafond applicable aux logements : | AG118: =LP_LLTS -> 5.3992141 | AH118: €/mois/m² SF
A119: PUBLIC AUQUEL EST DESTINEE L'OPERATION
AC120: Loyer d'équilibre : | AF120: =AF121/AE113*AE114 -> 0 | AG120: €/mois/m² SH
AC121: Loyer d'équilibre : | AG121: €/mois/m² SF
A122: ORGANISME OLS AUQUEL LES LOGEMENTS SONT DESTINES | D122: SODEGIS | L122: Le | M122: =TODAY() -> 43403
D123: =adresse_siege -> 7, rue Jean Couturier 97831 CS 40030 LE TAMPON CEDEX | AC123: Loyer de sortie prévisionnelle : | AF123: =AG117 -> 6.4797979 | AG123: €/mois/m² SH
D124: Tél. : | E124: 0262 59 75 97 | L124: Le directeur Général | AC124: Modalité de calcul : | AF124: =AG118 -> 5.3992141 | AG124: ="€ × ("&AE114&" m² SF/"& AE113&" m² SH)" -> € × (2623,5 m² SF/2186 m² SH)
D125: E.mail : | E125: sodegis@sodegis.re
AC126: Loyer de sortie prévisionnelle : | AF126: =AG118 -> 5.3992141 | AG126: €/mois/m² SF
A127: TYPE DE FINANCEMENT | D127: =type_lg_LLTS -> LLTS | E127: Crédit d'impôt 244 quater X CGI | AC127: Modalité de calcul : | AF127: =AG117 -> 6.4797979 | AG127: ="€ × ("&AE113&" m² SH/ "&AE114&" m² SF)" -> € × (2186 m² SH/ 2623,5 m² SF)
A129: ADRESSE | D129: =adresse_LLTS -> 0 | L129: =directeur_g -> Patrick CORRE
A131: LOCALISATION
A133: SURFACE DU TERRAIN | D133: =S_terrain -> 0 | E133: m²
A135: SURFACE PLANCHER | D135: =Bdgt!U4 -> 0 | E135: m²
A137: TYPOLOGIE
B139: T1 bis +V
B140: T2 +V
B141: T3 +V
B142: T4 +V
B143: T5 +V
A145: PARKINGS
A147: ="-"&parking_a_LLTS&" places de parkings aériennes" -> - places de parkings aériennes
A148: ="-"&parking_c_LLTS&" places de parkings couvertes." -> - places de parkings couvertes.

Sheet 2
A21: 2.1 | B21: Compromis ou acte de vente précisant :
H22: 2.2 Clé de répartition du coût de revient du terrain d'assiette du projet utilisée, le cas échéant, pour déterminer le coût de revient de ce terrain affecté aux seuls logements Pour les bâtiments à usage mixte : clé de répartition des dépenses | O22: 2.3 Si mutation dans les 24 derniers mois précédant l'agrément : actes des cessions antérieures du terrain | V22: 2.4 Permis de construire, ou à défaut, récépissé de dépôt de la demande de permis de construire
B23: - l'origine de propriété
B24: - la date d'acquisition
B25: - le prix et le montant des frais notariés à exclure
B28: ou bail à construction ou bail emphytéotique ou tout document ayant valeur contractuelle justifiant la constitution, la nature et la durée des droits réels détenus par la structure de portage sur le terrain d'assiette des logements.
A62: 2.1 Compromis ou acte de vente valide du terrain d'assiette des logements valide à la date du dépôt du dossier à la DEAL et à la DGFiP (directions des finances publiques territoriales ou bureau des agréments et rescrits) précisant l'origine de propriété, la date d'acquisition, le prix, le montant des frais notariés à exclure, bail à construction ou bail emphytéotique | H62: 2.2 Clé de répartition du coût de revient du terrain d'assiette du projet utilisée, le cas échéant, pour déterminer le coût de revient de ce terrain affecté aux seuls logements Pour les bâtiments à usage mixte : clé de répartition des dépenses | O62: 2.3 Actes des cessions antérieures du terrain, si celui-ci a fait l'objet de plusieurs mutations intervenues dans un court délai précédant la demande d'agrément
A68: Si intervention EPFR + FRAFU
A69: Les terrains d'assiette de l'opération seront acquis auprès de l'EPFR et de particuliers (les Consorts Ruets) et font l'objet d'un aménagement dans le cadre du FRAFU.
H70: SANS OBJET
A71: Le dossier de financement FRAFU est en cours d'instruction, et se trouve en phase Programmation. | O71: SANS OBJET
H72: ="Dans le cadre de l'article 244 quater X du CGI, la SODEGIS initie un programme immobilier totalisant "&nombreLLS&" logements LLS dans le secteur social." -> Dans le cadre de l'article 244 quater X du CGI, la SODEGIS initie un programme immobilier totalisant 35 logements LLS dans le secteur social.
A73: La cession foncière résultante de ce montage, et calculée suivant les règles du FRAFU (115 € / m² de SHON pour les LLTS) est de : 122 015 € (pour 1061 m² de SHON).
H75: ="Cette pièce est sans objet dans le cadre de l'opération " & nom & ", qui est une opération de logement social à 100%." -> Cette pièce est sans objet dans le cadre de l'opération , qui est une opération de logement social à 100%.
A76: Vous trouverez en Annexe 2.1. ci apès la copie de la convention EPFR pour les parcelles AV 961 - 964 - 966 - 967 - 969 pour un montant de 169 325€ hors frais EPFR, et du compromis de vente avec les Epoux Ruets pour la parcelles AV 965 - 968 pour un montant de 125 000 €.
H77: OU
H78: ="Ainsi dans le cas de l'opération "&nom&", sur les postes à usage mixte (les montants à répartir entre les logements), la clé de répartition se fera à la surface habitable finançable. " -> Ainsi dans le cas de l'opération , sur les postes à usage mixte (les montants à répartir entre les logements), la clé de répartition se fera à la surface habitable finançable.
E81: Au Tampon, le | F81: =TODAY() -> 43403
H82: Surface logements LLS : | J82: =SF_LLS -> 2623.5 | K82: m²
E83: Le Directeur Général | H83: Surface logements LLTS : | J83: =SF_LLTS -> 2623.5 | K83: m²
H84: Surface logements Commerce : | K84: m²
H86: Nous ne prévoyons pas pour le commerce de réaliser les prestations des postes suivants:
A87: Si terrain hors FRAFU et hors EPFR | E87: =directeur_g -> Patrick CORRE | H87: ="- Revêtements de sols durs" -> - Revêtements de sols durs
H88: ="- Menuiseries intérieures" -> - Menuiseries intérieures
A89: Le terrain d’assiette de l’opération doit être acquis auprès de la Mairie du Tampon au prix global de 510 000 € (300 000 € pour la parcelle BX 873 et 210 000 € pour la parcelle BX 874). | H89: ="- Production eau chaude solaire" -> - Production eau chaude solaire
H90: ="- Peinture" -> - Peinture
H91: ="- Sols souples" -> - Sols souples
A92: La Mairie du Tampon devait délibérer à ce sujet lors du Conseil Municipal du 25 mars 2013.
H93: Au Tampon | I93: le | J93: =TODAY() -> 43403
A95: Aussi, vous trouverez en Annexe 2.1. : - Le projet correspondant de délibération de la Commune, - Le projet de compromis. | H95: Pour la SODEGIS
H98: Le Directeur Général
A99: Les autres pièces seront transmises ultérieurement.
A102: ou toute autre rédaction | H102: =directeur_g -> Patrick CORRE
H110: SANS OBJET
H112: ="Dans le cadre de l'article 244 quater X du CGI, la SODEGIS initie un programme immobilier totalisant "&nombreLLTS&" logements LLTS dans le secteur social." -> Dans le cadre de l'article 244 quater X du CGI, la SODEGIS initie un programme immobilier totalisant 35 logements LLTS dans le secteur social.
H115: ="Cette pièce est sans objet dans le cadre de l'opération " & nom & ", qui est une opération de logement social à 100%." -> Cette pièce est sans objet dans le cadre de l'opération , qui est une opération de logement social à 100%.
H117: OU
H118: ="Ainsi dans le cas de l'opération "&nom&", sur les postes à usage mixte (les montants à répartir entre les logements), la clé de répartition se fera à la surface habitable finançable. " -> Ainsi dans le cas de l'opération , sur les postes à usage mixte (les montants à répartir entre les logements), la clé de répartition se fera à la surface habitable finançable.
H122: Surface logements LLS : | J122: =SF_LLS -> 2623.5 | K122: m²
H123: Surface logements LLTS : | J123: =SF_LLTS -> 2623.5 | K123: m²
H124: Surface logements Commerce : | K124: m²
H126: Nous ne prévoyons pas pour le commerce de réaliser les prestations des postes suivants:
H127: ="- Revêtements de sols durs" -> - Revêtements de sols durs
H128: ="- Menuiseries intérieures" -> - Menuiseries intérieures
H129: ="- Production eau chaude solaire" -> - Production eau chaude solaire
H130: ="- Peinture" -> - Peinture
H131: ="- Sols souples" -> - Sols souples
H133: Au Tampon | I133: le | J133: =TODAY() -> 43403
H135: Pour la SODEGIS
H138: Le Directeur Général
H142: =directeur_g -> Patrick CORRE

Sheet 3
A24: 3.1 Montant HT du coût total du projet et la TVA correspondante , et montant HT des postes selon décret 15/01/2010 | H24: 3.5 Justification des dépenses de viabilisation du terrain ou coût de la charge foncière | P24: 3.6 Tableau déterminant le montant de la base éligible du crédit d'impôt
A28: * Devis du maître d'œuvre accepté par l'OLS au titre des énergies renouvelables (arrêté du 29/10/2010)
A30: * Devis du maître d'œuvre accepté par l'OLS ou actes d'engagement ou marchés justifiant les dépenses éligibles et le calcul de la base éligible selon le décret du 15/01/2010
A56: 3.1
A62: Le montant HT du coût de revient du projet LLS est égal à | F62: =PA_SAS_HT_LLS -> #REF! | G62: et est détaillé
A63: dans le tableau ci-dessous
H64: 3.5 Justification des dépenses de viabilisation du terrain ou, le cas échéant, du coût de la charge foncière
D66: Au Tampon, le | F66: =TODAY() -> 43403
H67: Le calcul de la charge foncière se base d'une part sur le coût de la cession foncière (présentés ci-avant en 2.1) et d'autre part sur le montant des travaux de VRD, de concessionnaires (raccordement aux divers réseaux), des taxes et des frais divers (en l'occurrence l'étude de sol).
E68: Le Directeur Général
H72: Ainsi, pour cette opération, voici le détail de la charge foncière en € HT :
E74: =directeur_g -> Patrick CORRE
H75: Cession foncière LLS | K75: =#REF! -> #REF!
H76: VRD (y/c Espaces verts) | K76: =#REF! -> #REF!
H77: Géomètre | K77: =#REF! -> #REF!
H78: Etude de sol | K78: =#REF! -> #REF!
H79: Taxes d'urbanismes | K79: =#REF! -> #REF!
H80: Branchements | K80: =#REF! -> #REF!
K81: =SUM(K75:K80) -> #REF!
L89: Au Tampon, le | N89: =TODAY() -> 43403
L91: Le Directeur Général
L97: =directeur_g -> Patrick CORRE
A109: 3.1 Montant HT du coût total du projet et la TVA correspondante , et montant HT des postes selon décret 15/01/2010
A112: Le montant HT du coût de revient du projet LLTS est égal à | F112: =PA_SAS_HT_LLTS -> #REF! | G112: et est détaillé
A113: dans le tableau ci-dessous
E116: Au Tampon, le | F116: =TODAY() -> 43403
E118: Le Directeur Général
H119: 3.5 Justification des dépenses de viabilisation du terrain ou, le cas échéant, du coût de la charge foncière
H122: Le calcul de la charge foncière se base d'une part sur le coût de la cession foncière (présentés ci-avant en 2.1) et d'autre part sur le montant des travaux de VRD, de concessionnaires (raccordement aux divers réseaux), des taxes et des frais divers (en l'occurrence l'étude de sol).
E123: =directeur_g -> Patrick CORRE
H127: Ainsi, pour cette opération, voici le détail de la charge foncière en € HT :
H130: Cession foncière LLTS | K130: =#REF! -> #REF!
H131: VRD (y/c Espaces verts) | K131: =#REF! -> #REF!
H132: Géomètre | K132: =#REF! -> #REF!
H133: Etude de sol | K133: =#REF! -> #REF!
H134: Taxes d'urbanismes | K134: =#REF! -> #REF!
H135: Branchements | K135: =#REF! -> #REF!
K136: =SUM(K130:K135) -> #REF!
L139: Au Tampon, le | N139: =TODAY() -> 43403
L141: Le Directeur Général
L147: =directeur_g -> Patrick CORRE

Sheet 5
O24: 5.3 Décision d'octroi des subventions et des aides locales éventuelles | V24: 5.4 Lettre d'intention des établissements bancaires
A25: 5.1 Plan de financement détaillé | H25: 5.2 Note justificative du mandat SIEG et fichier de calcul de l'absence de surcompensation
O64: 5.3 Décision d'octroi des subventions et des aides locales éventuelles :
O65: Subvention de l'Etat pour la construction, subvention forfaitaire LLTS, subvention pour surcharge foncière, subvention pour aquisition foncière anticipée, subvention des collectivités locales, de l'ADEME, du 1% CAF, autres financements
O69: ="Dans le cadre de l'Opération "&nom&", SODEGIS sollicite une subvention de l'Etat LBU auprès de la DEAL, à hauteur de "&TEXT(Sub_LLS,"0 000,00")&" €." -> Dans le cadre de l'Opération , SODEGIS sollicite une subvention de l'Etat LBU auprès de la DEAL, à hauteur de 0 000,00 €.
O72: Aucune autre aide ne sera demandée sur ce programme
R76: Le Tampon | S76: Le | T76: =TODAY() -> 43403
S78: Le Directeur Général
S84: =directeur_g -> Patrick CORRE
O118: 5.3 Décision d'octroi des subventions et des aides locales éventuelles :
O119: Subvention de l'Etat pour la construction, subvention forfaitaire LLTS, subvention pour surcharge foncière, subvention pour aquisition foncière anticipée, subvention des collectivités locales, de l'ADEME, du 1% CAF, autres financements
O124: ="Dans le cadre de l'Opération "&nom&", SODEGIS sollicite une subvention de l'Etat LBU auprès de la DEAL, à hauteur de "&TEXT(Sub_LLTS,"0 000,00")&" €." -> Dans le cadre de l'Opération , SODEGIS sollicite une subvention de l'Etat LBU auprès de la DEAL, à hauteur de 0 000,00 €.
O127: Aucune autre aide ne sera demandée sur ce programme
S130: Le Tampon | T130: Le | U130: =TODAY() -> 43403
S132: Le Directeur Général
S138: =directeur_g -> Patrick CORRE
O180: ="- Attestation FRAFU -" -> - Attestation FRAFU -
O222: ="Objet : Opération "&nom -> Objet : Opération
O225: ="Je soussigné, Monsieur " & directeur_g & "," -> Je soussigné, Monsieur Patrick CORRE,
O227: Agissant en qualité de Directeur Général de la Société SODEGIS, Société d'Economie Mixte au capital de 9 014 400 € dont le siège social est situé à 7 rue Jean Couturier CS 40030, 97 831 LE TAMPON CEDEX, immatriculée au Registre du Commerce et des Sociétés de Saint-Pierre sous le numéro 380 177 170, rappelle que dans le cadre de l'article précité, la SODEGIS initie un programme immobilier totalisant
O232: =nombreLLS &" logements LLS dans le secteur social." -> 35 logements LLS dans le secteur social.
O235: ="A ce titre, cette opération à également fait l'objet d'une demande de subvention FRAFU à hateur de "&TEXT(FRAFU_LLS,"0 000,00")&" €, demande qui est en cours d'instruction et va connaître une issue favorable." -> #REF!
R240: Au Tampon | S240: =TODAY() -> 43403
R242: Pour la SODEGIS
R243: Le Directeur Général
R248: =directeur_g -> Patrick CORRE
O276: ="Objet : Opération "&nom -> Objet : Opération
O279: ="Je soussigné, Monsieur " & directeur_g & "," -> Je soussigné, Monsieur Patrick CORRE,
O281: Agissant en qualité de Directeur Général de la Société SODEGIS, Société d'Economie Mixte au capital de 9 014 400 € dont le siège social est situé à 7 rue Jean Couturier CS 40030, 97 831 LE TAMPON CEDEX, immatriculée au Registre du Commerce et des Sociétés de Saint-Pierre sous le numéro 380 177 170, rappelle que dans le cadre de l'article précité, la SODEGIS initie un programme immobilier totalisant
O286: =nombreLLTS &" logements LLTS dans le secteur social." -> 35 logements LLTS dans le secteur social.
O289: ="A ce titre, cette opération à également fait l'objet d'une demande de subvention FRAFU à hateur de "&TEXT(FRAFU_LLTS,"0 000,00")&" €, demande qui est en cours d'instruction et va connaître une issue favorable." -> #REF!
R292: Au Tampon | S292: =TODAY() -> 43403
R293: Pour la SODEGIS
R295: Le Directeur Général
R299: =directeur_g -> Patrick CORRE

Sheet 6
A25: 6. Montage juridique et financier
A61: 6. Si recours à une VEFA promoteur : contrat de réservation ou contrat de VEFA
A65: SANS OBJET - PAS DE VEFA
A119: ="Objet : Opération "&nom -> Objet : Opération
A122: ="Je soussigné, Monsieur " & directeur_g & "," -> Je soussigné, Monsieur Patrick CORRE,
A124: Agissant en qualité de Directeur Général de la Société SODEGIS, Société d'Economie Mixte au capital de 9 014 400 € dont le siège social est situé à 7 rue Jean Couturier CS 40030, 97 831 LE TAMPON CEDEX, immatriculée au Registre du Commerce et des Sociétés de Saint-Pierre sous le numéro 380 177 170, rappelle que dans le cadre de l'article précité, la SODEGIS
A128: ="initie un programme immobilier totalisant " & nombreLLS &" logements LLS dans le secteur social." -> initie un programme immobilier totalisant 35 logements LLS dans le secteur social.
A130: A ce titre, conformément à l'article 244 quater X du code général des impôts, la SODEGIS certifie qu'à l'occasion de la réalisation du programme de logements sociaux précité, n'a perçu ou ne recevra, directement ou indirectement, aucune rémunération, aucune remise, rabais ou ristourne de la part de ses fournisseurs et prestataires. Et que par ailleurs, ellle ne percevra aucune commission ou aucun frais autres que ceux figurant dans le dossier de demande d'agrément ne seront versés.
A137: Je reconnais par ailleurs être informé de ce que la présente attestation sera produite au Ministère du Budget, des Comptes Publics et de la Fonction Public dans le cadre de l'instruction de la demande d'éligibilité dudit investissement au dispositif fiscal visé à l'article 244 quater X du CGI.
E143: Au Tampon Le | F143: =TODAY() -> 43403
E145: Le Directeur Général
E151: =directeur_g -> Patrick CORRE
A173: ="Objet : Opération "&nom -> Objet : Opération
A176: ="Je soussigné, Monsieur " & directeur_g & "," -> Je soussigné, Monsieur Patrick CORRE,
A178: Agissant en qualité de Directeur Général de la Société SODEGIS, Société d'Economie Mixte au capital de 9 014 400 € dont le siège social est situé à 7 rue Jean Couturier CS 40030, 97 831 LE TAMPON CEDEX, immatriculée au Registre du Commerce et des Sociétés de Saint-Pierre sous le numéro 380 177 170, rappelle que dans le cadre de l'article précité, la SODEGIS
A182: ="initie un programme immobilier totalisant " & nombreLLTS &" logements LLTS dans le secteur social." -> initie un programme immobilier totalisant 35 logements LLTS dans le secteur social.
A184: A ce titre, conformément à l'article 244 quater X du code général des impôts, la SODEGIS certifie qu'à l'occasion de la réalisation du programme de logements sociaux précité, n'a perçu ou ne recevra, directement ou indirectement, aucune rémunération, aucune remise, rabais ou ristourne de la part de ses fournisseurs et prestataires. Et que par ailleurs, ellle ne percevra aucune commission ou aucun frais autres que ceux figurant dans le dossier de demande d'agrément ne seront versés.
A191: Je reconnais par ailleurs être informé de ce que la présente attestation sera produite au Ministère du Budget, des Comptes Publics et de la Fonction Public dans le cadre de l'instruction de la demande d'éligibilité dudit investissement au dispositif fiscal visé à l'article 244 quater X du CGI.
E196: Au Tampon Le | F196: =TODAY() -> 43403
E198: Le Directeur Général
E202: =directeur_g -> Patrick CORRE

Sheet 7
A20: 7 OLS | H20: 7 Le Promoteur
A21: a. dossier unique | H21: Statuts enregistrés
A22: b. engagement sur location | H22: Extrait K-bis
A23: c. engagement article R 372-5
A61: a. dossier unique
A63: Les pièces suivantes:
A65: a) Extrait K-bis,
A66: b) Statuts,
A67: c) résultats déclarés au cours des trois derniers exercices
A68: d) attestations fiscales et sociales
A69: e) Comptes de résultats prévisionnels
A71: ont déjà été transmises à vos services en date du …………………….. ( voir bordereau d'envoi ci-joint).
A116: ="Opération " &nom -> Opération
A120: Je soussigné, M. Patrick CORRE,
A124: Agissant en qualité de Directeur Général de la Société SODEGIS, m’engage à déposer les comptes annuels auprès du greffe du Tribunal de Commerce dès la clôture de l’exercice 2016, et ce sur toute la période de portage de l’opération.
A132: Pour faire valoir ce que de droit.
A134: Le Tampon | B134: Le | C134: =TODAY() -> 43403
A137: Pour la SODEGIS
A138: Le Directeur Général
A143: =directeur_g -> Patrick CORRE
A161: ENGAGEMENT SUR LA LOCATION
A166: ="Opération " &nom -> Opération
A169: ="Je soussigné, M." & directeur_g & "," -> Je soussigné, M.Patrick CORRE,
A172: Agissant en qualité de Directeur Général de la Société SODEGIS, société d'économie
A173: mixte au capital de 9 014 400 €, dont le siège social est situé à 7, rue Jean Couturier
A174: CS 40030 97 831 LE TAMPON CEDEX, immatriculée au RCS de Saint-Pierre sous
A175: le numéro 380 177 170, rappelle que dans le cadre de l'article précité, la SODEGIS initie
A176: =" un programme immobilier totalisant " & nombreLLS & " logements LLS dans le secteur social. " -> un programme immobilier totalisant 35 logements LLS dans le secteur social.
A179: A ce titre, conformément à l'article 244 quater X du CGI, la SODEGIS prend l’engagement de donner en location nue ou meublée les logements ci-dessous rappelés, au minimum pendant 5 ans à compter de leur date d’achèvement, à des personnes qui en feront leur habitation principale et dont les ressources n’excédent pas les plafonds fixés par décret à la date de la signature des baux, conformément à l’article précité.
A186: Je reconnais par ailleurs être informé de ce que la présente attestation sera produite au Ministère du Budget, des Comptes Publics et de la Fonction Publique dans le cadre de l’instruction de la demande d’éligibilité dudit investissement au dispositif fiscal visé à l’article 244 quater X du CGI.
A193: Le Tampon | B193: Le | C193: =TODAY() -> 43403
A196: Pour la SODEGIS
A197: Le Directeur Général
A202: =directeur_g -> Patrick CORRE
A211: ENGAGEMENTS DE L'ARTICLE R372-5 CCH
A215: ="Opération " &nom -> Opération
A218: ="Je soussigné, M." & directeur_g & "," -> Je soussigné, M.Patrick CORRE,
A221: Agissant en qualité de Directeur Général de la Société SODEGIS, société d'économie
A222: mixte au capital de 9 014 400 €, dont le siège social est situé à 7, rue Jean Couturier
A223: CS 40030 97 831 LE TAMPON CEDEX, immatriculée au RCS de Saint-Pierre sous
A224: le numéro 380 177 170, rappelle que dans le cadre de l'article précité, la SODEGIS initie
A225: =" un programme immobilier totalisant " & nombreLLS & " logements LLS dans le secteur social. " -> un programme immobilier totalisant 35 logements LLS dans le secteur social.
A228: A ce titre, conformément à l’article 2-1 de l’arrêté du 20/02/1996 relatif aux prêts aidés de l’Etat et aux subventions de l’Etat aux organismes réalisant des logements locatifs sociaux et très sociaux (article R. 372-5 du Code de la construction et de l’habitation), la SODEGIS s’engage à ce que, pendant une durée minimale de quinze ans, les logements ne soient :
A234: 1. Ni transformés en locaux commerciaux ou professionnels ;
A236: 2. Ni affectés à la location en meublé, à l'exception des logements-foyers définis à l'article R. 372-1, ni affectés à la location saisonnière ;
A239: 3. Ni utilisés comme résidence secondaire ;
A241: 4. Ni occupés à titre d'accessoire d'un contrat de travail ou en raison de l'exercice d'une fonction ;
A244: 5. Ni détruits sans qu'il soit procédé à leur reconstruction dans un délai de quatre ans à compter du sinistre.
A247: Je reconnais par ailleurs être informé de ce que la présente attestation sera produite au Ministère du Budget, des Comptes Publics et de la Fonction Publique dans le cadre de l’instruction de la demande d’éligibilité dudit investissement au dispositif fiscal visé à l'article 244 quater X du CGI.
A253: Le Tampon | B253: Le | C253: =TODAY() -> 43403
A256: Pour la SODEGIS
A257: Le Directeur Général
A263: =directeur_g -> Patrick CORRE
A270: ENGAGEMENT SUR LA LOCATION
A273: ="Opération " &nom -> Opération
A275: ="Je soussigné, M." & directeur_g & "," -> Je soussigné, M.Patrick CORRE,
A278: Agissant en qualité de Directeur Général de la Société SODEGIS, société d'économie
A279: mixte au capital de 9 014 400 €, dont le siège social est situé à 7, rue Jean Couturier
A280: CS 40030 97 831 LE TAMPON CEDEX, immatriculée au RCS de Saint-Pierre sous
A281: le numéro 380 177 170, rappelle que dans le cadre de l'article précité, la SODEGIS initie
A282: =" un programme immobilier totalisant " & nombreLLTS & " logements LLTS dans le secteur social. " -> un programme immobilier totalisant 35 logements LLTS dans le secteur social.
A286: A ce titre, conformément aux articles 199 undecies C et 244 quater X du CGI, la SODEGIS prend l’engagement de donner en location nue ou meublée les logements ci-dessous rappelés, au minimum pendant 5 ans à compter de leur date d’achèvement, à des personnes qui en feront leur habitation principale et dont les ressources n’excédent pas les plafonds fixés par décret à la date de la signature des baux, conformément à l’article précité.
A293: Je reconnais par ailleurs être informé de ce que la présente attestation sera produite au Ministère du Budget, des Comptes Publics et de la Fonction Publique dans le cadre de l’instruction de la demande d’éligibilité dudit investissement au dispositif fiscal visé à l'article 244 quater X du CGI.
A299: Le Tampon | B299: Le | C299: =TODAY() -> 43403
A302: Pour la SODEGIS
A303: Le Directeur Général
A310: =directeur_g -> Patrick CORRE
A322: ENGAGEMENTS DE L'ARTICLE R372-5 CCH
A324: ="Opération " &nom -> Opération
A326: ="Je soussigné, M." & directeur_g & "," -> Je soussigné, M.Patrick CORRE,
A328: Agissant en qualité de Directeur Général de la Société SODEGIS, société d'économie
A329: mixte au capital de 9 014 400 €, dont le siège social est situé à 7, rue Jean Couturier
A330: 97 430 LE TAMPON, immatriculée au Registre du Commerce et des Sociétés
A331: de Saint-Pierre sous le numéro 380 177 170, rappelle que dans le cadre de l'article
A332: ="précité, la SODEGIS initie un programme immobilier totalisant " & nombreLLTS & " logements LLTS " -> précité, la SODEGIS initie un programme immobilier totalisant 35 logements LLTS
A333: dans le secteur social.
A335: A ce titre, conformément à l’article 2-1 de l’arrêté du 20/02/1996 relatif aux prêts aidés de l’Etat et aux subventions de l’Etat aux organismes réalisant des logements locatifs sociaux et très sociaux (article R. 372-5 du Code de la construction et de l’habitation), la SODEGIS s’engage à ce que, pendant une durée minimale de quinze ans, les logements ne soient :
A341: 1. Ni transformés en locaux commerciaux ou professionnels ;
A343: 2. Ni affectés à la location en meublé, à l'exception des logements-foyers définis à l'article R. 372-1, ni affectés à la location saisonnière ;
A346: 3. Ni utilisés comme résidence secondaire ;
A348: 4. Ni occupés à titre d'accessoire d'un contrat de travail ou en raison de l'exercice d'une fonction ;
A351: 5. Ni détruits sans qu'il soit procédé à leur reconstruction dans un délai de quatre ans à compter du sinistre.
A354: Je reconnais par ailleurs être informé de ce que la présente attestation sera produite au Ministère du Budget, des Comptes Publics et de la Fonction Publique dans le cadre de l’instruction de la demande d’éligibilité dudit investissement au dispositif fiscal visé aux à l'article 244 quater X du CGI.
A360: Le Tampon | B360: Le | C360: =TODAY() -> 43403
A362: Pour la SODEGIS
A363: Le Directeur Général
A368: =directeur_g -> Patrick CORRE

Sheet 8
A24: 8 Engagement des bénéficiaires directs et indirects de l'aide que puissent être vérifiées sur place les modalités de réalisation des investissements
A62: ="Objet : Opération "&nom&"" -> Objet : Opération
A65: ="Je soussigné, Monsieur " & directeur_g & "," -> Je soussigné, Monsieur Patrick CORRE,
A67: Agissant en qualité de Directeur Général de la Société SODEGIS, société d'économie
A68: mixte au capital de 9 014 400 €, dont le siège social est situé à 7, rue Jean Couturier
A69: CS 40030 97 831 LE TAMPON CEDEX, immatriculée au RCS de Saint-Pierre sous
A70: le numéro 380 177 170, rappelle que dans le cadre de l'article précité, la SODEGIS initie
A71: =" un programme immobilier totalisant " & nombreLLS & " logements LLS dans le secteur social. " -> un programme immobilier totalisant 35 logements LLS dans le secteur social.
A73: ="A ce titre, la SODEGIS s'engage à ce que puisse être vérifiées sur place les modalités de réalisation du programme de logements en secteur social dénommé "&nom&" " -> A ce titre, la SODEGIS s'engage à ce que puisse être vérifiées sur place les modalités de réalisation du programme de logements en secteur social dénommé
E79: Au Tampon | F79: =TODAY() -> 43403
E81: Pour la SODEGIS
E82: Le Directeur Général
E87: =directeur_g -> Patrick CORRE
A118: ="Objet : Opération "&nom&"" -> Objet : Opération
A121: ="Je soussigné, Monsieur " & directeur_g & "," -> Je soussigné, Monsieur Patrick CORRE,
A123: Agissant en qualité de Directeur Général de la Société SODEGIS, société d'économie
A124: mixte au capital de 9 014 400 €, dont le siège social est situé à 7, rue Jean Couturier
A125: CS 40030 97 831 LE TAMPON CEDEX, immatriculée au RCS de Saint-Pierre sous
A126: le numéro 380 177 170, rappelle que dans le cadre de l'article précité, la SODEGIS initie
A127: =" un programme immobilier totalisant " & nombreLLTS & " logements LLTS dans le secteur social. " -> un programme immobilier totalisant 35 logements LLTS dans le secteur social.
A129: ="A ce titre, la SODEGIS s'engage à ce que puisse être vérifiées sur place les modalités de réalisation du programme de logements en secteur social dénommé "&nom&" " -> A ce titre, la SODEGIS s'engage à ce que puisse être vérifiées sur place les modalités de réalisation du programme de logements en secteur social dénommé
E135: Au Tampon | F135: =TODAY() -> 43403
E137: Pour la SODEGIS
E138: Le Directeur Général
E143: =directeur_g -> Patrick CORRE

Sheet 9
A23: ="- Note motivée de l'OLS en cas de dépassement du prix de revient de référence (2 150 € TTC / m² SF en VEFA promoteur et 1 950 € TTC / m² SF en VEFA opérateur) -" -> - Note motivée de l'OLS en cas de dépassement du prix de revient de référence (2 150 € TTC / m² SF en VEFA promoteur et 1 950 € TTC / m² SF en VEFA opérateur) -
O24: ="- Attestation de non commencement des travaux ou autorisation de démarrage anticipé accompagnée de la DOC -" -> - Attestation de non commencement des travaux ou autorisation de démarrage anticipé accompagnée de la DOC -
H25: =" - Convention PLS ou PSLA le cas échéant - " -> - Convention PLS ou PSLA le cas échéant - | U25: ="- Tableau précisant le contingent préfectoral -" -> - Tableau précisant le contingent préfectoral - | AC25: ="- Attestation loi sur l'eau -" -> - Attestation loi sur l'eau -
U57: CONTINGENT PREFECTORAL
H59: CONVENTION PLS ou PSLA | Y59: version 2.00
H61: Sans objet. | U61: MAÎTRE D'OUVRAGE : | W61: SODEGIS
A62: NOTE JUSTIFICATIVE DE DEPASSEMENT DU PRIX DE REVIENT DE REFERENCE | U62: N° d'IDENTIFICATION : | AC62: ATTESTATION SUR LA SITUATION DU PROJET AU REGARD DES OBLIGATIONS LIEES A LA LOI SUR L’EAU
U63: OPÉRATION : | W63: =nom -> 0
V64: ADRESSE : | W64: =adresse_LLS -> 0
A65: ="Objet : Opération "&nom -> Objet : Opération | V65: COMMUNE : | W65: =Commune_LLS -> 0 | AC65: Objet : Opération | AE65: =nom -> 0
O66: OPERATION : | P66: =nom -> 0 | R66: TYPE DE FINANCEMENT : | T66: LLS | U66: N° de cette TRANCHE : | W66: 1
A67: ="Le prix de revient total est arrêté à "&TEXT(PRP_TTC_LLS,"0 000,00")&" € TTC, soit un prix moyen au m2 de surface finançable de "&ROUND(PRP_TTC_LLS/SF_LLS,0)&" € TTC." -> Le prix de revient total est arrêté à 204 608,84 € TTC, soit un prix moyen au m2 de surface finançable de 78 € TTC.
O68: NOMBRE DE LOGEMENT : | R68: =nombreLLS -> 35 | U68: 0.3 | AC68: =" Je soussigné, Monsieur " & directeur_g & "," -> Je soussigné, Monsieur Patrick CORRE,
W69: TOTAL de cette TRANCHE | X69: CONTINGENT PREFECTORAL
O70: ADRESSE : | P70: =adresse_LLS -> 0 | AC70: Agissant en qualité de Directeur Général de la Société SODEGIS, société d'économie
A71: Le prix de revient est supérieur au prix de revient de référence de fait des contraintes suivantes : | AC71: mixte au capital de 9 014 400 €, dont le siège social est situé à 7, rue Jean Couturier
V72: I | X72: =W72*U68 -> 0 | Y72: =X72+($Y$87-$X$87)*(X72=MAX($X$72:$X$86)) -> #REF! | AC72: CS 40030 97 831 LE TAMPON CEDEX, immatriculée au RCS de Saint-Pierre sous
A73: =" - logements individuels éparses impliquant une densité faible ( de l'ordre de 3 logements / ha) et des travaux coûteux : linéaire de façades important, toitures, ..." -> - logements individuels éparses impliquant une densité faible ( de l'ordre de 3 logements / ha) et des travaux coûteux : linéaire de façades important, toitures, ... | V73: I bis | W73: =T1_LLS -> #REF! | X73: =W73*$U$68 -> #REF! | Y73: =X73+($Y$87-$X$87)*(X73=MAX($W$72:$W$86)) -> #REF! | AC73: le numéro 380 177 170, rappelle que dans le cadre de l'article précité, la SODEGIS initie
O74: MAITRE D'OUVRAGE : | Q74: SODEGIS | V74: II | X74: =W74*$U$68 -> 0 | Y74: =X74+($Y$87-$X$87)*(X74=MAX($X$72:$X$86)) -> #REF! | AC74: =" un programme immobilier totalisant " & nombreLLS & " logements LLS dans le secteur social. " -> un programme immobilier totalisant 35 logements LLS dans le secteur social.
A75: =" - absence de réseau d'assainissement collectif à proximité du terrain nécessitant la réalisationd'un assainissement autonome, " -> - absence de réseau d'assainissement collectif à proximité du terrain nécessitant la réalisationd'un assainissement autonome, | V75: II + v | W75: =T2_LLS -> #REF! | X75: =W75*$U$68 -> #REF! | Y75: =X75+($Y$87-$X$87)*(X75=MAX($X$72:$X$86)) -> #REF!
O76: ATTESTATION DE NON COMMENCEMENT DE TRAVAUX | V76: III | X76: =W76*$U$68 -> 0 | Y76: =X76+($Y$87-$X$87)*(X76=MAX($X$72:$X$86)) -> #REF!
A77: =" - altitude + 600m imposant une isolation complète du logement (isolation murs et toiture, bardage, volets,…)." -> - altitude + 600m imposant une isolation complète du logement (isolation murs et toiture, bardage, volets,…). | V77: III + v | W77: =T3_LLS -> #REF! | X77: =W77*$U$68 -> #REF! | Y77: =X77+($Y$87-$X$87)*(X77=MAX($X$72:$X$86)) -> #REF! | AC77: Certifie par la présente que, suivant les dispositions du décret 93-743 du 29 mars 1993 relatif à la nomenclature des opérations soumises à autorisation ou à déclaration en application de l’article 10 de la loi n°92-3 du 3 janvier 1992 sur l’eau, modifié par le Décret n°2006-881 du 17 juillet 2006 et codifiées aux articles R214-1 du Code de l’Environnement, le présent projet :
V78: IV | X78: =W78*$U$68 -> 0 | Y78: =X78+($Y$87-$X$87)*(X78=MAX($X$72:$X$86)) -> #REF!
V79: IV + v | W79: =T4_LLS -> #REF! | X79: =W79*$U$68 -> #REF! | Y79: =X79+($Y$87-$X$87)*(X79=MAX($X$72:$X$86)) -> #REF!
O80: ="Je soussigné, " & directeur_g & " Directeur Général de la SODEGIS, certifie que les logements " -> Je soussigné, Patrick CORRE Directeur Général de la SODEGIS, certifie que les logements | V80: V | X80: =W80*$U$68 -> 0 | Y80: =X80+($Y$87-$X$87)*(X80=MAX($X$72:$X$86)) -> #REF!
E81: Au Tampon | F81: =TODAY() -> 43403 | O81: ="de l'opération susvisée n'ont fait, à la date du " -> de l'opération susvisée n'ont fait, à la date du | R81: =TODAY() -> 43403 | S81: , l'objet d'aucun commencement | V81: V + v | W81: =T5_LLS -> #REF! | X81: =W81*$U$68 -> #REF! | Y81: =X81+($Y$87-$X$87)*(X81=MAX($X$72:$X$86)) -> #REF!
O82: ="commencement de travaux et que ceux-ci ne débuteront qu'après l'obtention de la décision favorable de financement du représentant de l'Etat, en application de l'article R 372-6 (alinéa 2) du Code de la Construction et de l'Habitation." -> commencement de travaux et que ceux-ci ne débuteront qu'après l'obtention de la décision favorable de financement du représentant de l'Etat, en application de l'article R 372-6 (alinéa 2) du Code de la Construction et de l'Habitation. | V82: VI | X82: =W82*$U$68 -> 0 | Y82: =X82+($Y$87-$X$87)*(X82=MAX($X$72:$X$86)) -> #REF!
E83: Le Directeur Général | V83: VI + v | X83: =W83*$U$68 -> 0 | Y83: =X83+($Y$87-$X$87)*(X83=MAX($X$72:$X$86)) -> #REF! | AD83: n’est pas soumis à autorisation ou déclaration en application des articles L. 214-1 à L. 214-3 du code de l'environnement
V84: VII | X84: =W84*$U$68 -> 0 | Y84: =X84+($Y$87-$X$87)*(X84=MAX($X$72:$X$86)) -> #REF!
V85: VII + v | X85: =W85*$U$68 -> 0 | Y85: =X85+($Y$87-$X$87)*(X85=MAX($X$72:$X$86)) -> #REF! | AD85: est soumis à déclaration en application des articles L. 214-1 à L. 214-3 du code de l'environnement
V86: VIII | X86: =W86*$U$68 -> 0 | Y86: =X86+($Y$87-$X$87)*(X86=MAX($X$72:$X$86)) -> #REF!
O87: Attestation établie pour servir et valoir ce que de droit. | U87: TOTAL | W87: =SUM(W72:W86) -> #REF! | X87: =SUM(X72:X86) -> #REF! | Y87: =W87*U68 -> #REF! | AD87: est soumis à autorisation en application des articles L. 214-1 à L. 214-3 du code de l'environnement
E89: =directeur_g -> Patrick CORRE
R90: Au Tampon | S90: =TODAY() -> 43403 | AC90: Dans le cas où le projet est soumis à autorisation ou déclaration, je certifie que le stade d’avancement de la procédure est le suivant :
R92: Le Directeur Général
AD93: dossier de déclaration déposé
AD95: dossier d’autorisation déposé
AD97: retour du récépissé de déclaration
R99: =directeur_g -> Patrick CORRE | AD99: accord du Préfet | AH99: Au Tampon | AI99: =TODAY() -> 43403
AG101: Le Directeur Général
AG105: =directeur_g -> Patrick CORRE
U107: CONTINGENT PREFECTORAL
Y109: version 2.00
AC110: ATTESTATION SUR LA SITUATION DU PROJET AU REGARD DES OBLIGATIONS LIEES A LA LOI SUR L’EAU
U111: MAÎTRE D'OUVRAGE : | W111: SODEGIS
U112: N° d'IDENTIFICATION :
U113: OPÉRATION : | W113: =nom -> 0 | AC113: Objet : Opération | AE113: =nom -> 0
A114: NOTE JUSTIFICATIVE DE DEPASSEMENT DU PRIX DE REVIENT DE REFERENCE | V114: ADRESSE : | W114: =adresse_LLS -> 0
V115: COMMUNE : | W115: =Commune_LLTS -> 0 | AC115: =" Je soussigné, Monsieur " & directeur_g & "," -> Je soussigné, Monsieur Patrick CORRE,
O116: OPERATION : | P116: =nom -> 0 | R116: TYPE DE FINANCEMENT : | T116: LLTS | U116: N° de cette TRANCHE : | W116: 1
A117: ="Objet : Opération "&nom -> Objet : Opération | AC117: Agissant en qualité de Directeur Général de la Société SODEGIS, société d'économie
O118: NOMBRE DE LOGEMENT : | R118: =nombreLLTS -> 35 | U118: 0.3 | AC118: mixte au capital de 9 014 400 €, dont le siège social est situé à 7, rue Jean Couturier
A119: ="Le prix de revient total est arrêté à "&TEXT(PRP_TTC_LLTS,"0 000,00")&" € TTC, soit un prix moyen au m2 de surface finançable de "&ROUND(PRP_TTC_LLTS/SF_LLTS,0)&" € TTC." -> Le prix de revient total est arrêté à 204 608,84 € TTC, soit un prix moyen au m2 de surface finançable de 78 € TTC. | W119: TOTAL de cette TRANCHE | X119: CONTINGENT PREFECTORAL | AC119: CS 40030 97 831 LE TAMPON CEDEX, immatriculée au RCS de Saint-Pierre sous
O120: ADRESSE : | P120: =adresse_LLTS -> 0 | AC120: le numéro 380 177 170, rappelle que dans le cadre de l'article précité, la SODEGIS initie
AC121: =" un programme immobilier totalisant " & nombreLLTS & " logements LLTS dans le secteur social. " -> un programme immobilier totalisant 35 logements LLTS dans le secteur social.
A122: Le prix de revient est supérieur au prix de revient de référence de fait des contraintes suivantes : | V122: I | X122: =W122*$U$118 -> 0 | Y122: =X122+($Y$137-$X$137)*(X122=MAX($X$122:$X$136)) -> #REF!
V123: I bis | W123: =T1_LLTS -> #REF! | X123: =W123*$U$118 -> #REF! | Y123: =X123+($Y$137-$X$137)*(X123=MAX($X$122:$X$136)) -> #REF! | AC123: Certifie par la présente que, suivant les dispositions du décret 93-743 du 29 mars 1993 relatif à la nomenclature des opérations soumises à autorisation ou à déclaration en application de l’article 10 de la loi n°92-3 du 3 janvier 1992 sur l’eau, modifié par le Décret n°2006-881 du 17 juillet 2006 et codifiées aux articles R214-1 du Code de l’Environnement, le présent projet :
A124: =" - logements individuels éparses impliquant une densité faible ( de l'ordre de 3 logements / ha) et des travaux coûteux : linéaire de façades important, toitures, ..." -> - logements individuels éparses impliquant une densité faible ( de l'ordre de 3 logements / ha) et des travaux coûteux : linéaire de façades important, toitures, ... | O124: MAITRE D'OUVRAGE : | Q124: SODEGIS | V124: II | X124: =W124*$U$118 -> 0 | Y124: =X124+($Y$137-$X$137)*(X124=MAX($X$122:$X$136)) -> #REF!
V125: II + v | W125: =T2_LLTS -> #REF! | X125: =W125*$U$118 -> #REF! | Y125: =X125+($Y$137-$X$137)*(X125=MAX($X$122:$X$136)) -> #REF!
A126: =" - absence de réseau d'assainissement collectif à proximité du terrain nécessitant la réalisationd'un assainissement autonome, " -> - absence de réseau d'assainissement collectif à proximité du terrain nécessitant la réalisationd'un assainissement autonome, | O126: ATTESTATION DE NON COMMENCEMENT DE TRAVAUX | V126: III | X126: =W126*$U$118 -> 0 | Y126: =X126+($Y$137-$X$137)*(X126=MAX($X$122:$X$136)) -> #REF!
V127: III + v | W127: =T3_LLTS -> #REF! | X127: =W127*$U$118 -> #REF! | Y127: =X127+($Y$137-$X$137)*(X127=MAX($X$122:$X$136)) -> #REF!
A128: =" - altitude + 600m imposant une isolation complète du logement (isolation murs et toiture, bardage, volets,…)." -> - altitude + 600m imposant une isolation complète du logement (isolation murs et toiture, bardage, volets,…). | V128: IV | X128: =W128*$U$118 -> 0 | Y128: =X128+($Y$137-$X$137)*(X128=MAX($X$122:$X$136)) -> #REF!
V129: IV + v | W129: =T4_LLTS -> #REF! | X129: =W129*$U$118 -> #REF! | Y129: =X129+($Y$137-$X$137)*(X129=MAX($X$122:$X$136)) -> #REF! | AD129: n’est pas soumis à autorisation ou déclaration en application des articles L. 214-1 à L. 214-3 du code de l'environnement
O130: =" Je soussigné, " & directeur_g & " Directeur Général de la SODEGIS, certifie que les logements " -> Je soussigné, Patrick CORRE Directeur Général de la SODEGIS, certifie que les logements | V130: V | X130: =W130*$U$118 -> 0 | Y130: =X130+($Y$137-$X$137)*(X130=MAX($X$122:$X$136)) -> #REF!
O131: ="de l'opération susvisée n'ont fait, à la date du " -> de l'opération susvisée n'ont fait, à la date du | R131: =TODAY() -> 43403 | S131: , l'objet d'aucun commencement | V131: V + v | W131: =T5_LLTS -> #REF! | X131: =W131*$U$118 -> #REF! | Y131: =X131+($Y$137-$X$137)*(X131=MAX($X$122:$X$136)) -> #REF! | AD131: est soumis à autorisation en application des articles L. 214-1 à L. 214-3 du code de l'environnement
E132: Au Tampon | F132: =TODAY() -> 43403 | O132: ="commencement de travaux et que ceux-ci ne débuteront qu'après l'obtention de la décision favorable de financement du représentant de l'Etat, en application de l'article R 372-6 (alinéa 2) du Code de la Construction et de l'Habitation." -> commencement de travaux et que ceux-ci ne débuteront qu'après l'obtention de la décision favorable de financement du représentant de l'Etat, en application de l'article R 372-6 (alinéa 2) du Code de la Construction et de l'Habitation. | V132: VI | X132: =W132*$U$118 -> 0 | Y132: =X132+($Y$137-$X$137)*(X132=MAX($X$122:$X$136)) -> #REF!
V133: VI + v | X133: =W133*$U$118 -> 0 | Y133: =X133+($Y$137-$X$137)*(X133=MAX($X$122:$X$136)) -> #REF! | AD133: est soumis à déclaration en application des articles L. 214-1 à L. 214-3 du code de l'environnement
E134: Le Directeur Général | V134: VII | X134: =W134*$U$118 -> 0 | Y134: =X134+($Y$137-$X$137)*(X134=MAX($X$122:$X$136)) -> #REF!
V135: VII + v | X135: =W135*$U$118 -> 0 | Y135: =X135+($Y$137-$X$137)*(X135=MAX($X$122:$X$136)) -> #REF! | AC135: Dans le cas où le projet est soumis à autorisation ou déclaration, je certifie que le stade d’avancement de la procédure est le suivant :
V136: VIII | X136: =W136*$U$118 -> 0 | Y136: =X136+($Y$137-$X$137)*(X136=MAX($X$122:$X$136)) -> #REF!
O137: Attestation établie pour servir et valoir ce que de droit. | U137: TOTAL | W137: =SUM(W122:W136) -> #REF! | X137: =SUM(X122:X136) -> #REF! | Y137: =W137*U118 -> #REF! | AD137: dossier de déclaration déposé
AD139: dossier d’autorisation déposé
E140: =directeur_g -> Patrick CORRE | R140: Au Tampon | S140: =TODAY() -> 43403
AD141: retour du récépissé de déclaration
R142: Le Directeur Général
AD143: accord du Préfet
AH144: Au Tampon | AI144: =TODAY() -> 43403
AG146: Le Directeur Général
R148: =directeur_g -> Patrick CORRE
AG150: =directeur_g -> Patrick CORRE

Sheet PRZA 
A1: LAVOIR - LA FONTAINE | F1: =nom -> 0 | G1: PRZA | I1: Budget prévisionnel à terminaison | Q1: Affectation | R1: LLS | S1: TVA prorata | U1: Affectation | V1: LLTS | W1: TVA prorata | Y1: Cession | Z1: AS | AA1: TVAS | AC1: Cession | AD1: VE | AE1: TVAN
F2: Nbre | G2: =R2+V2+Z2+AD2 -> 70 | K2: TVAO | L2: =0% -> 0 | Q2: Nbre | R2: ='Prgr. 2018'!NbreLLS -> 35 | U2: Nbre | V2: ='Prgr. 2018'!NbreLLTS -> 35 | Y2: Nbre | AC2: Nbre | AH2: Engagements | AK2: Droits constatés | AP2: Reste | AQ2: Reste
F3: SHON | G3: =R3+V3+Z3+AD3 -> 5247 | Q3: SP | R3: ='Prgr. 2018'!SF.LLS -> 2623.5 | U3: SP | V3: ='Prgr. 2018'!SF.LLTS -> 2623.5 | Y3: SP | AA3: S du lot | AC3: SHF
I5: F ou euro | J5: Francs | K5: TVAS | L5: 0.021 | M5: =1/1.021 -> 0.97943193 | V5: =780000/G3*V3 -> 390000 | W5: =780000-V5 -> 390000 | AH5: au | AK5: Situation au | AP5: à engager | AQ5: à réaliser
A6: CPT GNRL | C6: CPT | E6: Postes | F6: Etabli le: | G6: 42024 | H6: Fournisseur | I6: 0.15 | J6: =100000/655957 -> 0.15244902 | K6: TVAN | L6: 0.085 | M6: =1/1.085 -> 0.92165899 | N6: Ratios
C7: PDG | D7: PDP | E7: Lots | F7: Actualisé: | G7: 42024 | H7: NBL | I7: Cumul HT | K7: code | L7: TVA | M7: Cumul TTC | N7: m2/SHFUT | O7: équiv/log. | Q7: Cumul HT | R7: TVA | S7: Cumul TTC | U7: Cumul HT | V7: TVA | W7: Cumul TTC | Y7: Cumul HT | Z7: TVA | AA7: Cumul TTC | AC7: Cumul HT | AD7: TVA | AE7: Cumul TTC | AF7: Cr | AH7: Cumul HT | AK7: Cumul HT | AM7: TVA | AN7: Cumul TTC | AP7: HT | AQ7: HT
A8: 33 2 | B8: A1 | C8: 190 | F8: Terrain | I8: =I9+I13+I16+I20+I23+I26 -> 0 | L8: =L9+L13+L16+L20+L23+L26 -> 0 | M8: =M9+M13+M16+M20+M23+M26 -> 0 | N8: =N9+N13+N16+N20+N23+N26 -> 0 | O8: =O9+O13+O16+O20+O23+O26 -> 0 | Q8: =Q9+Q13+Q16+Q20+Q23+Q26 -> 0 | R8: =R9+R13+R16+R20+R23+R26 -> 0 | S8: =S9+S13+S16+S20+S23+S26 -> 0 | U8: =U9+U13+U16+U20+U23+U26 -> 0 | V8: =V9+V13+V16+V20+V23+V26 -> 0 | W8: =W9+W13+W16+W20+W23+W26 -> 0 | Y8: =Y9+Y13+Y16+Y20+Y23+Y26 -> 0 | Z8: =Z9+Z13+Z16+Z20+Z23+Z26 -> 0 | AA8: =AA9+AA13+AA16+AA20+AA23+AA26 -> 0 | AC8: =AC9+AC13+AC16+AC20+AC23+AC26 -> 0 | AD8: =AD9+AD13+AD16+AD20+AD23+AD26 -> 0 | AE8: =AE9+AE13+AE16+AE20+AE23+AE26 -> 0 | AF8: =AF9+AF13+AF16+AF20+AF23+AF26 -> 0 | AH8: =AH9+AH13+AH16+AH20+AH23+AH26 -> 0 | AK8: =AK9+AK13+AK16+AK20+AK23+AK26 -> 0 | AM8: =AM9+AM13+AM16+AM20+AM23+AM26 -> 0 | AN8: =AN9+AN13+AN16+AN20+AN23+AN26 -> 0 | AP8: =AP9+AP13+AP16+AP20+AP23+AP26 -> 0 | AQ8: =AQ9+AQ13+AQ16+AQ20+AQ23+AQ26 -> 0
A9: 33210 | B9: A11 | C9: 190 | F9: Prix d'achat ou valeur d'apport | I9: =SUM(I10:I10) -> 0 | L9: =SUM(L10:L10) -> 0 | M9: =SUM(M10:M10) -> 0 | N9: =SUM(N10:N10) -> 0 | O9: =SUM(O10:O10) -> 0 | Q9: =SUM(Q10:Q10) -> 0 | R9: =SUM(R10:R10) -> 0 | S9: =SUM(S10:S10) -> 0 | U9: =SUM(U10:U10) -> 0 | V9: =SUM(V10:V10) -> 0 | W9: =SUM(W10:W10) -> 0 | Y9: =SUM(Y10:Y10) -> 0 | Z9: =SUM(Z10:Z10) -> 0 | AA9: =SUM(AA10:AA10) -> 0 | AC9: =SUM(AC10:AC10) -> 0 | AD9: =SUM(AD10:AD10) -> 0 | AE9: =SUM(AE10:AE10) -> 0 | AF9: =SUM(AF10:AF10) -> 0 | AH9: =SUM(AH10:AH10) -> 0 | AK9: =SUM(AK10:AK10) -> 0 | AM9: =SUM(AM10:AM10) -> 0 | AN9: =SUM(AN10:AN10) -> 0 | AP9: =SUM(AP10:AP10) -> 0 | AQ9: =SUM(AQ10:AQ10) -> 0
A10: 33210 | C10: 190 | D10: 111 | E10: 111 | F10: Prix d'achat - logement social | G10: (cession) | H10: Total | I10: ='FRAFU AVS + LESG'!M12 -> 0 | J10: 0 | K10: =TVAS -> 0.021 | L10: =I10*K10 -> 0 | M10: =I10+L10 -> 0 | N10: =I10/$G$3 -> 0 | O10: =I10/$G$2 -> 0 | Q10: =N10*$R$3 -> 0 | R10: =Q10*$K10 -> 0 | S10: =Q10+R10 -> 0 | U10: =$V$3*N10 -> 0 | V10: =U10*$K10 -> 0 | W10: =U10+V10 -> 0 | Y10: =$Z$3*I10 -> 0 | Z10: =Y10*$K10 -> 0 | AA10: =Y10+Z10 -> 0 | AC10: =AD3*722030.35/11003 -> 0 | AD10: =L10/G3*AD3 -> 0 | AE10: =AC10+AD10 -> 0 | AF10: =M10-(S10+W10+AA10+AE10) -> 0 | AH10: 0 | AI10: 0 | AL10: 0 | AM10: =AK10*$K10 -> 0 | AN10: =AK10+AM10 -> 0 | AP10: =I10-AH10 -> 0 | AQ10: =I10-AK10 -> 0
AF11: =M11-(S11+W11+AA11+AE11) -> 0
AF12: =M12-(S12+W12+AA12+AE12) -> 0
A13: 33220 | B13: A12 | C13: 190 | F13: Frais d'actes | I13: =SUM(I14:I15) -> 0 | L13: =SUM(L14:L15) -> 0 | M13: =SUM(M14:M15) -> 0 | N13: =SUM(N14:N15) -> 0 | O13: =SUM(O14:O15) -> 0 | Q13: =SUM(Q14:Q15) -> 0 | R13: =SUM(R14:R15) -> 0 | S13: =SUM(S14:S15) -> 0 | U13: =SUM(U14:U15) -> 0 | V13: =SUM(V14:V15) -> 0 | W13: =SUM(W14:W15) -> 0 | Y13: =SUM(Y14:Y15) -> 0 | Z13: =SUM(Z14:Z15) -> 0 | AA13: =SUM(AA14:AA15) -> 0 | AC13: =SUM(AC14:AC15) -> 0 | AD13: =SUM(AD14:AD15) -> 0 | AE13: =SUM(AE14:AE15) -> 0 | AF13: =SUM(AF14:AF15) -> 0 | AH13: =SUM(AH14:AH15) -> 0 | AK13: =SUM(AK14:AK15) -> 0 | AM13: =SUM(AM14:AM15) -> 0 | AN13: =SUM(AN14:AN15) -> 0 | AP13: =SUM(AP14:AP15) -> 0 | AQ13: =SUM(AQ14:AQ15) -> 0
A14: 33220 | C14: 190 | D14: 121 | E14: 121 | F14: Honoraires notaire | H14: 0.02 | I14: =H14*I10 -> 0 | K14: =TVAN -> 0.085 | L14: =I14*K14 -> 0 | M14: =I14+L14 -> 0 | N14: =I14/$G$3 -> 0 | O14: =I14/$G$2 -> 0 | Q14: =N14*$R$3 -> 0 | R14: =Q14*$K14 -> 0 | S14: =Q14+R14 -> 0 | U14: =$V$3*N14 -> 0 | V14: =U14*$K14 -> 0 | W14: =U14+V14 -> 0 | Y14: =$Z$3*I14 -> 0 | Z14: =Y14*$K14 -> 0 | AA14: =Y14+Z14 -> 0 | AC14: =$AD$3*N14 -> 0 | AD14: =AC14*$K14 -> 0 | AE14: =AC14+AD14 -> 0 | AF14: =M14-(S14+W14+AA14+AE14) -> 0 | AM14: =AK14*$K14 -> 0 | AN14: =AK14+AM14 -> 0 | AP14: =I14-AH14 -> 0 | AQ14: =I14-AK14 -> 0
A15: 33220 | C15: 190 | D15: 122 | E15: 122 | F15: Honoraires commercialisation et intermédiaires | I15: 0 | J15: 0 | K15: =TVAN -> 0.085 | L15: =I15*K15 -> 0 | M15: =I15+L15 -> 0 | N15: =I15/$G$3 -> 0 | O15: =I15/$G$2 -> 0 | Q15: =N15*$R$3 -> 0 | R15: =Q15*$K15 -> 0 | S15: =Q15+R15 -> 0 | U15: =$V$3*N15 -> 0 | V15: =U15*$K15 -> 0 | W15: =U15+V15 -> 0 | Y15: =$Z$3*I15 -> 0 | Z15: =Y15*$K15 -> 0 | AA15: =Y15+Z15 -> 0 | AC15: =$AD$3*N15 -> 0 | AD15: =AC15*$K15 -> 0 | AE15: =AC15+AD15 -> 0 | AF15: =M15-(S15+W15+AA15+AE15) -> 0 | AI15: 0 | AL15: 0 | AM15: =AK15*$K15 -> 0 | AN15: =AK15+AM15 -> 0 | AP15: =I15-AH15 -> 0 | AQ15: =I15-AK15 -> 0
A16: 33230 | B16: A13 | C16: 190 | D16: 130 | F16: Autres frais d'acquisition | I16: =SUM(I17:I19) -> 0 | L16: =SUM(L17:L19) -> 0 | M16: =SUM(M17:M19) -> 0 | N16: =SUM(N17:N19) -> 0 | O16: =SUM(O17:O19) -> 0 | Q16: =SUM(Q17:Q19) -> 0 | R16: =SUM(R17:R19) -> 0 | S16: =SUM(S17:S19) -> 0 | U16: =SUM(U17:U19) -> 0 | V16: =SUM(V17:V19) -> 0 | W16: =SUM(W17:W19) -> 0 | Y16: =SUM(Y17:Y19) -> 0 | Z16: =SUM(Z17:Z19) -> 0 | AA16: =SUM(AA17:AA19) -> 0 | AC16: =SUM(AC17:AC19) -> 0 | AD16: =SUM(AD17:AD19) -> 0 | AE16: =SUM(AE17:AE19) -> 0 | AF16: =SUM(AF17:AF19) -> 0 | AH16: =SUM(AH17:AH19) -> 0 | AK16: =SUM(AK17:AK19) -> 0 | AM16: =SUM(AM17:AM19) -> 0 | AN16: =SUM(AN17:AN19) -> 0 | AP16: =SUM(AP17:AP19) -> 0 | AQ16: =SUM(AQ17:AQ19) -> 0
A17: 33230 | C17: 190 | E17: 131 | F17: Indemnités d'éviction et diverses | J17: 0 | K17: =TVA0 -> 0 | L17: =I17*K17 -> 0 | M17: =I17+L17 -> 0 | N17: =I17/$G$3 -> 0 | O17: =I17/$G$2 -> 0 | Q17: =N17*$R$3 -> 0 | R17: =Q17*$K17 -> 0 | S17: =Q17+R17 -> 0 | U17: =$V$3*N17 -> 0 | V17: =U17*$K17 -> 0 | W17: =U17+V17 -> 0 | Y17: =$Z$3*I17 -> 0 | Z17: =Y17*$K17 -> 0 | AA17: =Y17+Z17 -> 0 | AC17: =$AD$3*N17 -> 0 | AD17: =AC17*$K17 -> 0 | AE17: =AC17+AD17 -> 0 | AF17: =M17-(S17+W17+AA17+AE17) -> 0 | AH17: 0 | AK17: 0 | AM17: =AK17*$K17 -> 0 | AN17: =AK17+AM17 -> 0 | AP17: =I17-AH17 -> 0 | AQ17: =I17-AK17 -> 0
A18: 33230 | C18: 190 | E18: 132 | F18: Frais de procèdure et enquêtes parcellaires | K18: =TVAN -> 0.085 | L18: =I18*K18 -> 0 | M18: =I18+L18 -> 0 | N18: =I18/$G$3 -> 0 | O18: =I18/$G$2 -> 0 | Q18: =N18*$R$3 -> 0 | R18: =Q18*$K18 -> 0 | S18: =Q18+R18 -> 0 | U18: =$V$3*N18 -> 0 | V18: =U18*$K18 -> 0 | W18: =U18+V18 -> 0 | Y18: =$Z$3*I18 -> 0 | Z18: =Y18*$K18 -> 0 | AA18: =Y18+Z18 -> 0 | AC18: =$AD$3*N18 -> 0 | AD18: =AC18*$K18 -> 0 | AE18: =AC18+AD18 -> 0 | AF18: =M18-(S18+W18+AA18+AE18) -> 0 | AH18: 0 | AI18: 0 | AK18: 0 | AL18: 0 | AM18: =AK18*$K18 -> 0 | AN18: =AK18+AM18 -> 0 | AP18: =I18-AH18 -> 0 | AQ18: =I18-AK18 -> 0
A19: 33230 | C19: 190 | E19: 138 | F19: Divers | K19: =TVAN -> 0.085 | L19: =I19*K19 -> 0 | M19: =I19+L19 -> 0 | N19: =I19/$G$3 -> 0 | O19: =I19/$G$2 -> 0 | Q19: =N19*$R$3 -> 0 | R19: =Q19*$K19 -> 0 | S19: =Q19+R19 -> 0 | U19: =$V$3*N19 -> 0 | V19: =U19*$K19 -> 0 | W19: =U19+V19 -> 0 | Y19: =$Z$3*I19 -> 0 | Z19: =Y19*$K19 -> 0 | AA19: =Y19+Z19 -> 0 | AC19: =$AD$3*N19 -> 0 | AD19: =AC19*$K19 -> 0 | AE19: =AC19+AD19 -> 0 | AF19: =M19-(S19+W19+AA19+AE19) -> 0 | AH19: 0 | AK19: 0 | AM19: =AK19*$K19 -> 0 | AN19: =AK19+AM19 -> 0 | AP19: =I19-AH19 -> 0 | AQ19: =I19-AK19 -> 0
A20: 33240 | B20: A14 | C20: 190 | F20: Autres frais sur terrain | I20: =SUM(I21:I22) -> 0 | L20: =SUM(L21:L22) -> 0 | M20: =SUM(M21:M22) -> 0 | N20: =SUM(N21:N22) -> 0 | O20: =SUM(O21:O22) -> 0 | Q20: =SUM(Q21:Q22) -> 0 | R20: =SUM(R21:R22) -> 0 | S20: =SUM(S21:S22) -> 0 | U20: =SUM(U21:U22) -> 0 | V20: =SUM(V21:V22) -> 0 | W20: =SUM(W21:W22) -> 0 | Y20: =SUM(Y21:Y22) -> 0 | Z20: =SUM(Z21:Z22) -> 0 | AA20: =SUM(AA21:AA22) -> 0 | AC20: =SUM(AC21:AC22) -> 0 | AD20: =SUM(AD21:AD22) -> 0 | AE20: =SUM(AE21:AE22) -> 0 | AF20: =SUM(AF21:AF22) -> 0 | AH20: =SUM(AH21:AH22) -> 0 | AK20: =SUM(AK21:AK22) -> 0 | AM20: =SUM(AM21:AM22) -> 0 | AN20: =SUM(AN21:AN22) -> 0 | AP20: =SUM(AP21:AP22) -> 0 | AQ20: =SUM(AQ21:AQ22) -> 0
A21: 33240 | C21: 190 | D21: 141 | E21: 141 | F21: Frais commercialisation | K21: =TVAN -> 0.085 | L21: =I21*K21 -> 0 | M21: =I21+L21 -> 0 | N21: =I21/$G$3 -> 0 | O21: =I21/$G$2 -> 0 | Q21: =N21*$R$3 -> 0 | R21: =Q21*$K21 -> 0 | S21: =Q21+R21 -> 0 | U21: =$V$3*N21 -> 0 | V21: =U21*$K21 -> 0 | W21: =U21+V21 -> 0 | Y21: =$Z$3*I21 -> 0 | Z21: =Y21*$K21 -> 0 | AA21: =Y21+Z21 -> 0 | AC21: =$AD$3*N21 -> 0 | AD21: =AC21*$K21 -> 0 | AE21: =AC21+AD21 -> 0 | AF21: =M21-(S21+W21+AA21+AE21) -> 0 | AM21: =AK21*$K21 -> 0 | AN21: =AK21+AM21 -> 0 | AP21: =I21-AH21 -> 0 | AQ21: =I21-AK21 -> 0
A22: 33240 | C22: 190 | D22: 142 | E22: 142 | F22: Géomètre (topo, bornage...) | J22: 0 | K22: =TVAN -> 0.085 | L22: =I22*K22 -> 0 | M22: =I22+L22 -> 0 | N22: =I22/$G$3 -> 0 | O22: =I22/$G$2 -> 0 | Q22: =N22*$R$3 -> 0 | R22: =Q22*$K22 -> 0 | S22: =Q22+R22 -> 0 | U22: =$V$3*N22 -> 0 | V22: =U22*$K22 -> 0 | W22: =U22+V22 -> 0 | Y22: =$Z$3*I22 -> 0 | Z22: =Y22*$K22 -> 0 | AA22: =Y22+Z22 -> 0 | AC22: =$AD$3*N22 -> 0 | AD22: =AC22*$K22 -> 0 | AE22: =AC22+AD22 -> 0 | AH22: 0 | AI22: 0 | AL22: 0 | AM22: =AK22*$K22 -> 0 | AN22: =AK22+AM22 -> 0 | AP22: =I22-AH22 -> 0 | AQ22: =I22-AK22 -> 0
A23: 33250 | B23: A15 | C23: 190 | F23: Taxes et redevances | I23: =SUM(I24:I24) -> 0 | L23: =SUM(L24:L24) -> 0 | M23: =SUM(M24:M24) -> 0 | N23: =SUM(N24:N24) -> 0 | O23: =SUM(O24:O24) -> 0 | Q23: =SUM(Q24:Q24) -> 0 | R23: =SUM(R24:R24) -> 0 | S23: =SUM(S24:S24) -> 0 | U23: =SUM(U24:U24) -> 0 | V23: =SUM(V24:V24) -> 0 | W23: =SUM(W24:W24) -> 0 | Y23: =SUM(Y24:Y24) -> 0 | Z23: =SUM(Z24:Z24) -> 0 | AA23: =SUM(AA24:AA24) -> 0 | AC23: =SUM(AC24:AC24) -> 0 | AD23: =SUM(AD24:AD24) -> 0 | AE23: =SUM(AE24:AE24) -> 0 | AF23: =SUM(AF24:AF24) -> 0 | AH23: =SUM(AH24:AH24) -> 0 | AK23: =SUM(AK24:AK24) -> 0 | AM23: =SUM(AM24:AM24) -> 0 | AN23: =SUM(AN24:AN24) -> 0 | AP23: =SUM(AP24:AP24) -> 0 | AQ23: =SUM(AQ24:AQ24) -> 0
A24: 33250 | C24: 190 | D24: 158 | E24: 158 | F24: Autres taxes: FNB… | G24: 2005 et 2006 | J24: 0 | K24: =TVA0 -> 0 | L24: =I24*K24 -> 0 | M24: =I24+L24 -> 0 | N24: =I24/$G$3 -> 0 | O24: =I24/$G$2 -> 0 | Q24: =N24*$R$3 -> 0 | R24: =Q24*$K24 -> 0 | S24: =Q24+R24 -> 0 | U24: =$V$3*N24 -> 0 | V24: =U24*$K24 -> 0 | W24: =U24+V24 -> 0 | Y24: =$Z$3*I24 -> 0 | Z24: =Y24*$K24 -> 0 | AA24: =Y24+Z24 -> 0 | AC24: =$AD$3*N24 -> 0 | AD24: =AC24*$K24 -> 0 | AE24: =AC24+AD24 -> 0 | AF24: =M24-(S24+W24+AA24+AE24) -> 0 | AL24: 0 | AM24: =AK24*$K24 -> 0 | AN24: =AK24+AM24 -> 0 | AP24: =I24-AH24 -> 0 | AQ24: =I24-AK24 -> 0
A26: 33280 | B26: A18 | C26: 190 | D26: 180 | E26: 180 | F26: Divers (sur terrain) | J26: 0 | K26: =TVAN -> 0.085 | L26: =I26*K26 -> 0 | M26: =I26+L26 -> 0 | N26: =I26/$G$3 -> 0 | O26: =I26/$G$2 -> 0 | Q26: =N26*$R$3 -> 0 | R26: =Q26*$K26 -> 0 | S26: =Q26+R26 -> 0 | U26: =$V$3*N26 -> 0 | V26: =U26*$K26 -> 0 | W26: =U26+V26 -> 0 | Y26: =$Z$3*I26 -> 0 | Z26: =Y26*$K26 -> 0 | AA26: =Y26+Z26 -> 0 | AC26: =$AD$3*N26 -> 0 | AD26: =AC26*$K26 -> 0 | AE26: =AC26+AD26 -> 0 | AF26: =M26-(S26+W26+AA26+AE26) -> 0 | AH26: 0 | AK26: 0 | AL26: 0 | AM26: =AK26*$K26 -> 0 | AN26: =AK26+AM26 -> 0 | AP26: =I26-AH26 -> 0 | AQ26: =I26-AK26 -> 0
A28: 33 4 | B28: A2 | C28: 290 | F28: VRD-Aménagements | I28: =I30+I33+I41+I44+I47+I52+I55+I59 -> 0 | L28: =L30+L33+L41+L44+L47+L52+L55+L59 -> 0 | M28: =M30+M33+M41+M44+M47+M52+M55+M59 -> 0 | N28: =N30+N33+N41+N44+N47+N52+N55+N59 -> 0 | O28: =O30+O33+O41+O44+O47+O52+O55+O59 -> 0 | Q28: =Q30+Q33+Q41+Q44+Q47+Q52+Q55+Q59 -> 0 | R28: =R30+R33+R41+R44+R47+R52+R55+R59 -> 0 | S28: =S30+S33+S41+S44+S47+S52+S55+S59 -> 0 | U28: =U30+U33+U41+U44+U47+U52+U55+U59 -> 0 | V28: =V30+V33+V41+V44+V47+V52+V55+V59 -> 0 | W28: =W30+W33+W41+W44+W47+W52+W55+W59 -> 0 | Y28: =Y30+Y33+Y41+Y44+Y47+Y52+Y55+Y59 -> 0 | Z28: =Z30+Z33+Z41+Z44+Z47+Z52+Z55+Z59 -> 0 | AA28: =AA30+AA33+AA41+AA44+AA47+AA52+AA55+AA59 -> 0 | AC28: =AC30+AC33+AC41+AC44+AC47+AC52+AC55+AC59 -> 0 | AD28: =AD30+AD33+AD41+AD44+AD47+AD52+AD55+AD59 -> 0 | AE28: =AE30+AE33+AE41+AE44+AE47+AE52+AE55+AE59 -> 0 | AF28: =AF30+AF33+AF41+AF44+AF47+AF52+AF55+AF59 -> 0 | AH28: =AH30+AH33+AH41+AH44+AH47+AH52+AH55 -> 0 | AK28: =AK30+AK33+AK41+AK44+AK47+AK52+AK55+AK59 -> 0 | AM28: =AM30+AM33+AM41+AM44+AM47+AM52+AM55 -> 0 | AN28: =AN30+AN33+AN41+AN44+AN47+AN52+AN55 -> 0 | AP28: =AP30+AP33+AP41+AP44+AP47+AP52+AP55 -> 0 | AQ28: =AQ30+AQ33+AQ41+AQ44+AQ47+AQ52+AQ55 -> 0
F29: Travaux FRAFU | I29: =I30+I33+I41+I44 -> 0
A30: 33410 | B30: A21 | C30: 290 | D30: 210 | F30: Voirie | I30: =SUM(I31:I32) -> 0 | L30: =SUM(L31:L32) -> 0 | M30: =SUM(M31:M32) -> 0 | N30: =SUM(N31:N32) -> 0 | O30: =SUM(O31:O32) -> 0 | Q30: =SUM(Q31:Q32) -> 0 | R30: =SUM(R31:R32) -> 0 | S30: =SUM(S31:S32) -> 0 | U30: =SUM(U31:U32) -> 0 | V30: =SUM(V31:V32) -> 0 | W30: =SUM(W31:W32) -> 0 | Y30: =SUM(Y31:Y32) -> 0 | Z30: =SUM(Z31:Z32) -> 0 | AA30: =SUM(AA31:AA32) -> 0 | AC30: =SUM(AC31:AC32) -> 0 | AD30: =SUM(AD31:AD32) -> 0 | AE30: =SUM(AE31:AE32) -> 0 | AF30: =SUM(AF31:AF32) -> 0 | AH30: =SUM(AH31:AH32) -> 0 | AK30: =SUM(AK31:AK32) -> 0 | AM30: =SUM(AM31:AM32) -> 0 | AN30: =SUM(AN31:AN32) -> 0 | AP30: =SUM(AP31:AP32) -> 0 | AQ30: =SUM(AQ31:AQ32) -> 0
A31: 33410 | C31: 290 | E31: 211 | F31: Préparation des terrains, défrichage,démolition, terrassements généraux | K31: =TVAN -> 0.085 | L31: =I31*K31 -> 0 | M31: =I31+L31 -> 0 | N31: =I31/$G$3 -> 0 | O31: =I31/$G$2 -> 0 | Q31: =N31*$R$3 -> 0 | R31: =Q31*$K31 -> 0 | S31: =Q31+R31 -> 0 | U31: =$V$3*N31 -> 0 | V31: =U31*$K31 -> 0 | W31: =U31+V31 -> 0 | Y31: =$Z$3*I31 -> 0 | Z31: =Y31*$K31 -> 0 | AA31: =Y31+Z31 -> 0 | AC31: =$AD$3*N31 -> 0 | AD31: =AC31*$K31 -> 0 | AE31: =AC31+AD31 -> 0 | AF31: =M31-(S31+W31+AA31+AE31) -> 0 | AM31: =AK31*$K31 -> 0 | AN31: =AK31+AM31 -> 0 | AP31: =I31-AH31 -> 0 | AQ31: =I31-AK31 -> 0
A32: 33410 | C32: 290 | E32: 212 | F32: Voiries | I32: =H30*G2 -> 0 | K32: =TVAN -> 0.085 | L32: =I32*K32 -> 0 | M32: =I32+L32 -> 0 | N32: =I32/$G$3 -> 0 | O32: =I32/$G$2 -> 0 | Q32: 0 | R32: =Q32*$K32 -> 0 | S32: =Q32+R32 -> 0 | U32: =$V$3*N32 -> 0 | V32: =U32*$K32 -> 0 | W32: =U32+V32 -> 0 | Y32: =$Z$3*I32 -> 0 | Z32: =Y32*$K32 -> 0 | AA32: =Y32+Z32 -> 0 | AC32: =$AD$3*N32 -> 0 | AD32: =AC32*$K32 -> 0 | AE32: =AC32+AD32 -> 0 | AF32: =M32-(S32+W32+AA32+AE32) -> 0 | AH32: 0 | AM32: =AK32*$K32 -> 0 | AN32: =AK32+AM32 -> 0 | AP32: =I32-AH32 -> 0 | AQ32: =I32-AK32 -> 0 | AT32: =AK32+AK59+AK31 -> 0
A33: 33420 | B33: A22 | C33: 290 | D33: 220 | F33: Réseaux divers | I33: =SUM(I34:I40) -> 0 | L33: =SUM(L34:L40) -> 0 | M33: =SUM(M34:M40) -> 0 | N33: =SUM(N34:N40) -> 0 | O33: =SUM(O34:O40) -> 0 | Q33: =SUM(Q34:Q40) -> 0 | R33: =SUM(R34:R40) -> 0 | S33: =SUM(S34:S40) -> 0 | U33: =SUM(U34:U40) -> 0 | V33: =SUM(V34:V40) -> 0 | W33: =SUM(W34:W40) -> 0 | Y33: =SUM(Y34:Y40) -> 0 | Z33: =SUM(Z34:Z40) -> 0 | AA33: =SUM(AA34:AA40) -> 0 | AC33: =SUM(AC34:AC40) -> 0 | AD33: =SUM(AD34:AD40) -> 0 | AE33: =SUM(AE34:AE40) -> 0 | AF33: =SUM(AF34:AF40) -> 0 | AH33: =SUM(AH34:AH40) -> 0 | AK33: =SUM(AK34:AK40) -> 0 | AM33: =SUM(AM34:AM40) -> 0 | AN33: =SUM(AN34:AN40) -> 0 | AP33: =SUM(AP34:AP40) -> 0 | AQ33: =SUM(AQ34:AQ40) -> 0
A34: 33420 | C34: 290 | E34: 221 | F34: Raccordement aux reseaux sous rue st Louis | K34: =TVAN -> 0.085 | L34: =I34*K34 -> 0 | M34: =I34+L34 -> 0 | N34: =I34/$G$3 -> 0 | O34: =I34/$G$2 -> 0 | Q34: =N34*$R$3 -> 0 | R34: =Q34*$K34 -> 0 | S34: =Q34+R34 -> 0 | U34: =$V$3*N34 -> 0 | V34: =U34*$K34 -> 0 | W34: =U34+V34 -> 0 | Y34: =$Z$3*I34 -> 0 | Z34: =Y34*$K34 -> 0 | AA34: =Y34+Z34 -> 0 | AC34: =$AD$3*N34 -> 0 | AD34: =AC34*$K34 -> 0 | AE34: =AC34+AD34 -> 0 | AF34: =M34-(S34+W34+AA34+AE34) -> 0 | AH34: 0 | AK34: 0 | AM34: =AK34*$K34 -> 0 | AN34: =AK34+AM34 -> 0 | AP34: =I34-AH34 -> 0 | AQ34: =I34-AK34 -> 0
A35: 33420 | C35: 290 | E35: 222 | F35: Réseau EP - EU - EV | G35: pluvial | J35: 0 | K35: =TVAN -> 0.085 | L35: =I35*K35 -> 0 | M35: =I35+L35 -> 0 | N35: =I35/$G$3 -> 0 | O35: =I35/$G$2 -> 0 | Q35: =N35*$R$3 -> 0 | R35: =Q35*$K35 -> 0 | S35: =Q35+R35 -> 0 | U35: =$V$3*N35 -> 0 | V35: =U35*$K35 -> 0 | W35: =U35+V35 -> 0 | Y35: =$Z$3*I35 -> 0 | Z35: =Y35*$K35 -> 0 | AA35: =Y35+Z35 -> 0 | AC35: =$AD$3*N35 -> 0 | AD35: =AC35*$K35 -> 0 | AE35: =AC35+AD35 -> 0 | AF35: =M35-(S35+W35+AA35+AE35) -> 0 | AH35: 0 | AI35: 0 | AK35: 0 | AL35: 0 | AM35: =AK35*$K35 -> 0 | AN35: =AK35+AM35 -> 0 | AP35: =I35-AH35 -> 0 | AQ35: =I35-AK35 -> 0
A36: 33420 | C36: 290 | E36: 223 | F36: Epuration/Refoulement/Fosses septiques | G36: eaux usées | K36: =TVAN -> 0.085 | L36: =I36*K36 -> 0 | M36: =I36+L36 -> 0 | N36: =I36/$G$3 -> 0 | O36: =I36/$G$2 -> 0 | Q36: =N36*$R$3 -> 0 | R36: =Q36*$K36 -> 0 | S36: =Q36+R36 -> 0 | U36: =$V$3*N36 -> 0 | V36: =U36*$K36 -> 0 | W36: =U36+V36 -> 0 | Y36: =$Z$3*I36 -> 0 | Z36: =Y36*$K36 -> 0 | AA36: =Y36+Z36 -> 0 | AC36: =$AD$3*N36 -> 0 | AD36: =AC36*$K36 -> 0 | AE36: =AC36+AD36 -> 0 | AF36: =M36-(S36+W36+AA36+AE36) -> 0 | AH36: 0 | AK36: 0 | AM36: =AK36*$K36 -> 0 | AN36: =AK36+AM36 -> 0 | AP36: =I36-AH36 -> 0 | AQ36: =I36-AK36 -> 0
A37: 33420 | C37: 290 | E37: 224 | F37: Eau Potable | G37: potable | K37: =TVAN -> 0.085 | L37: =I37*K37 -> 0 | M37: =I37+L37 -> 0 | N37: =I37/$G$3 -> 0 | O37: =I37/$G$2 -> 0 | Q37: =N37*$R$3 -> 0 | R37: =Q37*$K37 -> 0 | S37: =Q37+R37 -> 0 | U37: =$V$3*N37 -> 0 | V37: =U37*$K37 -> 0 | W37: =U37+V37 -> 0 | Y37: =$Z$3*I37 -> 0 | Z37: =Y37*$K37 -> 0 | AA37: =Y37+Z37 -> 0 | AC37: =$AD$3*N37 -> 0 | AD37: =AC37*$K37 -> 0 | AE37: =AC37+AD37 -> 0 | AF37: =M37-(S37+W37+AA37+AE37) -> 0 | AH37: 0 | AK37: 0 | AM37: =AK37*$K37 -> 0 | AN37: =AK37+AM37 -> 0 | AP37: =I37-AH37 -> 0 | AQ37: =I37-AK37 -> 0
A38: 33420 | C38: 290 | E38: 225 | F38: Eclairage Public/ BT | K38: =TVAN -> 0.085 | L38: =I38*K38 -> 0 | M38: =I38+L38 -> 0 | N38: =I38/$G$3 -> 0 | O38: =I38/$G$2 -> 0 | Q38: =N38*$R$3 -> 0 | R38: =Q38*$K38 -> 0 | S38: =Q38+R38 -> 0 | U38: =$V$3*N38 -> 0 | V38: =U38*$K38 -> 0 | W38: =U38+V38 -> 0 | Y38: =$Z$3*I38 -> 0 | Z38: =Y38*$K38 -> 0 | AA38: =Y38+Z38 -> 0 | AC38: =$AD$3*N38 -> 0 | AD38: =AC38*$K38 -> 0 | AE38: =AC38+AD38 -> 0 | AF38: =M38-(S38+W38+AA38+AE38) -> 0 | AM38: =AK38*$K38 -> 0 | AN38: =AK38+AM38 -> 0 | AP38: =I38-AH38 -> 0 | AQ38: =I38-AK38 -> 0
A39: 33420 | C39: 290 | E39: 226 | F39: Courants faibles / télécom-télévision | K39: =TVAN -> 0.085 | L39: =I39*K39 -> 0 | M39: =I39+L39 -> 0 | N39: =I39/$G$3 -> 0 | O39: =I39/$G$2 -> 0 | Q39: =N39*$R$3 -> 0 | R39: =Q39*$K39 -> 0 | S39: =Q39+R39 -> 0 | U39: =$V$3*N39 -> 0 | V39: =U39*$K39 -> 0 | W39: =U39+V39 -> 0 | Y39: =$Z$3*I39 -> 0 | Z39: =Y39*$K39 -> 0 | AA39: =Y39+Z39 -> 0 | AC39: =$AD$3*N39 -> 0 | AD39: =AC39*$K39 -> 0 | AE39: =AC39+AD39 -> 0 | AF39: =M39-(S39+W39+AA39+AE39) -> 0 | AH39: 0 | AK39: 0 | AM39: =AK39*$K39 -> 0 | AN39: =AK39+AM39 -> 0 | AP39: =I39-AH39 -> 0 | AQ39: =I39-AK39 -> 0
A40: 33420 | C40: 290 | E40: 228 | F40: Divers | G40: accé local poubelle | K40: =TVAN -> 0.085 | L40: =I40*K40 -> 0 | M40: =I40+L40 -> 0 | N40: =I40/$G$3 -> 0 | O40: =I40/$G$2 -> 0 | Q40: =N40*$R$3 -> 0 | R40: =Q40*$K40 -> 0 | S40: =Q40+R40 -> 0 | U40: =$V$3*N40 -> 0 | V40: =U40*$K40 -> 0 | W40: =U40+V40 -> 0 | Y40: =$Z$3*I40 -> 0 | Z40: =Y40*$K40 -> 0 | AA40: =Y40+Z40 -> 0 | AC40: =$AD$3*N40 -> 0 | AD40: =AC40*$K40 -> 0 | AE40: =AC40+AD40 -> 0 | AF40: =M40-(S40+W40+AA40+AE40) -> 0 | AH40: 0 | AK40: 0 | AM40: =AK40*$K40 -> 0 | AN40: =AK40+AM40 -> 0 | AP40: =I40-AH40 -> 0 | AQ40: =I40-AK40 -> 0
A41: 33430 | B41: A23 | C41: 290 | F41: Branchements (concessionnaires) | I41: =SUM(I42:I43) -> 0 | L41: =SUM(L42:L43) -> 0 | M41: =SUM(M42:M43) -> 0 | N41: =SUM(N42:N43) -> 0 | O41: =SUM(O42:O43) -> 0 | Q41: =SUM(Q42:Q43) -> 0 | R41: =SUM(R42:R43) -> 0 | S41: =SUM(S42:S43) -> 0 | U41: =SUM(U42:U43) -> 0 | V41: =SUM(V42:V43) -> 0 | W41: =SUM(W42:W43) -> 0 | Y41: =SUM(Y42:Y43) -> 0 | Z41: =SUM(Z42:Z43) -> 0 | AA41: =SUM(AA42:AA43) -> 0 | AC41: =SUM(AC42:AC43) -> 0 | AD41: =SUM(AD42:AD43) -> 0 | AE41: =SUM(AE42:AE43) -> 0 | AF41: =SUM(AF42:AF43) -> 0 | AH41: =SUM(AH42:AH43) -> 0 | AK41: =SUM(AK42:AK43) -> 0 | AM41: =SUM(AM42:AM43) -> 0 | AN41: =SUM(AN42:AN43) -> 0 | AP41: =SUM(AP42:AP43) -> 0 | AQ41: =SUM(AQ42:AQ43) -> 0
A42: 33430 | C42: 290 | D42: 231 | E42: 231 | F42: EDF-MT/BT | J42: 0 | K42: =TVAN -> 0.085 | L42: =I42*K42 -> 0 | M42: =I42+L42 -> 0 | N42: =I42/$G$3 -> 0 | O42: =I42/$G$2 -> 0 | Q42: =N42*$R$3 -> 0 | R42: =Q42*$K42 -> 0 | S42: =Q42+R42 -> 0 | U42: =$V$3*N42 -> 0 | V42: =U42*$K42 -> 0 | W42: =U42+V42 -> 0 | Y42: =$Z$3*I42 -> 0 | Z42: =Y42*$K42 -> 0 | AA42: =Y42+Z42 -> 0 | AC42: =$AD$3*N42 -> 0 | AD42: =AC42*$K42 -> 0 | AE42: =AC42+AD42 -> 0 | AF42: =M42-(S42+W42+AA42+AE42) -> 0 | AI42: 0 | AM42: =AK42*$K42 -> 0 | AN42: =AK42+AM42 -> 0 | AP42: =I42-AH42 -> 0 | AQ42: =I42-AK42 -> 0
A43: 33430 | C43: 290 | D43: 232 | E43: 232 | F43: Concessionnaire EAU | K43: =TVAN -> 0.085 | L43: =I43*K43 -> 0 | M43: =I43+L43 -> 0 | N43: =I43/$G$3 -> 0 | O43: =I43/$G$2 -> 0 | Q43: =N43*$R$3 -> 0 | R43: =Q43*$K43 -> 0 | S43: =Q43+R43 -> 0 | U43: =$V$3*N43 -> 0 | V43: =U43*$K43 -> 0 | W43: =U43+V43 -> 0 | Y43: =$Z$3*I43 -> 0 | Z43: =Y43*$K43 -> 0 | AA43: =Y43+Z43 -> 0 | AC43: =$AD$3*N43 -> 0 | AD43: =AC43*$K43 -> 0 | AE43: =AC43+AD43 -> 0 | AF43: =M43-(S43+W43+AA43+AE43) -> 0 | AL43: 0 | AM43: =AK43*$K43 -> 0 | AN43: =AK43+AM43 -> 0 | AP43: =I43-AH43 -> 0 | AQ43: =I43-AK43 -> 0
A44: 33440 | B44: A24 | C44: 290 | D44: 240 | F44: Aménagements de proximité | H44: =I44+I33+I30 -> 0 | I44: =SUM(I45:I46) -> 0 | L44: =SUM(L45:L46) -> 0 | M44: =SUM(M45:M46) -> 0 | N44: =SUM(N45:N46) -> 0 | O44: =SUM(O45:O46) -> 0 | Q44: =SUM(Q45:Q46) -> 0 | R44: =SUM(R45:R46) -> 0 | S44: =SUM(S45:S46) -> 0 | U44: =SUM(U45:U46) -> 0 | V44: =SUM(V45:V46) -> 0 | W44: =SUM(W45:W46) -> 0 | Y44: =SUM(Y45:Y46) -> 0 | Z44: =SUM(Z45:Z46) -> 0 | AA44: =SUM(AA45:AA46) -> 0 | AC44: =SUM(AC45:AC46) -> 0 | AD44: =SUM(AD45:AD46) -> 0 | AE44: =SUM(AE45:AE46) -> 0 | AF44: =SUM(AF45:AF46) -> 0 | AH44: =SUM(AH45:AH46) -> 0 | AK44: =SUM(AK45:AK46) -> 0 | AM44: =SUM(AM45:AM46) -> 0 | AN44: =SUM(AN45:AN46) -> 0 | AP44: =SUM(AP45:AP46) -> 0 | AQ44: =SUM(AQ45:AQ46) -> 0
A45: 33440 | C45: 290 | E45: 241 | F45: Espaces publics, espaces verts | K45: =TVAN -> 0.085 | L45: =I45*K45 -> 0 | M45: =I45+L45 -> 0 | N45: =I45/$G$3 -> 0 | O45: =I45/$G$2 -> 0 | Q45: =N45*$R$3 -> 0 | R45: =Q45*$K45 -> 0 | S45: =Q45+R45 -> 0 | U45: =$V$3*N45 -> 0 | V45: =U45*$K45 -> 0 | W45: =U45+V45 -> 0 | Y45: =$Z$3*I45 -> 0 | Z45: =Y45*$K45 -> 0 | AA45: =Y45+Z45 -> 0 | AC45: =$AD$3*N45 -> 0 | AD45: =AC45*$K45 -> 0 | AE45: =AC45+AD45 -> 0 | AF45: =M45-(S45+W45+AA45+AE45) -> 0 | AH45: 0 | AK45: 0 | AM45: =AK45*$K45 -> 0 | AN45: =AK45+AM45 -> 0 | AP45: =I45-AH45 -> 0 | AQ45: =I45-AK45 -> 0
A46: 33440 | C46: 290 | E46: 242 | F46: Soutènements | J46: 0 | K46: =TVAN -> 0.085 | L46: =I46*K46 -> 0 | M46: =I46+L46 -> 0 | N46: =I46/$G$3 -> 0 | O46: =I46/$G$2 -> 0 | Q46: =N46*$R$3 -> 0 | R46: =Q46*$K46 -> 0 | S46: =Q46+R46 -> 0 | U46: =$V$3*N46 -> 0 | V46: =U46*$K46 -> 0 | W46: =U46+V46 -> 0 | Y46: =$Z$3*I46 -> 0 | Z46: =Y46*$K46 -> 0 | AA46: =Y46+Z46 -> 0 | AC46: =$AD$3*N46 -> 0 | AD46: =AC46*$K46 -> 0 | AE46: =AC46+AD46 -> 0 | AF46: =M46-(S46+W46+AA46+AE46) -> 0 | AI46: 0 | AK46: 0 | AL46: 0 | AM46: =AK46*$K46 -> 0 | AN46: =AK46+AM46 -> 0 | AP46: =I46-AH46 -> 0 | AQ46: =I46-AK46 -> 0
A47: 33450 | B47: A25 | C47: 290 | F47: Honoraires techniques - VRD/Aménagement | I47: =SUM(I48:I51) -> 0 | L47: =SUM(L48:L51) -> 0 | M47: =SUM(M48:M51) -> 0 | N47: =SUM(N48:N51) -> 0 | O47: =SUM(O48:O51) -> 0 | Q47: =SUM(Q48:Q51) -> 0 | R47: =SUM(R48:R51) -> 0 | S47: =SUM(S48:S51) -> 0 | U47: =SUM(U48:U51) -> 0 | V47: =SUM(V48:V51) -> 0 | W47: =SUM(W48:W51) -> 0 | Y47: =SUM(Y48:Y51) -> 0 | Z47: =SUM(Z48:Z51) -> 0 | AA47: =SUM(AA48:AA51) -> 0 | AC47: =SUM(AC48:AC51) -> 0 | AD47: =SUM(AD48:AD51) -> 0 | AE47: =SUM(AE48:AE51) -> 0 | AF47: =SUM(AF48:AF51) -> 0 | AH47: =SUM(AH48:AH51) -> 0 | AK47: =SUM(AK48:AK51) -> 0 | AM47: =SUM(AM48:AM51) -> 0 | AN47: =SUM(AN48:AN51) -> 0 | AP47: =SUM(AP48:AP51) -> 0 | AQ47: =SUM(AQ48:AQ51) -> 0
A48: 33450 | C48: 290 | D48: 253 | E48: 253 | F48: Maître d'œuvre / BET VRD | H48: 0.08 | I48: =H48*I32 -> 0 | K48: =TVAN -> 0.085 | L48: =I48*K48 -> 0 | M48: =I48+L48 -> 0 | N48: =I48/$G$3 -> 0 | O48: =I48/$G$2 -> 0 | Q48: =N48*$R$3 -> 0 | R48: =Q48*$K48 -> 0 | S48: =Q48+R48 -> 0 | U48: =$V$3*N48 -> 0 | V48: =U48*$K48 -> 0 | W48: =U48+V48 -> 0 | Y48: =$Z$3*I48 -> 0 | Z48: =Y48*$K48 -> 0 | AA48: =Y48+Z48 -> 0 | AC48: =$AD$3*N48 -> 0 | AD48: =AC48*$K48 -> 0 | AE48: =AC48+AD48 -> 0 | AF48: =M48-(S48+W48+AA48+AE48) -> 0 | AH48: 0 | AI48: 0 | AM48: =AK48*$K48 -> 0 | AN48: =AK48+AM48 -> 0 | AP48: =I48-AH48 -> 0 | AQ48: =I48-AK48 -> 0
A49: 33450 | C49: 290 | D49: 254 | E49: 254 | F49: SPS - VRD | H49: 0.01 | K49: =TVAN -> 0.085 | L49: =I49*K49 -> 0 | M49: =I49+L49 -> 0 | N49: =I49/$G$3 -> 0 | O49: =I49/$G$2 -> 0 | Q49: =N49*$R$3 -> 0 | R49: =Q49*$K49 -> 0 | S49: =Q49+R49 -> 0 | U49: =$V$3*N49 -> 0 | V49: =U49*$K49 -> 0 | W49: =U49+V49 -> 0 | Y49: =$Z$3*I49 -> 0 | Z49: =Y49*$K49 -> 0 | AA49: =Y49+Z49 -> 0 | AC49: =$AD$3*N49 -> 0 | AD49: =AC49*$K49 -> 0 | AE49: =AC49+AD49 -> 0 | AF49: =M49-(S49+W49+AA49+AE49) -> 0 | AH49: 0 | AK49: 0 | AM49: =AK49*$K49 -> 0 | AN49: =AK49+AM49 -> 0 | AP49: =I49-AH49 -> 0 | AQ49: =I49-AK49 -> 0
A50: 33450 | C50: 290 | D50: 255 | E50: 255 | F50: Géomètre (DA- parcellaire) | K50: =TVAN -> 0.085 | L50: =I50*K50 -> 0 | M50: =I50+L50 -> 0 | N50: =I50/$G$3 -> 0 | O50: =I50/$G$2 -> 0 | Q50: =N50*$R$3 -> 0 | R50: =Q50*$K50 -> 0 | S50: =Q50+R50 -> 0 | U50: =$V$3*N50 -> 0 | V50: =U50*$K50 -> 0 | W50: =U50+V50 -> 0 | Y50: =$Z$3*I50 -> 0 | Z50: =Y50*$K50 -> 0 | AA50: =Y50+Z50 -> 0 | AC50: =$AD$3*N50 -> 0 | AD50: =AC50*$K50 -> 0 | AE50: =AC50+AD50 -> 0 | AF50: =M50-(S50+W50+AA50+AE50) -> 0 | AK50: 0 | AM50: =AK50*$K50 -> 0 | AN50: =AK50+AM50 -> 0 | AP50: =I50-AH50 -> 0 | AQ50: =I50-AK50 -> 0
A51: 33450 | C51: 290 | D51: 256 | E51: 256 | F51: Sondages - études de sol | K51: =TVAN -> 0.085 | L51: =I51*K51 -> 0 | M51: =I51+L51 -> 0 | N51: =I51/$G$3 -> 0 | O51: =I51/$G$2 -> 0 | Q51: =N51*$R$3 -> 0 | R51: =Q51*$K51 -> 0 | S51: =Q51+R51 -> 0 | U51: =$V$3*N51 -> 0 | V51: =U51*$K51 -> 0 | W51: =U51+V51 -> 0 | Y51: =$Z$3*I51 -> 0 | Z51: =Y51*$K51 -> 0 | AA51: =Y51+Z51 -> 0 | AC51: =$AD$3*N51 -> 0 | AD51: =AC51*$K51 -> 0 | AE51: =AC51+AD51 -> 0 | AF51: =M51-(S51+W51+AA51+AE51) -> 0 | AH51: 0 | AM51: =AK51*$K51 -> 0 | AN51: =AK51+AM51 -> 0 | AP51: =I51-AH51 -> 0 | AQ51: =I51-AK51 -> 0
A52: 33480 | B52: A26 | C52: 290 | D52: 260 | F52: Autres frais annexes techniques - VRD | I52: =SUM(I53:I54) -> 0 | L52: =SUM(L53:L54) -> 0 | M52: =SUM(M53:M54) -> 0 | N52: =SUM(N53:N54) -> 0 | O52: =SUM(O53:O54) -> 0 | Q52: =SUM(Q53:Q54) -> 0 | R52: =SUM(R53:R54) -> 0 | S52: =SUM(S53:S54) -> 0 | U52: =SUM(U53:U54) -> 0 | V52: =SUM(V53:V54) -> 0 | W52: =SUM(W53:W54) -> 0 | Y52: =SUM(Y53:Y54) -> 0 | Z52: =SUM(Z53:Z54) -> 0 | AA52: =SUM(AA53:AA54) -> 0 | AC52: =SUM(AC53:AC54) -> 0 | AD52: =SUM(AD53:AD54) -> 0 | AE52: =SUM(AE53:AE54) -> 0 | AF52: =SUM(AF53:AF54) -> 0 | AH52: =SUM(AH53:AH54) -> 0 | AK52: =SUM(AK53:AK54) -> 0 | AM52: =SUM(AM53:AM54) -> 0 | AN52: =SUM(AN53:AN54) -> 0 | AP52: =SUM(AP53:AP54) -> 0 | AQ52: =SUM(AQ53:AQ54) -> 0
A53: 33480 | C53: 290 | E53: 261 | F53: Divers, affichage et constats | K53: =TVAN -> 0.085 | L53: =I53*K53 -> 0 | M53: =I53+L53 -> 0 | N53: =I53/$G$3 -> 0 | O53: =I53/$G$2 -> 0 | Q53: =N53*$R$3 -> 0 | R53: =Q53*$K53 -> 0 | S53: =Q53+R53 -> 0 | U53: =$V$3*N53 -> 0 | V53: =U53*$K53 -> 0 | W53: =U53+V53 -> 0 | Y53: =$Z$3*I53 -> 0 | Z53: =Y53*$K53 -> 0 | AA53: =Y53+Z53 -> 0 | AC53: =$AD$3*N53 -> 0 | AD53: =AC53*$K53 -> 0 | AE53: =AC53+AD53 -> 0 | AF53: =M53-(S53+W53+AA53+AE53) -> 0 | AH53: 0 | AK53: 0 | AM53: =AK53*$K53 -> 0 | AN53: =AK53+AM53 -> 0 | AP53: =I53-AH53 -> 0 | AQ53: =I53-AK53 -> 0
A54: 33480 | C54: 290 | E54: 262 | F54: Frais de plans, tirages, dossiers, photos, maquettes | J54: 0 | K54: =TVAN -> 0.085 | L54: =I54*K54 -> 0 | M54: =I54+L54 -> 0 | N54: =I54/$G$3 -> 0 | O54: =I54/$G$2 -> 0 | Q54: =N54*$R$3 -> 0 | R54: =Q54*$K54 -> 0 | S54: =Q54+R54 -> 0 | U54: =$V$3*N54 -> 0 | V54: =U54*$K54 -> 0 | W54: =U54+V54 -> 0 | Y54: =$Z$3*I54 -> 0 | Z54: =Y54*$K54 -> 0 | AA54: =Y54+Z54 -> 0 | AC54: =$AD$3*N54 -> 0 | AD54: =AC54*$K54 -> 0 | AE54: =AC54+AD54 -> 0 | AF54: =M54-(S54+W54+AA54+AE54) -> 0 | AH54: 0 | AI54: 0 | AK54: 0 | AL54: 0 | AM54: =AK54*$K54 -> 0 | AN54: =AK54+AM54 -> 0 | AP54: =I54-AH54 -> 0 | AQ54: =I54-AK54 -> 0
B55: A28 | C55: 290 | D55: 280 | F55: Provision pour imprévus et révisions | I55: =SUM(I56:I57) -> 0 | L55: =SUM(L56:L57) -> 0 | M55: =SUM(M56:M57) -> 0 | N55: =SUM(N56:N57) -> 0 | O55: =SUM(O56:O57) -> 0 | Q55: =SUM(Q56:Q57) -> 0 | R55: =SUM(R56:R57) -> 0 | S55: =SUM(S56:S57) -> 0 | U55: =SUM(U56:U57) -> 0 | V55: =SUM(V56:V57) -> 0 | W55: =SUM(W56:W57) -> 0 | Y55: =SUM(Y56:Y57) -> 0 | Z55: =SUM(Z56:Z57) -> 0 | AA55: =SUM(AA56:AA57) -> 0 | AC55: =SUM(AC56:AC57) -> 0 | AD55: =SUM(AD56:AD57) -> 0 | AE55: =SUM(AE56:AE57) -> 0 | AH55: =SUM(AH56:AH57) -> 0 | AK55: =SUM(AK56:AK57) -> 0 | AM55: =SUM(AM56:AM57) -> 0 | AN55: =SUM(AN56:AN57) -> 0 | AP55: =SUM(AP56:AP57) -> 0 | AQ55: =SUM(AQ56:AQ57) -> 0
C56: 290 | E56: 281 | F56: Imprévus | H56: 0.02 | I56: =H56*(I30+I47) -> 0 | K56: =TVAN -> 0.085 | L56: =I56*K56 -> 0 | M56: =I56+L56 -> 0 | N56: =I56/$G$3 -> 0 | O56: =I56/$G$2 -> 0 | Q56: =N56*$R$3 -> 0 | R56: =Q56*$K56 -> 0 | S56: =Q56+R56 -> 0 | U56: =$V$3*N56 -> 0 | V56: =U56*$K56 -> 0 | W56: =U56+V56 -> 0 | Y56: =$Z$3*I56 -> 0 | Z56: =Y56*$K56 -> 0 | AA56: =Y56+Z56 -> 0 | AC56: =$AD$3*N56 -> 0 | AD56: =AC56*$K56 -> 0 | AE56: =AC56+AD56 -> 0 | AF56: =M56-(S56+W56+AA56+AE56) -> 0 | AH56: 0 | AI56: 0 | AK56: 0 | AM56: =AK56*$K56 -> 0 | AN56: =AK56+AM56 -> 0 | AP56: =I56-AH56 -> 0 | AQ56: =I56-AK56 -> 0
C57: 290 | E57: 282 | F57: Actualisation/Révisions | H57: 0.02 | I57: =(I30+I47)*H57 -> 0 | K57: =TVAN -> 0.085 | L57: =I57*K57 -> 0 | M57: =I57+L57 -> 0 | N57: =I57/$G$3 -> 0 | O57: =I57/$G$2 -> 0 | Q57: =N57*$R$3 -> 0 | R57: =Q57*$K57 -> 0 | S57: =Q57+R57 -> 0 | U57: =$V$3*N57 -> 0 | V57: =U57*$K57 -> 0 | W57: =U57+V57 -> 0 | Y57: =$Z$3*I57 -> 0 | Z57: =Y57*$K57 -> 0 | AA57: =Y57+Z57 -> 0 | AC57: =$AD$3*N57 -> 0 | AD57: =AC57*$K57 -> 0 | AE57: =AC57+AD57 -> 0 | AF57: =M57-(S57+W57+AA57+AE57) -> 0 | AH57: 0 | AK57: 0 | AM57: =AK57*$K57 -> 0 | AN57: =AK57+AM57 -> 0 | AP57: =I57-AH57 -> 0 | AQ57: =I57-AK57 -> 0
A59: 33490 | B59: A29 | F59: Pénalités et retenues définitives | J59: 0 | K59: =TVAN -> 0.085 | L59: =I59*K59 -> 0 | M59: =I59+L59 -> 0 | N59: =I59/$G$3 -> 0 | O59: =I59/$G$2 -> 0 | Q59: =N59*$R$3 -> 0 | R59: =Q59*$K59 -> 0 | S59: =Q59+R59 -> 0 | U59: =$V$3*N59 -> 0 | V59: =U59*$K59 -> 0 | W59: =U59+V59 -> 0 | Y59: =$Z$3*I59 -> 0 | Z59: =Y59*$K59 -> 0 | AA59: =Y59+Z59 -> 0 | AC59: =$AD$3*N59 -> 0 | AD59: =AC59*$K59 -> 0 | AE59: =AC59+AD59 -> 0 | AF59: =M59-(S59+W59+AA59+AE59) -> 0 | AM59: =AK59*$K59 -> 0 | AN59: =AK59+AM59 -> 0 | AP59: =I59-AH59 -> 0 | AQ59: =I59-AK59 -> 0
A61: 33 6 | B61: C | C61: 490 | F61: Frais Généraux | I61: =I62+I65+I69 -> 0 | L61: =L62+L65+L69 -> 0 | M61: =M62+M65+M69 -> 0 | N61: =N62+N65+N69 -> 0 | O61: =O62+O65+O69 -> 0 | Q61: =Q62+Q65+Q69 -> 0 | R61: =R62+R65+R69 -> 0 | S61: =S62+S65+S69 -> 0 | U61: =U62+U65+U69 -> 0 | V61: =V62+V65+V69 -> 0 | W61: =W62+W65+W69 -> 0 | Y61: =Y62+Y65+Y69 -> 0 | Z61: =Z62+Z65+Z69 -> 0 | AA61: =AA62+AA65+AA69 -> 0 | AC61: =AC62+AC65+AC69 -> 0 | AD61: =AD62+AD65+AD69 -> 0 | AE61: =AE62+AE65+AE69 -> 0 | AF61: =AF62+AF65+AF69 -> 0 | AH61: =AH62+AH65+AH69 -> 0 | AK61: =AK62+AK65+AK69 -> 0 | AM61: =AM62+AM65+AM69 -> 0 | AN61: =AN62+AN65+AN69 -> 0 | AP61: =AP62+AP65+AP69 -> 0 | AQ61: =AQ62+AQ65+AQ69 -> 0
A62: 33620 | B62: C1 | C62: 490 | D62: 410 | F62: Rémunération du Maître d'ouvrage | I62: =SUM(I63:I64) -> 0 | L62: =SUM(L63:L64) -> 0 | M62: =SUM(M63:M64) -> 0 | N62: =SUM(N63:N64) -> 0 | O62: =SUM(O63:O64) -> 0 | Q62: =SUM(Q63:Q64) -> 0 | R62: =SUM(R63:R64) -> 0 | S62: =SUM(S63:S64) -> 0 | U62: =SUM(U63:U64) -> 0 | V62: =SUM(V63:V64) -> 0 | W62: =SUM(W63:W64) -> 0 | Y62: =SUM(Y63:Y64) -> 0 | Z62: =SUM(Z63:Z64) -> 0 | AA62: =SUM(AA63:AA64) -> 0 | AC62: =SUM(AC63:AC64) -> 0 | AD62: =SUM(AD63:AD64) -> 0 | AE62: =SUM(AE63:AE64) -> 0 | AH62: =SUM(AH63:AH64) -> 0 | AK62: =SUM(AK63:AK64) -> 0 | AM62: =SUM(AM63:AM64) -> 0 | AN62: =SUM(AN63:AN64) -> 0 | AP62: =SUM(AP63:AP64) -> 0 | AQ62: =SUM(AQ63:AQ64) -> 0
A63: 33620 | C63: 490 | E63: 411 | F63: Direction d'investissement | H63: 0.05 | I63: =H63*(M28+M8) -> 0 | J63: 0 | K63: =TVA0 -> 0 | L63: =I63*K63 -> 0 | M63: =I63+L63 -> 0 | N63: =I63/$G$3 -> 0 | O63: =I63/$G$2 -> 0 | Q63: =N63*$R$3 -> 0 | R63: =Q63*$K63 -> 0 | S63: =Q63+R63 -> 0 | U63: =$V$3*N63 -> 0 | V63: =U63*$K63 -> 0 | W63: =U63+V63 -> 0 | Y63: =$Z$3*I63 -> 0 | Z63: =Y63*$K63 -> 0 | AA63: =Y63+Z63 -> 0 | AC63: =$AD$3*N63 -> 0 | AD63: =AC63*$K63 -> 0 | AE63: =AC63+AD63 -> 0 | AF63: =M63-(S63+W63+AA63+AE63) -> 0 | AH63: 0 | AI63: 0 | AM63: =AK63*$K63 -> 0 | AN63: =AK63+AM63 -> 0 | AP63: =I63-AH63 -> 0 | AQ63: =I63-AK63 -> 0
A64: 33620 | C64: 490 | E64: 412 | F64: Conduite d'opération | K64: =TVA0 -> 0 | L64: =I64*K64 -> 0 | M64: =I64+L64 -> 0 | N64: =I64/$G$3 -> 0 | O64: =I64/$G$2 -> 0 | Q64: =N64*$R$3 -> 0 | R64: =Q64*$K64 -> 0 | S64: =Q64+R64 -> 0 | U64: =$V$3*N64 -> 0 | V64: =U64*$K64 -> 0 | W64: =U64+V64 -> 0 | Y64: =$Z$3*I64 -> 0 | Z64: =Y64*$K64 -> 0 | AA64: =Y64+Z64 -> 0 | AC64: =$AD$3*N64 -> 0 | AD64: =AC64*$K64 -> 0 | AE64: =AC64+AD64 -> 0 | AF64: =M64-(S64+W64+AA64+AE64) -> 0 | AH64: 0 | AK64: 0 | AM64: =AK64*$K64 -> 0 | AN64: =AK64+AM64 -> 0 | AP64: =I64-AH64 -> 0 | AQ64: =I64-AK64 -> 0
A65: 33610 | B65: C2 | C65: 490 | D65: 420 | F65: Charges financières | I65: =SUM(I66:I68) -> 0 | L65: =SUM(L66:L68) -> 0 | M65: =SUM(M66:M68) -> 0 | N65: =SUM(N66:N68) -> 0 | O65: =SUM(O66:O68) -> 0 | Q65: =SUM(Q66:Q68) -> 0 | R65: =SUM(R66:R68) -> 0 | S65: =SUM(S66:S68) -> 0 | U65: =SUM(U66:U68) -> 0 | V65: =SUM(V66:V68) -> 0 | W65: =SUM(W66:W68) -> 0 | Y65: =SUM(Y66:Y68) -> 0 | Z65: =SUM(Z66:Z68) -> 0 | AA65: =SUM(AA66:AA68) -> 0 | AC65: =SUM(AC66:AC68) -> 0 | AD65: =SUM(AD66:AD68) -> 0 | AE65: =SUM(AE66:AE68) -> 0 | AF65: =M65-(S65+W65+AA65+AE65) -> 0 | AH65: =SUM(AH66:AH68) -> 0 | AK65: =SUM(AK66:AK68) -> 0 | AM65: =SUM(AM66:AM68) -> 0 | AN65: =SUM(AN66:AN68) -> 0 | AP65: =SUM(AP66:AP68) -> 0 | AQ65: =SUM(AQ66:AQ68) -> 0
A66: 33610 | C66: 490 | E66: 421 | F66: Intérêts sur emprunts | G66: (Préfinancement ) | K66: =TVA0 -> 0 | L66: =I66*K66 -> 0 | M66: =I66+L66 -> 0 | N66: =I66/$G$3 -> 0 | O66: =I66/$G$2 -> 0 | Q66: =N66*$R$3 -> 0 | R66: =Q66*$K66 -> 0 | S66: =Q66+R66 -> 0 | U66: =$V$3*N66 -> 0 | V66: =U66*$K66 -> 0 | W66: =U66+V66 -> 0 | Y66: =$Z$3*I66 -> 0 | Z66: =Y66*$K66 -> 0 | AA66: =Y66+Z66 -> 0 | AC66: =$AD$3*N66 -> 0 | AD66: =AC66*$K66 -> 0 | AE66: =AC66+AD66 -> 0 | AF66: =M66-(S66+W66+AA66+AE66) -> 0 | AM66: =AK66*$K66 -> 0 | AN66: =AK66+AM66 -> 0 | AP66: =I66-AH66 -> 0 | AQ66: =I66-AK66 -> 0
A67: 33610 | C67: 490 | E67: 422 | F67: Frais sur emprunts | J67: 0 | K67: =TVA0 -> 0 | L67: =I67*K67 -> 0 | M67: =I67+L67 -> 0 | N67: =I67/$G$3 -> 0 | O67: =I67/$G$2 -> 0 | Q67: =N67*$R$3 -> 0 | R67: =Q67*$K67 -> 0 | S67: =Q67+R67 -> 0 | U67: =$V$3*N67 -> 0 | V67: =U67*$K67 -> 0 | W67: =U67+V67 -> 0 | Y67: =$Z$3*I67 -> 0 | Z67: =Y67*$K67 -> 0 | AA67: =Y67+Z67 -> 0 | AC67: =$AD$3*N67 -> 0 | AD67: =AC67*$K67 -> 0 | AE67: =AC67+AD67 -> 0 | AF67: =M67-(S67+W67+AA67+AE67) -> 0 | AH67: 0 | AI67: 0 | AK67: 0 | AM67: =AK67*$K67 -> 0 | AN67: =AK67+AM67 -> 0 | AP67: =I67-AH67 -> 0 | AQ67: =I67-AK67 -> 0
A68: 33610 | C68: 490 | E68: 423 | F68: Cautions et garanties financières | K68: =TVA0 -> 0 | L68: =I68*K68 -> 0 | M68: =I68+L68 -> 0 | N68: =I68/$G$3 -> 0 | O68: =I68/$G$2 -> 0 | Q68: =N68*$R$3 -> 0 | R68: =Q68*$K68 -> 0 | S68: =Q68+R68 -> 0 | U68: =$V$3*N68 -> 0 | V68: =U68*$K68 -> 0 | W68: =U68+V68 -> 0 | Y68: =$Z$3*I68 -> 0 | Z68: =Y68*$K68 -> 0 | AA68: =Y68+Z68 -> 0 | AC68: =$AD$3*N68 -> 0 | AD68: =AC68*$K68 -> 0 | AE68: =AC68+AD68 -> 0 | AF68: =M68-(S68+W68+AA68+AE68) -> 0 | AH68: 0 | AK68: 0 | AM68: =AK68*$K68 -> 0 | AN68: =AK68+AM68 -> 0 | AP68: =I68-AH68 -> 0 | AQ68: =I68-AK68 -> 0
A69: 33680 | B69: C3 | C69: 490 | D69: 430 | F69: Frais annexes divers | I69: =SUM(I70:I71) -> 0 | L69: =SUM(L70:L71) -> 0 | M69: =SUM(M70:M71) -> 0 | N69: =SUM(N70:N71) -> 0 | O69: =SUM(O70:O71) -> 0 | Q69: =SUM(Q70:Q71) -> 0 | R69: =SUM(R70:R71) -> 0 | S69: =SUM(S70:S71) -> 0 | U69: =SUM(U70:U71) -> 0 | V69: =SUM(V70:V71) -> 0 | W69: =SUM(W70:W71) -> 0 | Y69: =SUM(Y70:Y71) -> 0 | Z69: =SUM(Z70:Z71) -> 0 | AA69: =SUM(AA70:AA71) -> 0 | AC69: =SUM(AC70:AC71) -> 0 | AD69: =SUM(AD70:AD71) -> 0 | AE69: =SUM(AE70:AE71) -> 0 | AF69: =M69-(S69+W69+AA69+AE69) -> 0 | AH69: =SUM(AH70:AH71) -> 0 | AK69: =SUM(AK70:AK71) -> 0 | AM69: =SUM(AM70:AM71) -> 0 | AN69: =SUM(AN70:AN71) -> 0 | AP69: =SUM(AP70:AP71) -> 0 | AQ69: =SUM(AQ70:AQ71) -> 0
A70: 33680 | C70: 490 | E70: 431 | F70: Etudes générales - faisabilité et programmation | H70: 0 | I70: =H70*(M28+M8) -> 0 | J70: 0 | K70: =TVAN -> 0.085 | L70: =I70*K70 -> 0 | M70: =I70+L70 -> 0 | N70: =I70/$G$3 -> 0 | O70: =I70/$G$2 -> 0 | Q70: =N70*$R$3 -> 0 | R70: =Q70*$K70 -> 0 | S70: =Q70+R70 -> 0 | U70: =$V$3*N70 -> 0 | V70: =U70*$K70 -> 0 | W70: =U70+V70 -> 0 | Y70: =$Z$3*I70 -> 0 | Z70: =Y70*$K70 -> 0 | AA70: =Y70+Z70 -> 0 | AC70: =$AD$3*N70 -> 0 | AD70: =AC70*$K70 -> 0 | AE70: =AC70+AD70 -> 0 | AF70: =M70-(S70+W70+AA70+AE70) -> 0 | AH70: 0 | AK70: 0 | AM70: =AK70*$K70 -> 0 | AN70: =AK70+AM70 -> 0 | AP70: =I70-AH70 -> 0 | AQ70: =I70-AK70 -> 0
A71: 33680 | C71: 490 | E71: 438 | F71: Autres frais divers | K71: =TVAN -> 0.085 | L71: =I71*K71 -> 0 | M71: =I71+L71 -> 0 | N71: =I71/$G$3 -> 0 | O71: =I71/$G$2 -> 0 | Q71: =N71*$R$3 -> 0 | R71: =Q71*$K71 -> 0 | S71: =Q71+R71 -> 0 | U71: =$V$3*N71 -> 0 | V71: =U71*$K71 -> 0 | W71: =U71+V71 -> 0 | Y71: =$Z$3*I71 -> 0 | Z71: =Y71*$K71 -> 0 | AA71: =Y71+Z71 -> 0 | AC71: =$AD$3*N71 -> 0 | AD71: =AC71*$K71 -> 0 | AE71: =AC71+AD71 -> 0 | AF71: =M71-(S71+W71+AA71+AE71) -> 0 | AH71: 0 | AI71: 0 | AK71: 0 | AM71: =AK71*$K71 -> 0 | AN71: =AK71+AM71 -> 0 | AP71: =I71-AH71 -> 0 | AQ71: =I71-AK71 -> 0
A73: 33690 | B73: D | C73: 499 | F73: Produits annexes (Subventions en déduction du prix de revient) | H73: péréquation | I73: =-SUM(I75:I76) -> 0 | L73: =-SUM(L75:L76) -> 0 | M73: =-SUM(M75:M76) -> 0 | N73: =-SUM(N75:N76) -> 0 | O73: =-SUM(O75:O76) -> 0 | Q73: =-SUM(Q75:Q76) -> 0 | R73: =-SUM(R75:R76) -> 0 | S73: =-SUM(S75:S76) -> 0 | U73: =-SUM(U75:U76) -> 0 | V73: =-SUM(V75:V76) -> 0 | W73: =-SUM(W75:W76) -> 0 | Y73: =-SUM(Y75:Y76) -> 0 | Z73: =-SUM(Z75:Z76) -> 0 | AA73: =-SUM(AA75:AA76) -> 0 | AC73: =-SUM(AC75:AC76) -> 0 | AD73: =-SUM(AD75:AD76) -> 0 | AE73: =-SUM(AE75:AE76) -> 0 | AF73: =M73-(S73+W73+AA73+AE73) -> 0 | AH73: =-SUM(AH75:AH76) -> 0 | AK73: =-SUM(AK75:AK76) -> 0 | AN73: =-SUM(AN75:AN76) -> 0 | AP73: =-SUM(AP75:AP76) -> 0 | AQ73: =-SUM(AQ75:AQ76) -> 0
A75: 33690 | D75: 499 | E75: 492 | H75: 0 | I75: =H75*(M25+M40) -> 0 | J75: 0 | K75: =TVA0 -> 0 | L75: =I75*K75 -> 0 | M75: =I75+L75 -> 0 | N75: =I75/$G$3 -> 0 | O75: =I75/$G$2 -> 0 | Q75: =N75*$R$3 -> 0 | R75: =Q75*$K75 -> 0 | S75: =Q75+R75 -> 0 | U75: =$V$3*N75 -> 0 | V75: =U75*$K75 -> 0 | W75: =U75+V75 -> 0 | Y75: =$Z$3*I75 -> 0 | Z75: =Y75*$K75 -> 0 | AA75: =Y75+Z75 -> 0 | AC75: =$AD$3*N75 -> 0 | AD75: =AC75*$K75 -> 0 | AE75: =AC75+AD75 -> 0 | AF75: =M75-(S75+W75+AA75+AE75) -> 0 | AK75: 0 | AM75: =AK75*$K75 -> 0 | AN75: =AK75+AM75 -> 0 | AP75: =I75-AH75 -> 0 | AQ75: =I75-AK75 -> 0
A76: 33690 | D76: 499 | E76: 498 | F76: Autres produits annexes | J76: 0 | K76: =TVA0 -> 0 | L76: =I76*K76 -> 0 | M76: =I76+L76 -> 0 | N76: =I76/$G$3 -> 0 | O76: =I76/$G$2 -> 0 | Q76: =N76*$R$3 -> 0 | R76: =Q76*$K76 -> 0 | S76: =Q76+R76 -> 0 | U76: =$V$3*N76 -> 0 | V76: =U76*$K76 -> 0 | W76: =U76+V76 -> 0 | Y76: =$Z$3*I76 -> 0 | Z76: =Y76*$K76 -> 0 | AA76: =Y76+Z76 -> 0 | AC76: =$AD$3*N76 -> 0 | AD76: =AC76*$K76 -> 0 | AE76: =AC76+AD76 -> 0 | AF76: =M76-(S76+W76+AA76+AE76) -> 0 | AI76: 0 | AK76: 0 | AM76: =AK76*$K76 -> 0 | AN76: =AK76+AM76 -> 0 | AP76: =I76-AH76 -> 0 | AQ76: =I76-AK76 -> 0
Q77: =N77*$R$3 -> 0
F78: Total HT. Livraison à soi-même | I78: =I8+I28+I61+I73 -> 0 | L78: =L8+L28+L61+L73 -> 0 | M78: =M8+M28+M61+M73 -> 0 | N78: =N8+N28+N61+N73 -> 0 | O78: =O8+O28+O61+O73 -> 0 | Q78: =Q8+Q28+Q61+Q73 -> 0 | R78: =R8+R28+R61+R73 -> 0 | S78: =S8+S28+S61+S73 -> 0 | U78: =U8+U28+U61+U73 -> 0 | V78: =V8+V28+V61+V73 -> 0 | W78: =W8+W28+W61+W73 -> 0 | Y78: =Y8+Y28+Y61+Y73 -> 0 | Z78: =Z8+Z28+Z61+Z73 -> 0 | AA78: =AA8+AA28+AA61+AA73 -> 0 | AC78: =AC8+AC28+AC61+AC73 -> 0 | AD78: =AD8+AD28+AD61+AD73 -> 0 | AE78: =AE8+AE28+AE61+AE73 -> 0 | AF78: =AF8+AF28+AF61+AF73 -> 0 | AH78: =AH8+AH28+AH61+AH73 -> 0 | AK78: =AK8+AK28+AK61+AK73 -> 0 | AN78: =AN8+AN28+AN61+AN73 -> 0 | AP78: =AP8+AP28+AP61+AP73 -> 0 | AQ78: =AQ8+AQ28+AQ61+AQ73 -> 0
B79: C5 | C79: 500 | D79: 500 | F79: Charges fiscales
A80: 445510 -445670 | F80: TVA résiduelle | M80: =L83-L78 -> 0 | S80: =R83-R78 -> 0 | W80: =V83-V78 -> 0 | AE80: =AD83-AD78 -> 0
F82: insuffisance ou excédent de financement - marge | I82: =I83-I78 -> 0 | L82: =L83-(L78+M80) -> 0 | M82: =M83-(M78+M80) -> 0 | Q82: =Q83-Q78 -> 0 | S82: =S83-(S78+S80) -> 0 | U82: =U83-U78 -> 0 | W82: =W83-(W78+W80) -> 0 | Y82: =Y83-Y78 -> 0 | AA82: =AA83 -> 0 | AC82: =AC83-AC78 -> 0 | AE82: =AE83-(AE78+AE80) -> 0 | AF82: =M82-(S82+W82+AA82+AE82) -> 0 | AH82: =AH83 -> 0 | AK82: =AK83 -> 0 | AN82: =AN83 -> 0
B83: F | C83: 790 | F83: FINANCEMENT PREVISIONNEL | I83: =I84+I90 -> 0 | L83: =L84+L90 -> 0 | M83: =M84+M90 -> 0 | Q83: =Q84+Q90 -> 0 | R83: =R84+R90 -> 0 | S83: =S84+S90 -> 0 | U83: =U84+U90 -> 0 | V83: =V84+V90 -> 0 | W83: =W84+W90 -> 0 | Y83: =Y84 -> 0 | Z83: =Z84 -> 0 | AA83: =AA84 -> 0 | AC83: =AC84+AC90 -> 0 | AD83: =AD84+AD90 -> 0 | AE83: =AE84+AE90 -> 0 | AF83: =M83-(S83+W83+AA83+AE83) -> 0
B84: F3 | F84: Cessions ou affectations | I84: =SUM(I86:I89) -> 0 | L84: =SUM(L86:L89) -> 0 | M84: =SUM(M86:M89) -> 0 | Q84: =Q88+Q89 -> 0 | R84: =R88+R89 -> 0 | S84: =S88+S89 -> 0 | U84: =U88+U89 -> 0 | V84: =V88+V89 -> 0 | W84: =SUM(W85:W89) -> 0 | Y84: =Y86+Y87 -> 0 | Z84: =Z86+Z87 -> 0 | AA84: =AA86+AA87 -> 0 | AC84: =SUM(AC86:AC89) -> 0 | AD84: =SUM(AD86:AD89) -> 0 | AE84: =SUM(AE85:AE89) -> 0 | AF84: =M84-(S84+W84+AA84+AE84) -> 0
A86: 701200 | C86: 739 | D86: 734 | F86: Ventes de terrains aménagés - ZA | I86: =Q86+U86+Y86+AC86 -> 0 | L86: =R86+V86+Z86+AD86 -> 0 | M86: =I86+L86 -> 0 | AC86: =250*AD3*0 -> 0 | AD86: =AC86*TVAN -> 0 | AE86: =AC86+AD86 -> 0 | AF86: =M86-(S86+W86+AA86+AE86) -> 0 | AK86: 0 | AM86: =AK86*$K86 -> 0 | AN86: =AK86+AM86 -> 0 | AP86: =I86-AH86 -> 0 | AQ86: =I86-AK86 -> 0
A87: 701400 | C87: 739 | D87: 735 | F87: Ventes de droits de construire - ZA | I87: =Q87+U87+Y87+AC87 -> 0 | L87: =R87+V87+Z87+AD87 -> 0 | M87: =I87+L87 -> 0 | Z87: =Y87*TVAS -> 0 | AA87: =Y87+Z87 -> 0 | AF87: =M87-(S87+W87+AA87+AE87) -> 0 | AK87: 0 | AM87: =AK87*$K87 -> 0 | AN87: =AK87+AM87 -> 0 | AP87: =I87-AH87 -> 0 | AQ87: =I87-AK87 -> 0
A88: 231 200 - 231 400 | C88: 739 | D88: 737 | F88: Affectation OPR locatives SODEGIS | G88: PRLC | I88: =Q88+U88+Y88+AC88 -> 0 | K88: =TVAS -> 0.021 | L88: =I88*K88 -> 0 | M88: =I88+L88 -> 0 | Q88: ='FRAFU AVS + LESG'!M80 -> 0 | R88: =Q88*TVA0 -> 0 | S88: =Q88+R88 -> 0 | U88: ='FRAFU AVS + LESG'!M81 -> 0 | V88: =U88*TVAS -> 0 | W88: =U88+V88 -> 0 | AF88: =M88-(S88+W88+AA88+AE88) -> 0 | AM88: =AK88*$K88 -> 0 | AN88: =AK88+AM88 -> 0 | AP88: =I88-AH88 -> 0 | AQ88: =I88-AK88 -> 0
A89: 332 000 - 334 000 | C89: 739 | D89: 738 | F89: Affectation OPR ventes SODEGIS | G89: PRAS-PRVE | I89: =Q89+U89+Y89+AC89 -> 0 | L89: =R89+V89+Z89+AD89 -> 0 | M89: =I89+L89 -> 0 | W89: =U89+V89 -> 0 | AD89: =AC89*TVAN -> 0 | AE89: =AC89+AD89 -> 0 | AF89: =M89-(S89+W89+AA89+AE89) -> 0 | AK89: 0 | AM89: =AK89*$K89 -> 0 | AN89: =AK89+AM89 -> 0 | AP89: =I89-AH89 -> 0 | AQ89: =I89-AK89 -> 0
I90: =I92+I94+I95 -> 0 | L90: =L92+L94 -> 0 | M90: =M92+M94+M95 -> 0 | Q90: =Q92+Q94 -> 0 | R90: =R92+R94 -> 0 | S90: =S92+S94 -> 0 | U90: =U92+U94+U95 -> 0 | V90: =V92+V94 -> 0 | W90: =W92+W94+W95 -> 0 | Y90: =Y92+Y94 -> 0 | Z90: =Z92+Z94 -> 0 | AA90: =AA92+AA94 -> 0 | AC90: =AC92+AC94 -> 0 | AD90: =AD92+AD94 -> 0 | AE90: =AE92+AE94 -> 0
A91: 701200 | C91: 739 | D91: 734 | F91: Subventions | AF91: =M91-(S91+W91+AA91+AE91) -> 0
A92: 701400 | C92: 739 | D92: 735 | F92: FRAFU Etat | G92: RECALCULEE | I92: =LBU_FRAFU -> 0 | K92: 0 | L92: =I92*K92 -> 0 | M92: =I92+L92 -> 0 | N92: =I92/$G$3 -> 0 | O92: =I92/$G$2 -> 0 | Q92: =N92*$R$3 -> 0 | R92: 0 | U92: =$V$3*N92 -> 0 | V92: 0 | W92: =U92 -> 0 | AE92: =AC92 -> 0 | AF92: =M92-(S92+W92+AA92+AE92) -> 0
A93: 231 200 - 231 400 | C93: 739 | D93: 737 | F93: Participation du concédant | AF93: =M93-(S93+W93+AA93+AE93) -> 0
A94: 332 000 - 334 000 | C94: 739 | D94: 738 | F94: Partcipation Commune | G94: PRLC | K94: =TVAN -> 0.085 | L94: =I94*K94 -> 0 | M94: =I94+L94 -> 0 | N94: =I94/$G$3 -> 0 | O94: =I94/$G$2 -> 0 | Q94: =N94*$R$3 -> 0 | R94: =Q94*TVAN -> 0 | S94: =Q94+R94 -> 0 | U94: =$V$3*N94 -> 0 | V94: =U94*TVAN -> 0 | W94: =U94+V94 -> 0 | AF94: =M94-(S94+W94+AA94+AE94) -> 0
F95: Participation opérateur | I95: ='FRAFU AVS + LESG'!D106 -> 0 | K95: 0 | L95: =I95*K95 -> 0 | M95: =I95+L95 -> 0 | N95: =I95/$G$3 -> 0 | O95: =I95/$G$2 -> 0 | Q95: =N95*$R$3 -> 0 | U95: =$V$3*N95 -> 0 | W95: =U95 -> 0
Q96: 130 | U96: 115
G97: Contrôle | I97: =I78-(I88+I92+I94) -> 0

Sheet FRAFU AVS + LESG
B1: Modèle de bilan F R A F U " Aménagement à vocation sociale " consolidé, P r o t o c o l e Eau et Aménagement 2 0 1 2 – ANNEXE 14 C validée au CTEA du 14 juin 2013
B2: B I L A N F R A F U (global ou par tranche financière )
B4: Opération : | C4: =nom -> 0 | H4: sur la commune de :
B6: Localisation du projet pour calculer les plafonds
B7: Hauts, Dents creuses,Label Eco-quartier (20K€) | C7: x
B8: autres zones… (15K€)
H9: Détail du bilan à compléter OBLIGATOIREMENT
C10: % | D10: Dépenses éligibles au FRAFU Aménagement " Viabilisation du Foncier " (HT) Sous-mesure 1 | E10: € TTC | F10: Dépenses éligibles au FRAFU " Réseaux Primaires " (si en lien avec l'opération d'aménagement) (HT) Sous-mesure 2 | H10: FONCIER
I11: Réf. Cadastral | J11: Surface en m² | L11: Coût / m² | M11: Total
B12: ETUDES | D12: =SUM(D13:D16) -> 0 | E12: =SUM(E13:E16) -> 0 | F12: =SUM(F13:F16) -> 0 | H12: terrains | L12: =M12/J12 -> #DIV/0!
H13: terrains | L13: 0 | M13: =J13*L13 -> 0
H14: terrains | L14: 0 | M14: =J14*L14 -> 0
H15: terrains | L15: 0 | M15: =J15*L15 -> 0
H16: SURFACE TOTALE : | J16: =SUM(J12:K15) -> 0 | L16: TOTAL FONCIER : | M16: =SUM(M12:M15) -> 0
B18: MONTAGE DE DOSSIER | D18: =SUM(D19:D20) -> 0 | E18: =SUM(E19:E20) -> 0 | F18: =SUM(F19:F20) -> 0
H20: FRAIS FINANCIERS
J21: Montant prévisionnel | L21: Domaine
B22: FONCIER | D22: =SUM(D23:D25) -> 0 | E22: =SUM(E23:E25) -> 0 | F22: =SUM(F23:F25) -> 0 | H22: Moyen terme
B23: Acquisitions | D23: ='PRZA '!I10 -> 0 | E23: =D23*1.021 -> 0 | H23: Court terme
B24: Frais de notaire | C24: 0.02 | D24: ='PRZA '!I13 -> 0 | E24: =D24*1.085 -> 0 | H24: Commission bancaire
B25: DUP | E25: =D25*1.085 -> 0
B27: TRAVAUX | C27: =D27/I81 -> 0 | D27: =SUM(D28:D42) -> 0 | E27: =SUM(E28:E42) -> 0 | H27: TOTAL FRAIS FINANCIERS : | J27: =SUM(J22:K25) -> 0
B28: Terrassements | E28: =D28*1.085 -> 0
B29: Voiries | D29: ='PRZA '!I32 -> 0 | E29: =D29*1.085 -> 0
B30: Eaux usées | E30: =D30*1.085 -> 0 | H30: HONORAIRES
B31: Eaux pluviales | E31: =D31*1.085 -> 0 | I31: Assiette | J31: Unité | K31: Montant | L31: % | M31: Total
B32: Eau potable | E32: =D32*1.085 -> 0 | H32: Géomètre | I32: Marché | J32: Ft
B33: Réseau téléphone | E33: =D33*1.085 -> 0 | H33: Sondages | I33: Marché | J33: Ft
B34: Éclairage public | E34: =D34*1.085 -> 0 | H34: Étude d'impact | J34: Ft
B35: Électricité | E35: =D35*1.085 -> 0 | H35: Suivi | J35: Ft
B36: Espaces verts | E36: =D36*1.085 -> 0 | H36: Acoustique | J36: Ft
B37: Divers | E37: =D37*1.085 -> 0 | H37: Maquette | J37: Ft
H38: Maîtrise d'œuvre | I38: Marché | J38: tx
H39: SPS | J39: tx
H40: Divers | I40: Marché | J40: Ft
H43: TOTAL HONORAIRES : | M43: =SUM(M32:M42) -> 0
B44: HONORAIRES | D44: =SUM(D45:D53) -> 0 | E44: =SUM(E45:E53) -> 0 | F44: =SUM(F45:F53) -> 0
B45: Géomètre | D45: ='PRZA '!I22 -> 0 | E45: =D45*1.085 -> 0
B46: Sondages | D46: ='PRZA '!I51 -> 0 | E46: =D46*1.085 -> 0 | H46: FRAIS GENERAUX
B47: Urbaniste | E47: =D47*1.085 -> 0 | I47: détails | J47: Unité | L47: % | M47: Total
B48: Acoustique | E48: =D48*1.085 -> 0 | H48: Aménageur | I48: J /semaine | J48: Ft
B49: Maîtrise d'œuvre | D49: ='PRZA '!I48 -> 0 | E49: =D49*1.085 -> 0 | H49: Foncier | J49: Ft
B50: Communication | E50: =D50*1.085 -> 0 | H50: Commercialisation
B51: SPS | D51: ='PRZA '!I49 -> 0 | E51: =D51*1.085 -> 0 | H51: Clôture
B55: IMPREVUS (inclus dans les autres postes) | C55: 0.01 | D55: =D56 -> 0 | E55: =D55*1.085 -> 0 | F55: =F56 -> 0 | H55: TOTAL FRAIS GENERAUX : | M55: =SUM(M44:M54) -> 0
D56: ='PRZA '!I56 -> 0
B58: REVISIONS (inclus dans les autres postes) | C58: 0.01 | D58: =D59 -> 0 | E58: =D58*1.085 -> 0 | F58: =F59 -> 0 | H58: CHARGES FONCIERES LIBRES
D59: ='PRZA '!I57 -> 0 | I59: détails | J59: Unité | K59: Coût | L59: Quantité | M59: Total
H60: Commerces | I60: Moyenne surface, alim,… | J60: m² surf planch
B61: FRAIS GENERAUX | D61: =SUM(D62:D68) -> 0 | E61: =SUM(E62:E68) -> 0 | F61: =SUM(F62:F68) -> 0 | H61: Activités | I61: Services, … | J61: m² surf planch
B62: Rémunération conduite opération | C62: 0.05 | D62: ='PRZA '!I63 -> 0 | E62: =D62 -> 0 | H62: Lots libres | J62: m² surf planch
B63: Honoraires fonciers | E63: =D63 -> 0
B64: Commercialisation | E64: =D64*1.085 -> 0
B65: Frais financiers | E65: =D65 -> 0
H66: TOTAL CHARGES FONCIERES LIBRES : | M66: =SUM(M60:M65) -> 0
H68: CESSIONS EQUIPEMENTS
I69: détails | J69: Unité | K69: Coût | L69: Quantité | M69: Total
B70: SOMME DES DEPENSES ELIGIBLES (a) | H70: Cession | J70: m² surf planch
D71: =D61+D58+D55+D44+D27+D22+D18+D12 -> 0 | E71: =E61+E58+E55+E44+E27+E22+E18+E12 -> 0 | F71: =F61+F58+F55+F44+F27+F22+F18+F12 -> 0 | H71: Cession | J71: m² surf planch
H72: Cession | J72: m² surf planch
B73: S O M M E R E C E T T E S H O R S L O G E M E N T S O C I A L (b) | H73: TOTAL CESSIONS EQUIPEMENTS : | M73: =SUM(N70:N72) -> 0
B74: =D76+D81+D85 -> 0
B76: CHARGES FONC. LIBRES | D76: =SUM(D77:D79) -> 0
B77: Commerce | H77: CHARGES FONCIERES LOGEMENTS AIDES (Fixées par l'Etat, fixées par Région, fixées par opérateurs)
B78: Activités | I78: Quantité (Nbre de logt) | J78: Coût/ m² (Surface de plancher) | L78: Quantité en m² | M78: Total
B79: Lots | H79: LES | J79: 115 | M79: =J79*L79 -> 0
H80: LLS | I80: =Bdgt!Q2 -> 35 | J80: 130 | L80: =Bdgt!Q4 -> 0 | M80: =J80*L80 -> 0
B81: CESSIONS EQUIPEMENTS | D81: =SUM(D82:D84) -> 0 | H81: LLTS | I81: =Bdgt!U2 -> 35 | J81: 115 | L81: =Bdgt!U4 -> 0 | M81: =J81*L81 -> 0
B82: Cessions externes | H82: AAH | J82: 215 | M82: =J82*L82 -> 0
H83: PSLA | J83: 215 | M83: =J83*L83 -> 0
H84: PLS | J84: 215 | M84: =J84*L84 -> 0
B85: AUTRES RECETTES | D85: =SUM(D86:D91) -> 0 | F85: =SUM(F86:F91) -> 0 | H85: Total | I85: =SUM(I79:I84) -> 70 | L85: =SUM(L79:L84) -> 0 | M85: =SUM(M79:M84) -> 0
B86: Mesures Eau/Assainissement
B87: Autres subventions
B88: Participation Ville
H89: SUBVENTIONS | J89: Nbr logt | K89: Montant éligible | L89: Taux Subv. | M89: Total
B90: Incidence TVA | H90: FRAFU " Aménagement " | M90: =C106 -> 0
H91: Plan de Relance Régional - LESG | L91: 6000 € par logement | M91: =C108 -> 0
B92: S O M M E R E C E T T E S L O G E M E N T S O C I A L (c) | H92: Ville ou EPCI | I92: Solde
D93: =D94 -> 0 | E93: =E94 -> 0
B94: CHARGES FONC. LOGTS AIDES | D94: =SUM(D95:D98) -> 0 | E94: =SUM(E95:E98) -> 0 | H94: FRAFU "Les Réseaux Primaires" | L94: 0.6 | M94: =D106 -> 0
B95: Locatifs | D95: =M85 -> 0 | E95: =D95*1.021 -> 0 | H95: Ville ou EPCI | I95: Solde | L95: 0.4
B96: Accession /PTZ DOM
B99: SOMMES DES DEPENSES ELIGIBLES (a) | D99: =D71 -> 0 | E99: =E71 -> 0 | F99: =F71 -> 0 | H99: Rappel sur les plafonds :
B100: SOMMES DES RHLS (b) | D100: =B74 -> 0 | E100: =C74 -> 0
B101: SOMMES DES RLS (c) | D101: =D93 -> 0 | E101: =E93 -> 0 | H101: Sous-Mesure 1 - « Viabilisation du Foncier » : Opération composée au moins de 40% de logts aidés) :
B102: MONTANT DU DIFFERENTIEL = (a)-(b)-(c) | D102: =D99-D100-D101 -> 0 | E102: =E99-E100-E101 -> 0 | H102: * Plafonds de subvention de 15 000 € par logement aidé ;
H103: * Plafonds de subvention pouvant être relevé à 20 000 € par logement aidé, pour les quartiers existants notamment les Hauts, les QDR ou "dents creuses" cf. Annexe 4 du " Protocole FRAFU du 8 juin 2012 ".
B104: SUBVENTIONS D'EQUILIBRE | D104: =D105+D106+D107 -> 0 | E104: =E105+E106+E107 -> 0 | F104: =F105+F106 -> 0 | H104: * Plafonds de subvention de 6 000 € par logement pour des travaux dits " tertiaires " uniquements pour les constructions de logements aidés de type " LES ". Peut s'ajouter à la subvention FRAFU Aménagement " Viabilisation du Foncier " du Plan de relance Régional
B105: - FRAFU " Aménagement " = le montant du différentiel dans la limite du plafond de subvention (15K€ ou 20K€), - Réseaux Primaires = % dépenses éligibles (Plafond = 5 000 € par logt) | D105: =IF(IF(C7="x",I85*20000,I85*15000)>D102,D102,IF(C7="x",I85*20000,I85*15000)) -> 0 | E105: =LBU_FRAFU -> 0 | F105: =IF(I85*5000>F102,F102,I85*5000) -> 0 | H105: Sous-Mesure 2 - «Réseaux Primaires en lien avec l'opération d'aménagement » :
B106: Participation Ville ou Opérateur ou EPCI = le différentiel - Subvention FRAFU | D106: =D102-D105 -> 0 | E106: =D106 -> 0 | F106: =F102-F105 -> 0 | H106: * Plafond de subvention de 5 000 € par logement aidé.Taux 60 %. Co-financement Ville 40%
B107: Plan de Relance Régional - LESG Participation " Région " = 6 000 € par logement aidé de type LES
D108: =D109-D71 -> 0 | E108: =E109-E71 -> 0
B109: MONTANT TOTAL DES RECETTES | D109: =B74+D93+D104 -> 0 | E109: =C74+E93+E104 -> 0 | F109: =F104 -> 0
B111: Lors d'un dépôt d’une demande au titre du FRAFU "Aménagement à vocation sociale" appelant des réseaux dits "Secondaires" et des réseaux dits "Primaires" (réseaux raccordant l'opération d'aménagement au réseau le plus proche) formuler deux demandes de subventions distinctes car les modes de calcul et d'instruction des subventions sont différents.

Sheet Bdgt
A1: =nom -> 0 | G1: 0 | I1: Bilan d'opération
F2: Nbre | G2: =+Q2+U2+Y2 -> 70 | J2: TVAO | K2: =0% -> 0 | P2: LLS | Q2: ='Prgr. 2018'!NbreLLS -> 35 | T2: LLTS | U2: ='Prgr. 2018'!NbreLLTS -> 35 | X2: Locaux Comm / ERP | Y2: ='Prgr. 2018'!NbreCOMM -> 0
F3: SU | G3: =+Q3+U3+Y3 -> 4372 | P3: SU | Q3: ='Prgr. 2018'!SU.LLS -> 2186 | T3: SU | U3: ='Prgr. 2018'!SU.LLTS -> 2186 | X3: SU | Y3: ='Prgr. 2018'!SU.COMM -> 0
F4: S plancher | G4: =Q4+U4 -> 0 | J4: TVAS | K4: 0.021 | L4: =1/1.021 -> 0.97943193 | P4: S plancher | Q4: 0 | T4: S plancher | U4: 0 | X4: S plancher | AC4: Engagements | AE4: Droits constatés | AI4: Reste | AJ4: Reste
F5: SF | G5: =+Q5+U5+Y5 -> 5247 | J5: TVAN | K5: 0.085 | L5: =1/1.085 -> 0.92165899 | M5: Ratios | P5: SF | Q5: ='Prgr. 2018'!SF.LLS -> 2623.5 | R5: =Q5/G5 -> 0.5 | T5: SF | U5: ='Prgr. 2018'!SF.LLTS -> 2623.5 | X5: SF | Y5: ='Prgr. 2018'!SF.COMM -> 0 | AC5: au | AE5: Situation au | AI5: à engager | AJ5: à réaliser
A6: CPT GNRL | C6: CPT BDGT | F6: Etabli le: | H6: Fournisseur | I6: =100000/655957 -> 0.15244902 | J6: TVAN1 | K6: 0.095 | L6: =1/1.095 -> 0.91324201
C7: AMRT | D7: PDP | E7: Postes | F7: Actualisé: | I7: Cumul HT | J7: code | K7: TVA | L7: Cumul TTC | M7: m2/SHF | N7: équiv/log. | P7: Cumul HT | Q7: TVA | R7: Cumul TTC | T7: Cumul HT | U7: TVA | V7: Cumul TTC | X7: Cumul HT | Y7: TVA | Z7: Cumul TTC | AB7: cr. | AC7: Cumul HT | AE7: Cumul HT | AF7: TVA | AG7: Cumul TTC | AI7: HT | AJ7: HT
A8: 231 2 | B8: A1 | D8: 190 | F8: Terrain | I8: =I9+I13+I17+I21+I24+I27+I30+I37 -> 64050 | K8: =K9+K13+K17+K21+K24+K27+K30+K37 -> 0 | L8: =L9+L13+L17+L21+L24+L27+L30+L37 -> 64050 | M8: =M9+M13+M17+M21+M24+M27+M30+M37 -> 12.206975 | N8: =N9+N13+N17+N21+N24+N27+N30+N37 -> 915 | P8: =P9+P13+P17+P21+P24+P27+P30+P37 -> 32025 | Q8: =Q9+Q13+Q17+Q21+Q24+Q27+Q30+Q37 -> 0 | R8: =R9+R13+R17+R21+R24+R27+R30+R37 -> 32025 | T8: =T9+T13+T17+T21+T24+T27+T30+T37 -> 32025 | U8: =U9+U13+U17+U21+U24+U27+U30+U37 -> 0 | V8: =V9+V13+V17+V21+V24+V27+V30+V37 -> 32025 | X8: =X9+X13+X17+X21+X24+X27+X30+X37 -> 0 | Y8: =Y9+Y13+Y17+Y21+Y24+Y27+Y30+Y37 -> 0 | Z8: =Z9+Z13+Z17+Z21+Z24+Z27+Z30+Z37 -> 0 | AB8: =AB9+AB13+AB17+AB21+AB24+AB27+AB30+AB36 -> 0 | AC8: =AC9+AC13+AC17+AC21+AC24+AC27+AC30+AC37 -> 0 | AE8: =AE9+AE13+AE17+AE21+AE24+AE27+AE30+AE37 -> 0 | AF8: =AF9+AF13+AF17+AF21+AF24+AF27+AF30+AF37 -> 0 | AG8: =AG9+AG13+AG17+AG21+AG24+AG27+AG30+AG37 -> 0 | AI8: =AI9+AI13+AI17+AI21+AI24+AI27+AI30+AI37 -> 64050 | AJ8: =AJ9+AJ13+AJ17+AJ21+AJ24+AJ27+AJ30+AJ37 -> 64050
A9: 231 21 | B9: A11 | D9: 110 | F9: Prix d'achat ou valeur d'apport | I9: =SUM(I10:I12) -> 0 | K9: =SUM(K10:K12) -> 0 | L9: =SUM(L10:L12) -> 0 | M9: =SUM(M10:M12) -> 0 | N9: =SUM(N10:N12) -> 0 | P9: =SUM(P10:P12) -> 0 | Q9: =SUM(Q10:Q12) -> 0 | R9: =SUM(R10:R12) -> 0 | T9: =SUM(T10:T12) -> 0 | U9: =SUM(U10:U12) -> 0 | V9: =SUM(V10:V12) -> 0 | X9: =SUM(X10:X12) -> 0 | Y9: =SUM(Y10:Y12) -> 0 | Z9: =SUM(Z10:Z12) -> 0 | AB9: =SUM(AB10:AB12) -> 0 | AC9: =SUM(AC10:AC12) -> 0 | AE9: =SUM(AE10:AE12) -> 0 | AF9: =SUM(AF10:AF12) -> 0 | AG9: =SUM(AG10:AG12) -> 0 | AI9: =SUM(AI10:AI12) -> 0 | AJ9: =SUM(AJ10:AJ12) -> 0
E10: 111 | F10: Prix d'achat - logement social | G10: (cession) | J10: =TVAS -> 0.021 | K10: =I10*J10 -> 0 | L10: =I10+K10 -> 0 | M10: =I10/$G$5 -> 0 | N10: =I10/$G$2 -> 0 | P10: =M10*$Q$5 -> 0 | Q10: =P10*J10 -> 0 | R10: =P10+Q10 -> 0 | T10: =M10*$U$5 -> 0 | U10: =T10*J10 -> 0 | V10: =T10+U10 -> 0 | X10: 0 | Y10: =X10*J10 -> 0 | Z10: =X10+Y10 -> 0 | AB10: =I10-(P10+T10+X10) -> 0 | AF10: =AE10*J10 -> 0 | AG10: =AF10+AE10 -> 0 | AI10: =I10-AC10 -> 0 | AJ10: =I10-AE10 -> 0
E11: 112 | F11: Prix d'achat - autres opérations | G11: (cession) | I11: =X11 -> 0 | J11: =TVAN -> 0.085 | K11: =I11*J11 -> 0 | L11: =I11+K11 -> 0 | M11: =I11/$G$5 -> 0 | N11: =I11/$G$2 -> 0 | P11: 0 | Q11: =P11*J11 -> 0 | R11: =P11+Q11 -> 0 | T11: 0 | U11: =T11*J11 -> 0 | V11: =T11+U11 -> 0 | X11: 0 | Y11: =X11*J11 -> 0 | Z11: =X11+Y11 -> 0 | AB11: =I11-(P11+T11+X11) -> 0 | AF11: =AE11*J11 -> 0 | AG11: =AF11+AE11 -> 0 | AI11: =I11-AC11 -> 0 | AJ11: =I11-AE11 -> 0
E12: 115 | F12: Valeur d'apport | G12: (affectation) | H12: Achat FRAFU | I12: =P12+T12+X12 -> 0 | J12: =TVAS -> 0.021 | K12: =I12*J12 -> 0 | L12: =I12+K12 -> 0 | M12: =I12/$G$5 -> 0 | N12: =I12/$G$2 -> 0 | P12: ='FRAFU AVS + LESG'!M80 -> 0 | Q12: =P12*J12 -> 0 | R12: =P12+Q12 -> 0 | T12: ='FRAFU AVS + LESG'!M81 -> 0 | U12: =T12*J12 -> 0 | V12: =T12+U12 -> 0 | X12: ='FRAFU AVS + LESG'!M60 -> 0 | Y12: =X12*J12 -> 0 | Z12: =X12+Y12 -> 0 | AB12: =I12-(P12+T12+X12) -> 0 | AF12: =AE12*J12 -> 0 | AG12: =AF12+AE12 -> 0 | AI12: =I12-AC12 -> 0 | AJ12: =I12-AE12 -> 0
A13: 231 22 | B13: A12 | D13: 120 | F13: Frais d'acquisition | I13: =SUM(I14:I16) -> 0 | K13: =SUM(K14:K16) -> 0 | L13: =SUM(L14:L16) -> 0 | M13: =SUM(M14:M16) -> 0 | N13: =SUM(N14:N16) -> 0 | P13: =SUM(P14:P16) -> 0 | Q13: =SUM(Q14:Q16) -> 0 | R13: =SUM(R14:R16) -> 0 | T13: =SUM(T14:T16) -> 0 | U13: =SUM(U14:U16) -> 0 | V13: =SUM(V14:V16) -> 0 | X13: =SUM(X14:X16) -> 0 | Y13: =SUM(Y14:Y16) -> 0 | Z13: =SUM(Z14:Z16) -> 0 | AB13: =SUM(AB14:AB16) -> 0 | AC13: =SUM(AC14:AC16) -> 0 | AE13: =SUM(AE14:AE16) -> 0 | AF13: =SUM(AF14:AF16) -> 0 | AG13: =SUM(AG14:AG16) -> 0 | AI13: =SUM(AI14:AI16) -> 0 | AJ13: =SUM(AJ14:AJ16) -> 0
E14: 121 | F14: Honoraires notaire | J14: 0 | K14: =I14*J14 -> 0 | L14: =I14+K14 -> 0 | M14: =I14/$G$5 -> 0 | N14: =I14/$G$2 -> 0 | P14: =M14*$Q$5 -> 0 | Q14: =P14*J14 -> 0 | R14: =P14+Q14 -> 0 | T14: =M14*$U$5 -> 0 | U14: =T14*J14 -> 0 | V14: =T14+U14 -> 0 | X14: =M14*$Y$5 -> 0 | Y14: =X14*J14 -> 0 | Z14: =X14+Y14 -> 0 | AB14: =I14-(P14+T14+X14) -> 0 | AF14: =AE14*J14 -> 0 | AG14: =AF14+AE14 -> 0 | AI14: =I14-AC14 -> 0 | AJ14: =I14-AE14 -> 0
E15: 121 | F15: Honoraires notaire | H15: 0.02 | I15: =H15*(I10+I11) -> 0 | J15: =TVAN -> 0.085 | K15: =I15*J15 -> 0 | L15: =I15+K15 -> 0 | M15: =I15/$G$5 -> 0 | N15: =I15/$G$2 -> 0 | P15: =M15*$Q$5 -> 0 | Q15: =P15*J15 -> 0 | R15: =P15+Q15 -> 0 | T15: =M15*$U$5 -> 0 | U15: =T15*J15 -> 0 | V15: =T15+U15 -> 0 | X15: =M15*$Y$5 -> 0 | Y15: =X15*J15 -> 0 | Z15: =X15+Y15 -> 0 | AB15: =I15-(P15+T15+X15) -> 0 | AF15: =AE15*J15 -> 0 | AG15: =AF15+AE15 -> 0 | AI15: =I15-AC15 -> 0 | AJ15: =I15-AE15 -> 0
E16: 123 | F16: Enregistrement, TPF, autres frais d'actes | J16: =TVAN -> 0.085 | K16: =I16*J16 -> 0 | L16: =I16+K16 -> 0 | M16: =I16/$G$5 -> 0 | N16: =I16/$G$2 -> 0 | P16: =M16*$Q$5 -> 0 | Q16: =P16*J16 -> 0 | R16: =P16+Q16 -> 0 | T16: =M16*$U$5 -> 0 | U16: =T16*J16 -> 0 | V16: =T16+U16 -> 0 | X16: =M16*$Y$5 -> 0 | Y16: =X16*J16 -> 0 | Z16: =X16+Y16 -> 0 | AB16: =I16-(P16+T16+X16) -> 0 | AF16: =AE16*J16 -> 0 | AG16: =AF16+AE16 -> 0 | AI16: =I16-AC16 -> 0 | AJ16: =I16-AE16 -> 0
A17: 231 23 | B17: A13 | D17: 130 | F17: Indemnités diverses | I17: =SUM(I18:I20) -> 0 | K17: =SUM(K18:K20) -> 0 | L17: =SUM(L18:L19) -> 0 | M17: =SUM(M18:M20) -> 0 | N17: =SUM(N18:N20) -> 0 | P17: =SUM(P18:P20) -> 0 | Q17: =SUM(Q18:Q20) -> 0 | R17: =SUM(R18:R19) -> 0 | T17: =SUM(T18:T20) -> 0 | U17: =SUM(U18:U20) -> 0 | V17: =SUM(V18:V19) -> 0 | X17: =SUM(X18:X20) -> 0 | Y17: =SUM(Y18:Y20) -> 0 | Z17: =SUM(Z18:Z19) -> 0 | AB17: =AB21+AB24+AB27+AB30+AB36 -> 0 | AC17: =SUM(AC18:AC20) -> 0 | AE17: =SUM(AE18:AE20) -> 0 | AF17: =SUM(AF18:AF20) -> 0 | AG17: =SUM(AG18:AG20) -> 0 | AI17: =SUM(AI18:AI20) -> 0 | AJ17: =SUM(AJ18:AJ20) -> 0
E18: 131 | F18: Indemnités d'éviction et diverses | J18: =TVA0 -> 0 | K18: =I18*J18 -> 0 | L18: =I18+K18 -> 0 | M18: =I18/$G$5 -> 0 | N18: =I18/$G$2 -> 0 | P18: =M18*$Q$5 -> 0 | Q18: =P18*J18 -> 0 | R18: =P18+Q18 -> 0 | T18: =M18*$U$5 -> 0 | U18: =T18*J18 -> 0 | V18: =T18+U18 -> 0 | X18: =M18*$Y$5 -> 0 | Y18: =X18*J18 -> 0 | Z18: =X18+Y18 -> 0 | AB18: =I18-(P18+T18+X18) -> 0 | AC18: 0 | AE18: 0 | AF18: =AE18*J18 -> 0 | AG18: =AF18+AE18 -> 0 | AI18: =I18-AC18 -> 0 | AJ18: =I18-AE18 -> 0
E19: 132 | F19: Frais de procèdure et enquêtes parcellaires | J19: =TVAN -> 0.085 | K19: =I19*J19 -> 0 | L19: =I19+K19 -> 0 | M19: =I19/$G$5 -> 0 | N19: =I19/$G$2 -> 0 | P19: =M19*$Q$5 -> 0 | Q19: =P19*J19 -> 0 | R19: =P19+Q19 -> 0 | T19: =M19*$U$5 -> 0 | U19: =T19*J19 -> 0 | V19: =T19+U19 -> 0 | X19: =M19*$Y$5 -> 0 | Y19: =X19*J19 -> 0 | Z19: =X19+Y19 -> 0 | AB19: =I19-(P19+T19+X19) -> 0 | AC19: 0 | AE19: 0 | AF19: =AE19*J19 -> 0 | AG19: =AF19+AE19 -> 0 | AI19: =I19-AC19 -> 0 | AJ19: =I19-AE19 -> 0
E20: 138 | F20: Divers | J20: =TVAN -> 0.085 | K20: =I20*J20 -> 0 | L20: =I20+K20 -> 0 | M20: =I20/$G$5 -> 0 | N20: =I20/$G$2 -> 0 | P20: =M20*$Q$5 -> 0 | Q20: =P20*J20 -> 0 | R20: =P20+Q20 -> 0 | T20: =M20*$U$5 -> 0 | U20: =T20*J20 -> 0 | V20: =T20+U20 -> 0 | X20: =M20*$Y$5 -> 0 | Y20: =X20*J20 -> 0 | Z20: =X20+Y20 -> 0 | AB20: =I20-(P20+T20+X20) -> 0 | AC20: 0 | AE20: 0 | AF20: =AE20*J20 -> 0 | AG20: =AF20+AE20 -> 0 | AI20: =I20-AC20 -> 0 | AJ20: =I20-AE20 -> 0
A21: 231 24 | B21: A14 | D21: 140 | F21: Frais de démolition | I21: =SUM(I22:I23) -> 0 | K21: =SUM(K22:K23) -> 0 | L21: =SUM(L22:L23) -> 0 | M21: =SUM(M22:M23) -> 0 | N21: =SUM(N22:N23) -> 0 | P21: =SUM(P22:P23) -> 0 | Q21: =SUM(Q22:Q23) -> 0 | R21: =SUM(R22:R23) -> 0 | T21: =SUM(T22:T23) -> 0 | U21: =SUM(U22:U23) -> 0 | V21: =SUM(V22:V23) -> 0 | X21: =SUM(X22:X23) -> 0 | Y21: =SUM(Y22:Y23) -> 0 | Z21: =SUM(Z22:Z23) -> 0 | AB21: =SUM(AB22:AB23) -> 0 | AC21: =SUM(AC22:AC23) -> 0 | AE21: =SUM(AE22:AE23) -> 0 | AF21: =SUM(AF22:AF23) -> 0 | AG21: =SUM(AG22:AG23) -> 0 | AI21: =SUM(AI22:AI23) -> 0 | AJ21: =SUM(AJ22:AJ23) -> 0
E22: 141 | F22: Mise en état du sol (Démolitions, déplacement des réseaux...) | J22: =TVAN -> 0.085 | K22: =I22*J22 -> 0 | L22: =I22+K22 -> 0 | M22: =I22/$G$5 -> 0 | N22: =I22/$G$2 -> 0 | P22: =M22*$Q$5 -> 0 | Q22: =P22*J22 -> 0 | R22: =P22+Q22 -> 0 | T22: =M22*$U$5 -> 0 | U22: =T22*J22 -> 0 | V22: =T22+U22 -> 0 | X22: =M22*$Y$5 -> 0 | Y22: =X22*J22 -> 0 | Z22: =X22+Y22 -> 0 | AB22: =I22-(P22+T22+X22) -> 0 | AC22: 0 | AE22: 0 | AF22: =AE22*J22 -> 0 | AG22: =AF22+AE22 -> 0 | AI22: =I22-AC22 -> 0 | AJ22: =I22-AE22 -> 0
E23: 142 | F23: Autres frais de mise en état | J23: =TVAN -> 0.085 | K23: =I23*J23 -> 0 | L23: =I23+K23 -> 0 | M23: =I23/$G$5 -> 0 | N23: =I23/$G$2 -> 0 | P23: =M23*$Q$5 -> 0 | Q23: =P23*J23 -> 0 | R23: =P23+Q23 -> 0 | T23: =M23*$U$5 -> 0 | U23: =T23*J23 -> 0 | V23: =T23+U23 -> 0 | X23: =M23*$Y$5 -> 0 | Y23: =X23*J23 -> 0 | Z23: =X23+Y23 -> 0 | AB23: =I23-(P23+T23+X23) -> 0 | AC23: 0 | AE23: 0 | AF23: =AE23*J23 -> 0 | AG23: =AF23+AE23 -> 0 | AI23: =I23-AC23 -> 0 | AJ23: =I23-AE23 -> 0
A24: 231 25 | B24: A15 | D24: 150 | F24: Frais divers | I24: =SUM(I25:I26) -> 0 | K24: =SUM(K25:K26) -> 0 | L24: =SUM(L25:L26) -> 0 | M24: =SUM(M25:M26) -> 0 | N24: =SUM(N25:N26) -> 0 | P24: =SUM(P25:P26) -> 0 | Q24: =SUM(Q25:Q26) -> 0 | R24: =SUM(R25:R26) -> 0 | T24: =SUM(T25:T26) -> 0 | U24: =SUM(U25:U26) -> 0 | V24: =SUM(V25:V26) -> 0 | X24: =SUM(X25:X26) -> 0 | Y24: =SUM(Y25:Y26) -> 0 | Z24: =SUM(Z25:Z26) -> 0 | AB24: =SUM(AB25:AB26) -> 0 | AC24: =SUM(AC25:AC26) -> 0 | AE24: =SUM(AE25:AE26) -> 0 | AF24: =SUM(AF25:AF26) -> 0 | AG24: =SUM(AG25:AG26) -> 0 | AI24: =SUM(AI25:AI26) -> 0 | AJ24: =SUM(AJ25:AJ26) -> 0
E25: 151 | F25: Géomètre, topo, bornage | H25: sauf si pris en charge par FRAFU | J25: =TVAN -> 0.085 | K25: =I25*J25 -> 0 | L25: =I25+K25 -> 0 | M25: =I25/$G$5 -> 0 | N25: =I25/$G$2 -> 0 | P25: =M25*$Q$5 -> 0 | Q25: =P25*J25 -> 0 | R25: =P25+Q25 -> 0 | T25: =M25*$U$5 -> 0 | U25: =T25*J25 -> 0 | V25: =T25+U25 -> 0 | X25: =M25*$Y$5 -> 0 | Y25: =X25*J25 -> 0 | Z25: =X25+Y25 -> 0 | AB25: =I25-(P25+T25+X25) -> 0 | AF25: =AE25*J25 -> 0 | AG25: =AF25+AE25 -> 0 | AI25: =I25-AC25 -> 0 | AJ25: =I25-AE25 -> 0
E26: 153 | F26: Taxes | J26: =TVA0 -> 0 | K26: =I26*J26 -> 0 | L26: =I26+K26 -> 0 | M26: =I26/$G$5 -> 0 | N26: =I26/$G$2 -> 0 | P26: =M26*$Q$5 -> 0 | Q26: =P26*J26 -> 0 | R26: =P26+Q26 -> 0 | T26: =M26*$U$5 -> 0 | U26: =T26*J26 -> 0 | V26: =T26+U26 -> 0 | X26: =M26*$Y$5 -> 0 | Y26: =X26*J26 -> 0 | Z26: =X26+Y26 -> 0 | AB26: =I26-(P26+T26+X26) -> 0 | AF26: =AE26*J26 -> 0 | AG26: =AF26+AE26 -> 0 | AI26: =I26-AC26 -> 0 | AJ26: =I26-AE26 -> 0
A27: 231 26 | B27: A16 | D27: 160 | F27: Fonds de concours et participations | I27: =SUM(I28:I29) -> 0 | K27: =SUM(K28:K29) -> 0 | L27: =SUM(L28:L29) -> 0 | M27: =SUM(M28:M29) -> 0 | N27: =SUM(N28:N29) -> 0 | P27: =SUM(P28:P29) -> 0 | Q27: =SUM(Q28:Q29) -> 0 | R27: =SUM(R28:R29) -> 0 | T27: =SUM(T28:T29) -> 0 | U27: =SUM(U28:U29) -> 0 | V27: =SUM(V28:V29) -> 0 | X27: =SUM(X28:X29) -> 0 | Y27: =SUM(Y28:Y29) -> 0 | Z27: =SUM(Z28:Z29) -> 0 | AB27: =SUM(AB28:AB29) -> 0 | AC27: =SUM(AC28:AC29) -> 0 | AE27: =SUM(AE28:AE29) -> 0 | AF27: =SUM(AF28:AF29) -> 0 | AG27: =SUM(AG28:AG29) -> 0 | AI27: =SUM(AI28:AI29) -> 0 | AJ27: =SUM(AJ28:AJ29) -> 0
E28: 161 | F28: Fonds de concours | J28: =TVA0 -> 0 | K28: =I28*J28 -> 0 | L28: =I28+K28 -> 0 | M28: =I28/$G$5 -> 0 | N28: =I28/$G$2 -> 0 | P28: =M28*$Q$5 -> 0 | Q28: =P28*J28 -> 0 | R28: =P28+Q28 -> 0 | T28: =M28*$U$5 -> 0 | U28: =T28*J28 -> 0 | V28: =T28+U28 -> 0 | X28: =M28*$Y$5 -> 0 | Y28: =X28*J28 -> 0 | Z28: =X28+Y28 -> 0 | AB28: =I28-(P28+T28+X28) -> 0 | AC28: 0 | AE28: 0 | AF28: =AE28*J28 -> 0 | AG28: =AF28+AE28 -> 0 | AI28: =I28-AC28 -> 0 | AJ28: =I28-AE28 -> 0
E29: 162 | F29: Participations | J29: =TVA0 -> 0 | K29: =I29*J29 -> 0 | L29: =I29+K29 -> 0 | M29: =I29/$G$5 -> 0 | N29: =I29/$G$2 -> 0 | P29: =M29*$Q$5 -> 0 | Q29: =P29*J29 -> 0 | R29: =P29+Q29 -> 0 | T29: =M29*$U$5 -> 0 | U29: =T29*J29 -> 0 | V29: =T29+U29 -> 0 | X29: =M29*$Y$5 -> 0 | Y29: =X29*J29 -> 0 | Z29: =X29+Y29 -> 0 | AB29: =I29-(P29+T29+X29) -> 0 | AC29: 0 | AE29: 0 | AF29: =AE29*J29 -> 0 | AG29: =AF29+AE29 -> 0 | AI29: =I29-AC29 -> 0 | AJ29: =I29-AE29 -> 0
A30: 231 27 | B30: A17 | D30: 170 | F30: Droits de mutation, taxes et redevances diverses | I30: =SUM(I31:I35) -> 64050 | K30: =SUM(K31:K35) -> 0 | L30: =SUM(L31:L35) -> 64050 | M30: =SUM(M31:M35) -> 12.206975 | N30: =SUM(N31:N35) -> 915 | P30: =SUM(P31:P35) -> 32025 | Q30: =SUM(Q31:Q35) -> 0 | R30: =SUM(R31:R35) -> 32025 | T30: =SUM(T31:T35) -> 32025 | U30: =SUM(U31:U35) -> 0 | V30: =SUM(V31:V35) -> 32025 | X30: =SUM(X31:X35) -> 0 | Y30: =SUM(Y31:Y35) -> 0 | Z30: =SUM(Z31:Z35) -> 0 | AB30: =SUM(AB31:AB35) -> 0 | AC30: =SUM(AC31:AC35) -> 0 | AE30: =SUM(AE31:AE35) -> 0 | AF30: =SUM(AF31:AF35) -> 0 | AG30: =SUM(AG31:AG35) -> 0 | AI30: =SUM(AI31:AI35) -> 64050 | AJ30: =SUM(AJ31:AJ35) -> 64050
E31: 171 | F31: Taxe de branchement | H31: =915 -> 915 | I31: =H31*G2 -> 64050 | J31: =TVA0 -> 0 | K31: =I31*J31 -> 0 | L31: =I31+K31 -> 64050 | M31: =I31/$G$5 -> 12.206975 | N31: =I31/$G$2 -> 915 | P31: =M31*$Q$5 -> 32025 | Q31: =P31*K31 -> 0 | R31: =P31+Q31 -> 32025 | T31: =M31*$U$5 -> 32025 | U31: =T31*J31 -> 0 | V31: =T31+U31 -> 32025 | X31: =M31*$Y$5 -> 0 | Y31: =X31*J31 -> 0 | Z31: =X31+Y31 -> 0 | AB31: =I31-(P31+T31+X31) -> 0 | AF31: =AE31*J31 -> 0 | AG31: =AF31+AE31 -> 0 | AI31: =I31-AC31 -> 64050 | AJ31: =I31-AE31 -> 64050
E32: 172 | F32: Taxe aménagement logements | G32: attention exonération LLS sur certaines communes | H32: 701 | I32: =(P32+T32) -> 0 | J32: =TVA0 -> 0 | K32: =I32*J32 -> 0 | L32: =I32+K32 -> 0 | M32: =I32/($Q$5+$U$5) -> 0 | N32: =I32/$G$2 -> 0 | P32: =(Q4*H32*(5%+0.4%)) -> 0 | Q32: =P32*J32 -> 0 | R32: =P32+Q32 -> 0 | T32: =(U4*H32*(0.4%)) -> 0 | U32: =T32*J32 -> 0 | V32: =T32+U32 -> 0 | X32: 0 | Y32: =X32*J32 -> 0 | Z32: =X32+Y32 -> 0 | AB32: =I32-(P32+T32+X32) -> 0 | AF32: =AE32*J32 -> 0 | AG32: =AF32+AE32 -> 0 | AI32: =I32-AC32 -> 0 | AJ32: =I32-AE32 -> 0
E33: 173 | F33: Taxe RAP | H33: 701 | I33: =(P33+T33+X33) -> 0 | J33: =TVA0 -> 0 | K33: =I33*J33 -> 0 | L33: =I33+K33 -> 0 | M33: =I33/($Q$5+$U$5) -> 0 | N33: =I33/$G$2 -> 0 | P33: =IF(Q4=0,0,(H33/2*0.4)+((H33*0.4%))*(Q4-100)) -> 0 | Q33: =P33*J33 -> 0 | R33: =P33+Q33 -> 0 | T33: =IF(U4=0,0,(H33/2*0.4)+((H33*0.4%))*(U4-100)) -> 0 | U33: =T33*J33 -> 0 | V33: =T33+U33 -> 0 | X33: =IF(Y4=0,0,(H33/2*0.4)+((H33*0.4%))*(Y4-100)) -> 0 | Y33: =X33*J33 -> 0 | Z33: =X33+Y33 -> 0 | AB33: =I33-(P33+T33+X33) -> 0 | AF33: =AE33*J33 -> 0 | AG33: =AF33+AE33 -> 0 | AI33: =I33-AC33 -> 0 | AJ33: =I33-AE33 -> 0
E34: 172 | F34: Taxe aménagement commerces | H34: 701 | I34: =P34+T34+X34 -> 0 | J34: =TVA0 -> 0 | K34: =I34*J34 -> 0 | L34: =I34+K34 -> 0 | M34: =I34/($Q$5+$U$5) -> 0 | N34: =I34/$G$2 -> 0 | P34: 0 | Q34: =P34*J34 -> 0 | R34: =P34+Q34 -> 0 | T34: 0 | U34: =T34*J34 -> 0 | V34: =T34+U34 -> 0 | X34: =H34*Y4*(5%+0.3%+1.4%) -> 0 | Y34: =X34*J34 -> 0 | Z34: =X34+Y34 -> 0 | AB34: =I34-(P34+T34+X34) -> 0 | AF34: =AE34*J34 -> 0 | AG34: =AF34+AE34 -> 0 | AI34: =I34-AC34 -> 0 | AJ34: =I34-AE34 -> 0
E35: 173 | F35: Taxes diverses | J35: =TVA0 -> 0 | K35: =I35*J35 -> 0 | L35: =I35+K35 -> 0 | M35: =I35/$G$5 -> 0 | N35: =I35/$G$2 -> 0 | P35: =M35*$Q$5 -> 0 | Q35: =P35*J35 -> 0 | R35: =P35+Q35 -> 0 | T35: =M35*$U$5 -> 0 | U35: =T35*J35 -> 0 | V35: =T35+U35 -> 0 | X35: =M35*$Y$5 -> 0 | Y35: =X35*J35 -> 0 | Z35: =X35+Y35 -> 0 | AB35: =I35-(P35+T35+X35) -> 0 | AF35: =AE35*J35 -> 0 | AG35: =AF35+AE35 -> 0 | AI35: =I35-AC35 -> 0 | AJ35: =I35-AE35 -> 0
A37: 231 29 | B37: A 19 | F37: Indemnitées diverses | H37: en négatif | J37: =TVAN -> 0.085 | K37: =I37*J37 -> 0 | L37: =I37+K37 -> 0 | M37: =I37/$G$5 -> 0 | N37: =I37/$G$2 -> 0 | P37: =M37*$Q$5 -> 0 | Q37: =P37*J37 -> 0 | R37: =P37+Q37 -> 0 | T37: =M37*$U$5 -> 0 | U37: =T37*J37 -> 0 | V37: =T37+U37 -> 0 | X37: =M37*$Y$5 -> 0 | Y37: =X37*J37 -> 0 | Z37: =X37+Y37 -> 0 | AB37: =I37-(P37+T37+X37) -> 0 | AF37: =AE37*J37 -> 0 | AG37: =AF37+AE37 -> 0 | AI37: =I37-AC37 -> 0 | AJ37: =I37-AE37 -> 0
A39: 231 4 | B39: A2 | D39: 290 | F39: VRD-Aménagements | I39: =I40+I45+I54+I58+I63+I69+I74 -> 69300 | K39: =K40+K45+K54+K58+K63+K69+K74 -> 5890.5 | L39: =L40+L45+L54+L58+L63+L69+L74 -> 75190.5 | M39: =M40+M45+M54+M58+M63+M69+M74 -> 13.207547 | N39: =N40+N45+N54+N58+N63+N69+N74 -> 990 | P39: =P40+P45+P54+P58+P63+P69+P74 -> 34650 | Q39: =Q40+Q45+Q54+Q58+Q63+Q69+Q74 -> 2945.25 | R39: =R40+R45+R54+R58+R63+R69+R74 -> 37595.25 | T39: =T40+T45+T54+T58+T63+T69+T74 -> 34650 | U39: =U40+U45+U54+U58+U63+U69+U74 -> 2945.25 | V39: =V40+V45+V54+V58+V63+V69+V74 -> 37595.25 | X39: =X40+X45+X54+X58+X63+X69+X74 -> 0 | Y39: =Y40+Y45+Y54+Y58+Y63+Y69+Y74 -> 0 | Z39: =Z40+Z45+Z54+Z58+Z63+Z69+Z74 -> 0 | AB39: =AB40+AB45+AB54+AB58+AB63+AB69+AB74 -> 0 | AC39: =AC40+AC45+AC54+AC58+AC63+AC69+AC74 -> 0 | AE39: =AE40+AE45+AE54+AE58+AE63+AE69+AE74 -> 0 | AF39: =AF40+AF45+AF54+AF58+AF63+AF69+AF74 -> 0 | AG39: =AG40+AG45+AG54+AG58+AG63+AG69+AG74 -> 0 | AI39: =AI40+AI45+AI54+AI58+AI63+AI69+AI74 -> 69300 | AJ39: =AJ40+AJ45+AJ54+AJ58+AJ63+AJ69+AJ74 -> 69300
A40: 231 41 | B40: A21 | D40: 210 | F40: Voirie | H40: =N40+'FRAFU AVS + LESG'!C27 -> 0 | I40: =SUM(I41:I44) -> 0 | K40: =SUM(K41:K44) -> 0 | L40: =SUM(L41:L44) -> 0 | M40: =SUM(M41:M44) -> 0 | N40: =SUM(N41:N44) -> 0 | P40: =SUM(P41:P44) -> 0 | Q40: =SUM(Q41:Q44) -> 0 | R40: =SUM(R41:R44) -> 0 | T40: =SUM(T41:T44) -> 0 | U40: =SUM(U41:U44) -> 0 | V40: =SUM(V41:V44) -> 0 | X40: =SUM(X41:X44) -> 0 | Y40: =SUM(Y41:Y44) -> 0 | Z40: =SUM(Z41:Z44) -> 0 | AB40: =SUM(AB41:AB44) -> 0 | AC40: =SUM(AC41:AC44) -> 0 | AE40: =SUM(AE41:AE44) -> 0 | AF40: =SUM(AF41:AF44) -> 0 | AG40: =SUM(AG41:AG44) -> 0 | AI40: =SUM(AI41:AI44) -> 0 | AJ40: =SUM(AJ41:AJ44) -> 0
E41: 211 | F41: Préparation des terrains, défrichage,terrassements généraux | H41: démol | J41: =TVAN -> 0.085 | K41: =I41*J41 -> 0 | L41: =I41+K41 -> 0 | M41: =I41/$G$5 -> 0 | N41: =I41/$G$2 -> 0 | P41: =M41*$Q$5 -> 0 | Q41: =P41*J41 -> 0 | R41: =P41+Q41 -> 0 | T41: =M41*$U$5 -> 0 | U41: =T41*J41 -> 0 | V41: =T41+U41 -> 0 | X41: =M41*$Y$5 -> 0 | Y41: =X41*J41 -> 0 | Z41: =X41+Y41 -> 0 | AB41: =I41-(P41+T41+X41) -> 0 | AF41: =AE41*J41 -> 0 | AG41: =AF41+AE41 -> 0 | AI41: =I41-AC41 -> 0 | AJ41: =I41-AE41 -> 0
E42: 212 | F42: Voiries | J42: =TVAN -> 0.085 | K42: =I42*J42 -> 0 | L42: =I42+K42 -> 0 | M42: =I42/$G$5 -> 0 | N42: =I42/$G$2 -> 0 | P42: =M42*$Q$5 -> 0 | Q42: =P42*J42 -> 0 | R42: =P42+Q42 -> 0 | T42: =M42*$U$5 -> 0 | U42: =T42*J42 -> 0 | V42: =T42+U42 -> 0 | X42: =M42*$Y$5 -> 0 | Y42: =X42*J42 -> 0 | Z42: =X42+Y42 -> 0 | AB42: =I42-(P42+T42+X42) -> 0 | AF42: =AE42*J42 -> 0 | AG42: =AF42+AE42 -> 0 | AI42: =I42-AC42 -> 0 | AJ42: =I42-AE42 -> 0
E43: 213 | F43: Espaces publics, espaces verts | J43: =TVAN -> 0.085 | K43: =I43*J43 -> 0 | L43: =I43+K43 -> 0 | M43: =I43/$G$5 -> 0 | N43: =I43/$G$2 -> 0 | P43: =M43*$Q$5 -> 0 | Q43: =P43*J43 -> 0 | R43: =P43+Q43 -> 0 | T43: =M43*$U$5 -> 0 | U43: =T43*J43 -> 0 | V43: =T43+U43 -> 0 | X43: =M43*$Y$5 -> 0 | Y43: =X43*J43 -> 0 | Z43: =X43+Y43 -> 0 | AB43: =I43-(P43+T43+X43) -> 0 | AF43: =AE43*J43 -> 0 | AG43: =AF43+AE43 -> 0 | AI43: =I43-AC43 -> 0 | AJ43: =I43-AE43 -> 0
E44: 218 | F44: Divers | H44: amiante | J44: =TVAN -> 0.085 | K44: =I44*J44 -> 0 | L44: =I44+K44 -> 0 | M44: =I44/$G$5 -> 0 | N44: =I44/$G$2 -> 0 | P44: =M44*$Q$5 -> 0 | Q44: =P44*J44 -> 0 | R44: =P44+Q44 -> 0 | T44: =M44*$U$5 -> 0 | U44: =T44*J44 -> 0 | V44: =T44+U44 -> 0 | X44: =M44*$Y$5 -> 0 | Y44: =X44*J44 -> 0 | Z44: =X44+Y44 -> 0 | AB44: =I44-(P44+T44+X44) -> 0 | AF44: =AE44*J44 -> 0 | AG44: =AF44+AE44 -> 0 | AI44: =I44-AC44 -> 0 | AJ44: =I44-AE44 -> 0
A45: 231 42 | B45: A22 | D45: 220 | F45: Réseaux divers | I45: =SUM(I46:I53) -> 0 | K45: =SUM(K46:K53) -> 0 | L45: =SUM(L46:L53) -> 0 | M45: =SUM(M46:M53) -> 0 | N45: =SUM(N46:N53) -> 0 | P45: =SUM(P46:P53) -> 0 | Q45: =SUM(Q46:Q53) -> 0 | R45: =SUM(R46:R53) -> 0 | T45: =SUM(T46:T53) -> 0 | U45: =SUM(U46:U53) -> 0 | V45: =SUM(V46:V53) -> 0 | X45: =SUM(X46:X53) -> 0 | Y45: =SUM(Y46:Y53) -> 0 | Z45: =SUM(Z46:Z53) -> 0 | AB45: =SUM(AB46:AB53) -> 0 | AC45: =SUM(AC46:AC53) -> 0 | AE45: =SUM(AE46:AE53) -> 0 | AF45: =SUM(AF46:AF53) -> 0 | AG45: =SUM(AG46:AG53) -> 0 | AI45: =SUM(AI46:AI53) -> 0 | AJ45: =SUM(AJ46:AJ53) -> 0
E46: 221 | F46: Tranchée commune | I46: 0 | J46: =TVAN -> 0.085 | K46: =I46*J46 -> 0 | L46: =I46+K46 -> 0 | M46: =I46/$G$5 -> 0 | N46: =I46/$G$2 -> 0 | P46: =M46*$Q$5 -> 0 | Q46: =P46*J46 -> 0 | R46: =P46+Q46 -> 0 | T46: =M46*$U$5 -> 0 | U46: =T46*J46 -> 0 | V46: =T46+U46 -> 0 | X46: =M46*$Y$5 -> 0 | Y46: =X46*J46 -> 0 | Z46: =X46+Y46 -> 0 | AB46: =I46-(P46+T46+X46) -> 0 | AF46: =AE46*J46 -> 0 | AG46: =AF46+AE46 -> 0 | AI46: =I46-AC46 -> 0 | AJ46: =I46-AE46 -> 0
E47: 222 | F47: Réseau EP - EU - EV | I47: 0 | J47: =TVAN -> 0.085 | K47: =I47*J47 -> 0 | L47: =I47+K47 -> 0 | M47: =I47/$G$5 -> 0 | N47: =I47/$G$2 -> 0 | P47: =M47*$Q$5 -> 0 | Q47: =P47*J47 -> 0 | R47: =P47+Q47 -> 0 | T47: =M47*$U$5 -> 0 | U47: =T47*J47 -> 0 | V47: =T47+U47 -> 0 | X47: =M47*$Y$5 -> 0 | Y47: =X47*J47 -> 0 | Z47: =X47+Y47 -> 0 | AB47: =I47-(P47+T47+X47) -> 0 | AF47: =AE47*J47 -> 0 | AG47: =AF47+AE47 -> 0 | AI47: =I47-AC47 -> 0 | AJ47: =I47-AE47 -> 0
E48: 223-a | F48: Epuration/Refoulement/Fosses septiques traditionnelles | I48: 0 | J48: =TVAN -> 0.085 | K48: =I48*J48 -> 0 | L48: =I48+K48 -> 0 | M48: =I48/$G$5 -> 0 | N48: =I48/$G$2 -> 0 | P48: =M48*$Q$5 -> 0 | Q48: =P48*J48 -> 0 | R48: =P48+Q48 -> 0 | T48: =M48*$U$5 -> 0 | U48: =T48*J48 -> 0 | V48: =T48+U48 -> 0 | X48: =M48*$Y$5 -> 0 | Y48: =X48*J48 -> 0 | Z48: =X48+Y48 -> 0 | AB48: =I48-(P48+T48+X48) -> 0 | AF48: =AE48*J48 -> 0 | AG48: =AF48+AE48 -> 0 | AI48: =I48-AC48 -> 0 | AJ48: =I48-AE48 -> 0
E49: 233-b | F49: Fosses septiques non traditionnelles | I49: 0 | J49: =TVAN -> 0.085 | K49: =I49*J49 -> 0 | L49: =I49+K49 -> 0 | M49: =I49/$G$5 -> 0 | N49: =I49/$G$2 -> 0 | P49: =M49*$Q$5 -> 0 | Q49: =P49*J49 -> 0 | R49: =P49+Q49 -> 0 | T49: =M49*$U$5 -> 0 | U49: =T49*J49 -> 0 | V49: =T49+U49 -> 0 | X49: =M49*$Y$5 -> 0 | Y49: =X49*J49 -> 0 | Z49: =X49+Y49 -> 0 | AB49: =I49-(P49+T49+X49) -> 0 | AF49: =AE49*J49 -> 0 | AG49: =AF49+AE49 -> 0 | AI49: =I49-AC49 -> 0 | AJ49: =I49-AE49 -> 0
E50: 224 | F50: Eau Potable | I50: 0 | J50: =TVAN -> 0.085 | K50: =I50*J50 -> 0 | L50: =I50+K50 -> 0 | M50: =I50/$G$5 -> 0 | N50: =I50/$G$2 -> 0 | P50: =M50*$Q$5 -> 0 | Q50: =P50*J50 -> 0 | R50: =P50+Q50 -> 0 | T50: =M50*$U$5 -> 0 | U50: =T50*J50 -> 0 | V50: =T50+U50 -> 0 | X50: =M50*$Y$5 -> 0 | Y50: =X50*J50 -> 0 | Z50: =X50+Y50 -> 0 | AB50: =I50-(P50+T50+X50) -> 0 | AF50: =AE50*J50 -> 0 | AG50: =AF50+AE50 -> 0 | AI50: =I50-AC50 -> 0 | AJ50: =I50-AE50 -> 0
E51: 225 | F51: Eclairage Public/ BT | I51: 0 | J51: =TVAN -> 0.085 | K51: =I51*J51 -> 0 | L51: =I51+K51 -> 0 | M51: =I51/$G$5 -> 0 | N51: =I51/$G$2 -> 0 | P51: =M51*$Q$5 -> 0 | Q51: =P51*J51 -> 0 | R51: =P51+Q51 -> 0 | T51: =M51*$U$5 -> 0 | U51: =T51*J51 -> 0 | V51: =T51+U51 -> 0 | X51: =M51*$Y$5 -> 0 | Y51: =X51*J51 -> 0 | Z51: =X51+Y51 -> 0 | AB51: =I51-(P51+T51+X51) -> 0 | AF51: =AE51*J51 -> 0 | AG51: =AF51+AE51 -> 0 | AI51: =I51-AC51 -> 0 | AJ51: =I51-AE51 -> 0
E52: 226 | F52: Courants faibles / télécom-télévision / NTIC | I52: 0 | J52: =TVAN -> 0.085 | K52: =I52*J52 -> 0 | L52: =I52+K52 -> 0 | M52: =I52/$G$5 -> 0 | N52: =I52/$G$2 -> 0 | P52: =M52*$Q$5 -> 0 | Q52: =P52*J52 -> 0 | R52: =P52+Q52 -> 0 | T52: =M52*$U$5 -> 0 | U52: =T52*J52 -> 0 | V52: =T52+U52 -> 0 | X52: =M52*$Y$5 -> 0 | Y52: =X52*J52 -> 0 | Z52: =X52+Y52 -> 0 | AB52: =I52-(P52+T52+X52) -> 0 | AF52: =AE52*J52 -> 0 | AG52: =AF52+AE52 -> 0 | AI52: =I52-AC52 -> 0 | AJ52: =I52-AE52 -> 0
E53: 228 | F53: Divers | I53: 0 | J53: =TVAN -> 0.085 | K53: =I53*J53 -> 0 | L53: =I53+K53 -> 0 | M53: =I53/$G$5 -> 0 | N53: =I53/$G$2 -> 0 | P53: =M53*$Q$5 -> 0 | Q53: =P53*J53 -> 0 | R53: =P53+Q53 -> 0 | T53: =M53*$U$5 -> 0 | U53: =T53*J53 -> 0 | V53: =T53+U53 -> 0 | X53: =M53*$Y$5 -> 0 | Y53: =X53*J53 -> 0 | Z53: =X53+Y53 -> 0 | AB53: =I53-(P53+T53+X53) -> 0 | AF53: =AE53*J53 -> 0 | AG53: =AF53+AE53 -> 0 | AI53: =I53-AC53 -> 0 | AJ53: =I53-AE53 -> 0
A54: 231 43 | B54: A23 | D54: 230 | F54: Branchements (concessionnaires) | I54: =SUM(I55:I57) -> 69300 | K54: =SUM(K55:K57) -> 5890.5 | L54: =SUM(L55:L57) -> 75190.5 | M54: =SUM(M55:M57) -> 13.207547 | N54: =SUM(N55:N57) -> 990 | P54: =SUM(P55:P57) -> 34650 | Q54: =SUM(Q55:Q57) -> 2945.25 | R54: =SUM(R55:R57) -> 37595.25 | T54: =SUM(T55:T57) -> 34650 | U54: =SUM(U55:U57) -> 2945.25 | V54: =SUM(V55:V57) -> 37595.25 | X54: =SUM(X55:X57) -> 0 | Y54: =SUM(Y55:Y57) -> 0 | Z54: =SUM(Z55:Z57) -> 0 | AB54: =SUM(AB55:AB57) -> 0 | AC54: =SUM(AC55:AC57) -> 0 | AE54: =SUM(AE55:AE57) -> 0 | AF54: =SUM(AF55:AF57) -> 0 | AG54: =SUM(AG55:AG57) -> 0 | AI54: =SUM(AI55:AI57) -> 69300 | AJ54: =SUM(AJ55:AJ57) -> 69300
E55: 231 | F55: EDF-MT/BT | H55: 310 | I55: =H55*G2 -> 21700 | J55: =TVAN -> 0.085 | K55: =I55*J55 -> 1844.5 | L55: =I55+K55 -> 23544.5 | M55: =I55/$G$5 -> 4.1356966 | N55: =I55/$G$2 -> 310 | P55: =M55*$Q$5 -> 10850 | Q55: =P55*J55 -> 922.25 | R55: =P55+Q55 -> 11772.25 | T55: =M55*$U$5 -> 10850 | U55: =T55*J55 -> 922.25 | V55: =T55+U55 -> 11772.25 | X55: =M55*$Y$5 -> 0 | Y55: =X55*J55 -> 0 | Z55: =X55+Y55 -> 0 | AB55: =I55-(P55+T55+X55) -> 0 | AF55: =AE55*J55 -> 0 | AG55: =AF55+AE55 -> 0 | AI55: =I55-AC55 -> 21700 | AJ55: =I55-AE55 -> 21700
E56: 232 | F56: France Telecom | H56: 500 | I56: =H56*G2 -> 35000 | J56: =TVAN -> 0.085 | K56: =I56*J56 -> 2975 | L56: =I56+K56 -> 37975 | M56: =I56/$G$5 -> 6.6704784 | N56: =I56/$G$2 -> 500 | P56: =M56*$Q$5 -> 17500 | Q56: =P56*J56 -> 1487.5 | R56: =P56+Q56 -> 18987.5 | T56: =M56*$U$5 -> 17500 | U56: =T56*J56 -> 1487.5 | V56: =T56+U56 -> 18987.5 | X56: =M56*$Y$5 -> 0 | Y56: =X56*J56 -> 0 | Z56: =X56+Y56 -> 0 | AB56: =I56-(P56+T56+X56) -> 0 | AF56: =AE56*J56 -> 0 | AG56: =AF56+AE56 -> 0 | AI56: =I56-AC56 -> 35000 | AJ56: =I56-AE56 -> 35000
E57: 232 | F57: Concessionnaire EAU | H57: =180 -> 180 | I57: =H57*(G2) -> 12600 | J57: =TVAN -> 0.085 | K57: =I57*J57 -> 1071 | L57: =I57+K57 -> 13671 | M57: =I57/$G$5 -> 2.4013722 | N57: =I57/$G$2 -> 180 | P57: =M57*$Q$5 -> 6300 | Q57: =P57*J57 -> 535.5 | R57: =P57+Q57 -> 6835.5 | T57: =M57*$U$5 -> 6300 | U57: =T57*J57 -> 535.5 | V57: =T57+U57 -> 6835.5 | X57: =M57*$Y$5 -> 0 | Y57: =X57*J57 -> 0 | Z57: =X57+Y57 -> 0 | AB57: =I57-(P57+T57+X57) -> 0 | AF57: =AE57*J57 -> 0 | AG57: =AF57+AE57 -> 0 | AI57: =I57-AC57 -> 12600 | AJ57: =I57-AE57 -> 12600
A58: 231 44 | B58: A24 | D58: 240 | F58: Aménagements et équipements de proximité | I58: =SUM(I59:I62) -> 0 | K58: =SUM(K59:K62) -> 0 | L58: =SUM(L59:L62) -> 0 | M58: =SUM(M59:M62) -> 0 | N58: =SUM(N59:N62) -> 0 | P58: =SUM(P59:P62) -> 0 | Q58: =SUM(Q59:Q62) -> 0 | R58: =SUM(R59:R62) -> 0 | T58: =SUM(T59:T62) -> 0 | U58: =SUM(U59:U62) -> 0 | V58: =SUM(V59:V62) -> 0 | X58: =SUM(X59:X62) -> 0 | Y58: =SUM(Y59:Y62) -> 0 | Z58: =SUM(Z59:Z62) -> 0 | AB58: =SUM(AB59:AB62) -> 0 | AC58: =SUM(AC59:AC62) -> 0 | AE58: =SUM(AE59:AE62) -> 0 | AF58: =SUM(AF59:AF62) -> 0 | AG58: =SUM(AG59:AG62) -> 0 | AI58: =SUM(AI59:AI62) -> 0 | AJ58: =SUM(AJ59:AJ62) -> 0
C59: G | E59: 241 | F59: Aménagements et équipements légers : clôtures, jeux,….. | J59: =TVAN -> 0.085 | K59: =I59*J59 -> 0 | L59: =I59+K59 -> 0 | M59: =I59/$G$5 -> 0 | N59: =I59/$G$2 -> 0 | P59: =M59*$Q$5 -> 0 | Q59: =P59*J59 -> 0 | R59: =P59+Q59 -> 0 | T59: =M59*$U$5 -> 0 | U59: =T59*J59 -> 0 | V59: =T59+U59 -> 0 | X59: =M59*$Y$5 -> 0 | Y59: =X59*J59 -> 0 | Z59: =X59+Y59 -> 0 | AB59: =I59-(P59+T59+X59) -> 0 | AF59: =AE59*J59 -> 0 | AG59: =AF59+AE59 -> 0 | AI59: =I59-AC59 -> 0 | AJ59: =I59-AE59 -> 0
E60: 243 | F60: Aménagements et équipements lourds : murets…. | J60: =TVAN -> 0.085 | K60: =I60*J60 -> 0 | L60: =I60+K60 -> 0 | M60: =I60/$G$5 -> 0 | N60: =I60/$G$2 -> 0 | P60: =M60*$Q$5 -> 0 | Q60: =P60*J60 -> 0 | R60: =P60+Q60 -> 0 | T60: =M60*$U$5 -> 0 | U60: =T60*J60 -> 0 | V60: =T60+U60 -> 0 | X60: =M60*$Y$5 -> 0 | Y60: =X60*J60 -> 0 | Z60: =X60+Y60 -> 0 | AB60: =I60-(P60+T60+X60) -> 0 | AF60: =AE60*J60 -> 0 | AG60: =AF60+AE60 -> 0 | AI60: =I60-AC60 -> 0 | AJ60: =I60-AE60 -> 0
C61: G | E61: 244 | F61: Mobilier urbain-Signalétique-Boîtes aux lettres | J61: =TVAN -> 0.085 | K61: =I61*J61 -> 0 | L61: =I61+K61 -> 0 | M61: =I61/$G$5 -> 0 | N61: =I61/$G$2 -> 0 | P61: =M61*$Q$5 -> 0 | Q61: =P61*J61 -> 0 | R61: =P61+Q61 -> 0 | T61: =M61*$U$5 -> 0 | U61: =T61*J61 -> 0 | V61: =T61+U61 -> 0 | X61: =M61*$Y$5 -> 0 | Y61: =X61*J61 -> 0 | Z61: =X61+Y61 -> 0 | AB61: =I61-(P61+T61+X61) -> 0 | AF61: =AE61*J61 -> 0 | AG61: =AF61+AE61 -> 0 | AI61: =I61-AC61 -> 0 | AJ61: =I61-AE61 -> 0
E62: 248 | F62: Divers | J62: =TVAN -> 0.085 | K62: =I62*J62 -> 0 | L62: =I62+K62 -> 0 | M62: =I62/$G$5 -> 0 | N62: =I62/$G$2 -> 0 | P62: =M62*$Q$5 -> 0 | Q62: =P62*J62 -> 0 | R62: =P62+Q62 -> 0 | T62: =M62*$U$5 -> 0 | U62: =T62*J62 -> 0 | V62: =T62+U62 -> 0 | X62: =M62*$Y$5 -> 0 | Y62: =X62*J62 -> 0 | Z62: =X62+Y62 -> 0 | AB62: =I62-(P62+T62+X62) -> 0 | AF62: =AE62*J62 -> 0 | AG62: =AF62+AE62 -> 0 | AI62: =I62-AC62 -> 0 | AJ62: =I62-AE62 -> 0
A63: 231 45 | B63: A25 | D63: 250 | F63: Honoraires techniques - VRD/Aménagement | I63: =SUM(I64:I68) -> 0 | K63: =SUM(K64:K68) -> 0 | L63: =SUM(L64:L68) -> 0 | M63: =SUM(M64:M68) -> 0 | N63: =SUM(N64:N68) -> 0 | P63: =SUM(P64:P68) -> 0 | Q63: =SUM(Q64:Q68) -> 0 | R63: =SUM(R64:R68) -> 0 | T63: =SUM(T64:T68) -> 0 | U63: =SUM(U64:U68) -> 0 | V63: =SUM(V64:V68) -> 0 | X63: =SUM(X64:X68) -> 0 | Y63: =SUM(Y64:Y68) -> 0 | Z63: =SUM(Z64:Z68) -> 0 | AB63: =SUM(AB64:AB68) -> 0 | AC63: =SUM(AC64:AC68) -> 0 | AE63: =SUM(AE64:AE68) -> 0 | AF63: =SUM(AF64:AF68) -> 0 | AG63: =SUM(AG64:AG68) -> 0 | AI63: =SUM(AI64:AI68) -> 0 | AJ63: =SUM(AJ64:AJ68) -> 0
E64: 251 | F64: Urbaniste-paysagiste | J64: =TVAN -> 0.085 | K64: =I64*J64 -> 0 | L64: =I64+K64 -> 0 | M64: =I64/$G$5 -> 0 | N64: =I64/$G$2 -> 0 | P64: =M64*$Q$5 -> 0 | Q64: =P64*J64 -> 0 | R64: =P64+Q64 -> 0 | T64: =M64*$U$5 -> 0 | U64: =T64*J64 -> 0 | V64: =T64+U64 -> 0 | X64: =M64*$Y$5 -> 0 | Y64: =X64*J64 -> 0 | Z64: =X64+Y64 -> 0 | AB64: =I64-(P64+T64+X64) -> 0 | AF64: =AE64*J64 -> 0 | AG64: =AF64+AE64 -> 0 | AI64: =I64-AC64 -> 0 | AJ64: =I64-AE64 -> 0
E65: 252 | F65: Etudes d'impact, loi sur l'eau | J65: =TVAN -> 0.085 | K65: =I65*J65 -> 0 | L65: =I65+K65 -> 0 | M65: =I65/$G$5 -> 0 | N65: =I65/$G$2 -> 0 | P65: =M65*$Q$5 -> 0 | Q65: =P65*J65 -> 0 | R65: =P65+Q65 -> 0 | T65: =M65*$U$5 -> 0 | U65: =T65*J65 -> 0 | V65: =T65+U65 -> 0 | X65: =M65*$Y$5 -> 0 | Y65: =X65*J65 -> 0 | Z65: =X65+Y65 -> 0 | AB65: =I65-(P65+T65+X65) -> 0 | AF65: =AE65*J65 -> 0 | AG65: =AF65+AE65 -> 0 | AI65: =I65-AC65 -> 0 | AJ65: =I65-AE65 -> 0
E66: 253 | F66: BET VRD | J66: =TVAN -> 0.085 | K66: =I66*J66 -> 0 | L66: =I66+K66 -> 0 | M66: =I66/$G$5 -> 0 | N66: =I66/$G$2 -> 0 | P66: =M66*$Q$5 -> 0 | Q66: =P66*J66 -> 0 | R66: =P66+Q66 -> 0 | T66: =M66*$U$5 -> 0 | U66: =T66*J66 -> 0 | V66: =T66+U66 -> 0 | X66: =M66*$Y$5 -> 0 | Y66: =X66*J66 -> 0 | Z66: =X66+Y66 -> 0 | AB66: =I66-(P66+T66+X66) -> 0 | AF66: =AE66*J66 -> 0 | AG66: =AF66+AE66 -> 0 | AI66: =I66-AC66 -> 0 | AJ66: =I66-AE66 -> 0
E67: 254 | F67: SPS - VRD | J67: =TVAN -> 0.085 | K67: =I67*J67 -> 0 | L67: =I67+K67 -> 0 | M67: =I67/$G$5 -> 0 | N67: =I67/$G$2 -> 0 | P67: =M67*$Q$5 -> 0 | Q67: =P67*J67 -> 0 | R67: =P67+Q67 -> 0 | T67: =M67*$U$5 -> 0 | U67: =T67*J67 -> 0 | V67: =T67+U67 -> 0 | X67: =M67*$Y$5 -> 0 | Y67: =X67*J67 -> 0 | Z67: =X67+Y67 -> 0 | AB67: =I67-(P67+T67+X67) -> 0 | AF67: =AE67*J67 -> 0 | AG67: =AF67+AE67 -> 0 | AI67: =I67-AC67 -> 0 | AJ67: =I67-AE67 -> 0
E68: 255 | F68: Géomètre (DA- parcellaire) | J68: =TVAN -> 0.085 | K68: =I68*J68 -> 0 | L68: =I68+K68 -> 0 | M68: =I68/$G$5 -> 0 | N68: =I68/$G$2 -> 0 | P68: =M68*$Q$5 -> 0 | Q68: =P68*J68 -> 0 | R68: =P68+Q68 -> 0 | T68: =M68*$U$5 -> 0 | U68: =T68*J68 -> 0 | V68: =T68+U68 -> 0 | X68: =M68*$Y$5 -> 0 | Y68: =X68*J68 -> 0 | Z68: =X68+Y68 -> 0 | AB68: =I68-(P68+T68+X68) -> 0 | AF68: =AE68*J68 -> 0 | AG68: =AF68+AE68 -> 0 | AI68: =I68-AC68 -> 0 | AJ68: =I68-AE68 -> 0
A69: 231 48 | B69: A26 | D69: 260 | F69: Autres frais annexes techniques - VRD | I69: =SUM(I70:I72) -> 0 | K69: =SUM(K70:K72) -> 0 | L69: =SUM(L70:L72) -> 0 | M69: =SUM(M70:M72) -> 0 | N69: =SUM(N70:N72) -> 0 | P69: =SUM(P70:P72) -> 0 | Q69: =SUM(Q70:Q72) -> 0 | R69: =SUM(R70:R72) -> 0 | T69: =SUM(T70:T72) -> 0 | U69: =SUM(U70:U72) -> 0 | V69: =SUM(V70:V72) -> 0 | X69: =SUM(X70:X72) -> 0 | Y69: =SUM(Y70:Y72) -> 0 | Z69: =SUM(Z70:Z72) -> 0 | AB69: =SUM(AB70:AB72) -> 0 | AC69: =SUM(AC70:AC72) -> 0 | AE69: =SUM(AE70:AE72) -> 0 | AF69: =SUM(AF70:AF72) -> 0 | AG69: =SUM(AG70:AG72) -> 0 | AI69: =SUM(AI70:AI72) -> 0 | AJ69: =SUM(AJ70:AJ72) -> 0
E70: 261 | F70: Divers, affichage et constats | J70: =TVAN -> 0.085 | K70: =I70*J70 -> 0 | L70: =I70+K70 -> 0 | M70: =I70/$G$5 -> 0 | N70: =I70/$G$2 -> 0 | P70: =M70*$Q$5 -> 0 | Q70: =P70*J70 -> 0 | R70: =P70+Q70 -> 0 | T70: =M70*$U$5 -> 0 | U70: =T70*J70 -> 0 | V70: =T70+U70 -> 0 | X70: =M70*$Y$5 -> 0 | Y70: =X70*J70 -> 0 | Z70: =X70+Y70 -> 0 | AB70: =I70-(P70+T70+X70) -> 0 | AF70: =AE70*J70 -> 0 | AG70: =AF70+AE70 -> 0 | AI70: =I70-AC70 -> 0 | AJ70: =I70-AE70 -> 0
E71: 262 | F71: Frais de plans, tirages, dossiers, photos, maquettes | J71: =TVAN -> 0.085 | K71: =I71*J71 -> 0 | L71: =I71+K71 -> 0 | M71: =I71/$G$5 -> 0 | N71: =I71/$G$2 -> 0 | P71: =M71*$Q$5 -> 0 | Q71: =P71*J71 -> 0 | R71: =P71+Q71 -> 0 | T71: =M71*$U$5 -> 0 | U71: =T71*J71 -> 0 | V71: =T71+U71 -> 0 | X71: =M71*$Y$5 -> 0 | Y71: =X71*J71 -> 0 | Z71: =X71+Y71 -> 0 | AB71: =I71-(P71+T71+X71) -> 0 | AF71: =AE71*J71 -> 0 | AG71: =AF71+AE71 -> 0 | AI71: =I71-AC71 -> 0 | AJ71: =I71-AE71 -> 0
E72: 268 | F72: Autres frais | J72: =TVAN -> 0.085 | K72: =I72*J72 -> 0 | L72: =I72+K72 -> 0 | M72: =I72/$G$5 -> 0 | N72: =I72/$G$2 -> 0 | P72: =M72*$Q$5 -> 0 | Q72: =P72*J72 -> 0 | R72: =P72+Q72 -> 0 | T72: =M72*$U$5 -> 0 | U72: =T72*J72 -> 0 | V72: =T72+U72 -> 0 | X72: =M72*$Y$5 -> 0 | Y72: =X72*J72 -> 0 | Z72: =X72+Y72 -> 0 | AB72: =I72-(P72+T72+X72) -> 0 | AF72: =AE72*J72 -> 0 | AG72: =AF72+AE72 -> 0 | AI72: =I72-AC72 -> 0 | AJ72: =I72-AE72 -> 0
AB73: =SUM(AB68:AB69) -> 0
A74: 231 49 | B74: A29 | F74: Produits divers | H74: en négatif | J74: =TVAN -> 0.085 | K74: =I74*J74 -> 0 | L74: =I74+K74 -> 0 | M74: =I74/$G$5 -> 0 | N74: =I74/$G$2 -> 0 | P74: =M74*$Q$5 -> 0 | Q74: =P74*J74 -> 0 | R74: =P74+Q74 -> 0 | T74: =M74*$U$5 -> 0 | U74: =T74*J74 -> 0 | V74: =T74+U74 -> 0 | X74: =M74*$Y$5 -> 0 | Y74: =X74*J74 -> 0 | Z74: =X74+Y74 -> 0 | AB74: =I74-(P74+T74+X74) -> 0 | AF74: =AE74*J74 -> 0 | AG74: =AF74+AE74 -> 0 | AI74: =I74-AC74 -> 0 | AJ74: =I74-AE74 -> 0
B76: B | D76: 390 | F76: Coût Technique | I76: =I77+I108+I120+I123+I128+I132 -> 114297.94 | K76: =K77+K108+K120+K123+K128+K132 -> 9520 | L76: =L77+L108+L120+L123+L128+L132 -> 123817.94 | M76: =M77+M108+M120+M123+M128+M132 -> 21.783484 | N76: =N77+N108+N120+N123+N128+N132 -> 1632.8278 | P76: =P77+P108+P120+P123+P128+P132 -> 57148.972 | Q76: =Q77+Q108+Q120+Q123+Q128+Q132 -> 4760 | R76: =R77+R108+R120+R123+R128+R132 -> 61908.972 | T76: =T77+T108+T120+T123+T128+T132 -> 57148.972 | U76: =U77+U108+U120+U123+U128+U132 -> 4760 | V76: =V77+V108+V120+V123+V128+V132 -> 61908.972 | X76: =X77+X108+X120+X123+X128+X132 -> 0 | Y76: =Y77+Y108+Y120+Y123+Y128+Y132 -> 0 | Z76: =Z77+Z108+Z120+Z123+Z128+Z132 -> 0 | AB76: =AB77+AB108+AB120+AB123+AB128 -> 0 | AC76: =AC77+AC108+AC120+AC123+AC128+AC132 -> 0 | AE76: =AE77+AE108+AE120+AE123+AE128+AE132 -> 0 | AF76: =AF77+AF108+AF120+AF123+AF128+AF132 -> 0 | AG76: =AG77+AG108+AG120+AG123+AG128+AG132 -> 0 | AI76: =AI77+AI108+AI120+AI123+AI128+AI132 -> 114297.94 | AJ76: =AJ77+AJ108+AJ120+AJ123+AJ128+AJ132 -> 114297.94
A77: 231 31 | B77: B1 | F77: Travaux de bâtiment | H77: =I77+I42+I41+'FRAFU AVS + LESG'!D27+I45 -> 0 | I77: =I78+I82+I86+I92+I97+I106 -> 0 | K77: =K78+K82+K86+K92+K97+K106 -> 0 | L77: =L78+L82+L86+L92+L97+L106 -> 0 | M77: =M78+M82+M86+M92+M97+M106 -> 0 | N77: =N78+N82+N86+N92+N97+N106 -> 0 | P77: =P78+P82+P86+P92+P97+P106 -> 0 | Q77: =Q78+Q82+Q86+Q92+Q97+Q106 -> 0 | R77: =R78+R82+R86+R92+R97+R106 -> 0 | T77: =T78+T82+T86+T92+T97+T106 -> 0 | U77: =U78+U82+U86+U92+U97+U106 -> 0 | V77: =V78+V82+V86+V92+V97+V106 -> 0 | X77: =X78+X82+X86+X92+X97+X106 -> 0 | Y77: =Y78+Y82+Y86+Y92+Y97+Y106 -> 0 | Z77: =Z78+Z82+Z86+Z92+Z97+Z106 -> 0 | AB77: =AB78+AB82+AB86+AB92+AB97+AB106 -> 0 | AC77: =AC78+AC82+AC86+AC92+AC97+AC106 -> 0 | AE77: =AE78+AE82+AE86+AE92+AE97+AE106 -> 0 | AF77: =AF78+AF82+AF86+AF92+AF97+AF106 -> 0 | AG77: =AG78+AG82+AG86+AG92+AG97+AG106 -> 0 | AI77: =AI78+AI82+AI86+AI92+AI97+AI106 -> 0 | AJ77: =AJ78+AJ82+AJ86+AJ92+AJ97+AJ106 -> 0
D78: 310 | F78: GO-Maçonnerie | H78: =H77*0.9 -> 0 | I78: =SUM(I79:I81) -> 0 | K78: =SUM(K79:K81) -> 0 | L78: =SUM(L79:L81) -> 0 | M78: =SUM(M79:M81) -> 0 | N78: =SUM(N79:N81) -> 0 | P78: =SUM(P79:P81) -> 0 | Q78: =SUM(Q79:Q81) -> 0 | R78: =SUM(R79:R81) -> 0 | T78: =SUM(T79:T81) -> 0 | U78: =SUM(U79:U81) -> 0 | V78: =SUM(V79:V81) -> 0 | X78: =SUM(X79:X81) -> 0 | Y78: =SUM(Y79:Y81) -> 0 | Z78: =SUM(Z79:Z81) -> 0 | AB78: =SUM(AB79:AB81) -> 0 | AC78: =SUM(AC79:AC81) -> 0 | AE78: =SUM(AE79:AE81) -> 0 | AF78: =SUM(AF79:AF81) -> 0 | AG78: =SUM(AG79:AG81) -> 0 | AI78: =SUM(AI79:AI81) -> 0 | AJ78: =SUM(AJ79:AJ81) -> 0
E79: 311 | F79: Terrassements | I79: =H79*G5 -> 0 | J79: =TVAN -> 0.085 | K79: =I79*J79 -> 0 | L79: =I79+K79 -> 0 | M79: =I79/$G$5 -> 0 | N79: =I79/$G$2 -> 0 | P79: =M79*$Q$5 -> 0 | Q79: =P79*J79 -> 0 | R79: =P79+Q79 -> 0 | T79: =M79*$U$5 -> 0 | U79: =T79*J79 -> 0 | V79: =T79+U79 -> 0 | X79: =M79*$Y$5 -> 0 | Y79: =X79*J79 -> 0 | Z79: =X79+Y79 -> 0 | AB79: =I79-(P79+T79+X79) -> 0 | AF79: =AE79*J79 -> 0 | AG79: =AF79+AE79 -> 0 | AI79: =I79-AC79 -> 0 | AJ79: =I79-AE79 -> 0
E80: 312 | F80: Fondations spéciales | H80: imprévus travaux | I80: 0 | J80: =TVAN -> 0.085 | K80: =I80*J80 -> 0 | L80: =I80+K80 -> 0 | M80: =I80/$G$5 -> 0 | N80: =I80/$G$2 -> 0 | P80: =M80*$Q$5 -> 0 | Q80: =P80*J80 -> 0 | R80: =P80+Q80 -> 0 | T80: =M80*$U$5 -> 0 | U80: =T80*J80 -> 0 | V80: =T80+U80 -> 0 | X80: =M80*$Y$5 -> 0 | Y80: =X80*J80 -> 0 | Z80: =X80+Y80 -> 0 | AB80: =I80-(P80+T80+X80) -> 0 | AF80: =AE80*J80 -> 0 | AG80: =AF80+AE80 -> 0 | AI80: =I80-AC80 -> 0 | AJ80: =I80-AE80 -> 0
E81: 313 | F81: Gros œuvre / Maçonnerie | I81: 0 | J81: =TVAN -> 0.085 | K81: =I81*J81 -> 0 | L81: =I81+K81 -> 0 | M81: =I81/$G$5 -> 0 | N81: =I81/$G$2 -> 0 | P81: =M81*$Q$5 -> 0 | Q81: =P81*J81 -> 0 | R81: =P81+Q81 -> 0 | T81: =M81*$U$5 -> 0 | U81: =T81*J81 -> 0 | V81: =T81+U81 -> 0 | X81: =M81*$Y$5 -> 0 | Y81: =X81*J81 -> 0 | Z81: =X81+Y81 -> 0 | AB81: =I81-(P81+T81+X81) -> 0 | AF81: =AE81*J81 -> 0 | AG81: =AF81+AE81 -> 0 | AI81: =I81-AC81 -> 0 | AJ81: =I81-AE81 -> 0
D82: 315 | F82: Charpente-Couverture | I82: =SUM(I83:I85) -> 0 | K82: =SUM(K83:K85) -> 0 | L82: =SUM(L83:L85) -> 0 | M82: =SUM(M83:M85) -> 0 | N82: =SUM(N83:N85) -> 0 | P82: =SUM(P83:P85) -> 0 | Q82: =SUM(Q83:Q85) -> 0 | R82: =SUM(R83:R85) -> 0 | T82: =SUM(T83:T85) -> 0 | U82: =SUM(U83:U85) -> 0 | V82: =SUM(V83:V85) -> 0 | X82: =SUM(X83:X85) -> 0 | Y82: =SUM(Y83:Y85) -> 0 | Z82: =SUM(Z83:Z85) -> 0 | AB82: =SUM(AB83:AB85) -> 0 | AC82: =SUM(AC83:AC85) -> 0 | AE82: =SUM(AE83:AE85) -> 0 | AF82: =SUM(AF83:AF85) -> 0 | AG82: =SUM(AG83:AG85) -> 0 | AI82: =SUM(AI83:AI85) -> 0 | AJ82: =SUM(AJ83:AJ85) -> 0
E83: 316 | F83: Charpente | I83: 0 | J83: =TVAN -> 0.085 | K83: =I83*J83 -> 0 | L83: =I83+K83 -> 0 | M83: =I83/$G$5 -> 0 | N83: =I83/$G$2 -> 0 | P83: =M83*$Q$5 -> 0 | Q83: =P83*J83 -> 0 | R83: =P83+Q83 -> 0 | T83: =M83*$U$5 -> 0 | U83: =T83*J83 -> 0 | V83: =T83+U83 -> 0 | X83: =M83*$Y$5 -> 0 | Y83: =X83*J83 -> 0 | Z83: =X83+Y83 -> 0 | AB83: =I83-(P83+T83+X83) -> 0 | AF83: =AE83*J83 -> 0 | AG83: =AE83+AF83 -> 0 | AI83: =I83-AC83 -> 0 | AJ83: =I83-AE83 -> 0
C84: C | E84: 317 | F84: Couverture | I84: 0 | J84: =TVAN -> 0.085 | K84: =I84*J84 -> 0 | L84: =I84+K84 -> 0 | M84: =I84/$G$5 -> 0 | N84: =I84/$G$2 -> 0 | P84: =M84*$Q$5 -> 0 | Q84: =P84*J84 -> 0 | R84: =P84+Q84 -> 0 | T84: =M84*$U$5 -> 0 | U84: =T84*J84 -> 0 | V84: =T84+U84 -> 0 | X84: =M84*$Y$5 -> 0 | Y84: =X84*J84 -> 0 | Z84: =X84+Y84 -> 0 | AB84: =I84-(P84+T84+X84) -> 0 | AF84: =AE84*J84 -> 0 | AG84: =AF84+AE84 -> 0 | AI84: =I84-AC84 -> 0 | AJ84: =I84-AE84 -> 0
C85: C | E85: 318 | F85: Etanchéité de toiture | I85: 0 | J85: =TVAN -> 0.085 | K85: =I85*J85 -> 0 | L85: =I85+K85 -> 0 | M85: =I85/$G$5 -> 0 | N85: =I85/$G$2 -> 0 | P85: =M85*$Q$5 -> 0 | Q85: =P85*J85 -> 0 | R85: =P85+Q85 -> 0 | T85: =M85*$U$5 -> 0 | U85: =T85*J85 -> 0 | V85: =T85+U85 -> 0 | X85: =M85*$Y$5 -> 0 | Y85: =X85*J85 -> 0 | Z85: =X85+Y85 -> 0 | AB85: =I85-(P85+T85+X85) -> 0 | AF85: =AE85*J85 -> 0 | AG85: =AF85+AE85 -> 0 | AI85: =I85-AC85 -> 0 | AJ85: =I85-AE85 -> 0
D86: 320 | F86: Fermetures-Distribution | I86: =SUM(I87:I91) -> 0 | K86: =SUM(K87:K91) -> 0 | L86: =SUM(L87:L91) -> 0 | M86: =SUM(M87:M91) -> 0 | N86: =SUM(N87:N91) -> 0 | P86: =SUM(P87:P91) -> 0 | Q86: =SUM(Q87:Q91) -> 0 | R86: =SUM(R87:R91) -> 0 | T86: =SUM(T87:T91) -> 0 | U86: =SUM(U87:U91) -> 0 | V86: =SUM(V87:V91) -> 0 | X86: =SUM(X87:X91) -> 0 | Y86: =SUM(Y87:Y91) -> 0 | Z86: =SUM(Z87:Z91) -> 0 | AB86: =SUM(AB81:AB82) -> 0 | AC86: =SUM(AC87:AC91) -> 0 | AE86: =SUM(AE87:AE91) -> 0 | AF86: =SUM(AF87:AF91) -> 0 | AG86: =SUM(AG87:AG91) -> 0 | AI86: =SUM(AI87:AI91) -> 0 | AJ86: =SUM(AJ87:AJ91) -> 0
C87: B | E87: 321 | F87: Menuiseries Extérieures | I87: 0 | J87: =TVAN -> 0.085 | K87: =I87*J87 -> 0 | L87: =I87+K87 -> 0 | M87: =I87/$G$5 -> 0 | N87: =I87/$G$2 -> 0 | P87: =M87*$Q$5 -> 0 | Q87: =P87*J87 -> 0 | R87: =P87+Q87 -> 0 | T87: =M87*$U$5 -> 0 | U87: =T87*J87 -> 0 | V87: =T87+U87 -> 0 | X87: =M87*$Y$5 -> 0 | Y87: =X87*J87 -> 0 | Z87: =X87+Y87 -> 0 | AB87: =I87-(P87+T87+X87) -> 0 | AF87: =AE87*J87 -> 0 | AI87: =I87-AC87 -> 0 | AJ87: =I87-AE87 -> 0
C88: B | E88: 322-1 | F88: Ferronerie / Serrrurerie - extérieur | J88: =TVAN -> 0.085 | K88: =I88*J88 -> 0 | L88: =I88+K88 -> 0 | M88: =I88/$G$5 -> 0 | N88: =I88/$G$2 -> 0 | P88: =M88*$Q$5 -> 0 | Q88: =P88*J88 -> 0 | R88: =P88+Q88 -> 0 | T88: =M88*$U$5 -> 0 | U88: =T88*J88 -> 0 | V88: =T88+U88 -> 0 | X88: =M88*$Y$5 -> 0 | Y88: =X88*J88 -> 0 | Z88: =X88+Y88 -> 0 | AB88: =I88-(P88+T88+X88) -> 0 | AF88: =AE88*J88 -> 0 | AG88: =AF88+AE88 -> 0 | AI88: =I88-AC88 -> 0 | AJ88: =I88-AE88 -> 0
E89: 322-2 | F89: Ferronerie / Serrrurerie - intérieur | I89: 0 | J89: =TVAN -> 0.085 | K89: =I89*J89 -> 0 | L89: =I89+K89 -> 0 | M89: =I89/$G$5 -> 0 | N89: =I89/$G$2 -> 0 | P89: =M89*$Q$5 -> 0 | Q89: =P89*J89 -> 0 | R89: =P89+Q89 -> 0 | T89: =M89*$U$5 -> 0 | U89: =T89*J89 -> 0 | V89: =T89+U89 -> 0 | X89: =M89*$Y$5 -> 0 | Y89: =X89*J89 -> 0 | Z89: =X89+Y89 -> 0 | AB89: =I89-(P89+T89+X89) -> 0 | AF89: =AE89*J89 -> 0 | AG89: =AF89+AE89 -> 0 | AI89: =I89-AC89 -> 0 | AJ89: =I89-AE89 -> 0
E90: 323 | F90: Menuiseries Intérieures | I90: 0 | J90: =TVAN -> 0.085 | K90: =I90*J90 -> 0 | L90: =I90+K90 -> 0 | M90: =I90/$G$5 -> 0 | N90: =I90/$G$2 -> 0 | P90: =M90*$Q$5 -> 0 | Q90: =P90*J90 -> 0 | R90: =P90+Q90 -> 0 | T90: =M90*$U$5 -> 0 | U90: =T90*J90 -> 0 | V90: =T90+U90 -> 0 | X90: =M90*$Y$5 -> 0 | Y90: =X90*J90 -> 0 | Z90: =X90+Y90 -> 0 | AB90: =I90-(P90+T90+X90) -> 0 | AF90: =AE90*J90 -> 0 | AI90: =I90-AC90 -> 0 | AJ90: =I90-AE90 -> 0
E91: 324 | F91: Cloisons sèches / faux plafonds | I91: 0 | J91: =TVAN -> 0.085 | K91: =I91*J91 -> 0 | L91: =I91+K91 -> 0 | M91: =I91/$G$5 -> 0 | N91: =I91/$G$2 -> 0 | P91: =M91*$Q$5 -> 0 | Q91: =P91*J91 -> 0 | R91: =P91+Q91 -> 0 | T91: =M91*$U$5 -> 0 | U91: =T91*J91 -> 0 | V91: =T91+U91 -> 0 | X91: =M91*$Y$5 -> 0 | Y91: =X91*J91 -> 0 | Z91: =X91+Y91 -> 0 | AB91: =I91-(P91+T91+X91) -> 0 | AF91: =AE91*J91 -> 0 | AG91: =AF91+AE91 -> 0 | AI91: =I91-AC91 -> 0 | AJ91: =I91-AE91 -> 0
D92: 325 | F92: Fluides | I92: =SUM(I93:I96) -> 0 | K92: =SUM(K93:K96) -> 0 | L92: =SUM(L93:L96) -> 0 | M92: =SUM(M93:M96) -> 0 | N92: =SUM(N93:N96) -> 0 | P92: =SUM(P93:P96) -> 0 | Q92: =SUM(Q93:Q96) -> 0 | R92: =SUM(R93:R96) -> 0 | T92: =SUM(T93:T96) -> 0 | U92: =SUM(U93:U96) -> 0 | V92: =SUM(V93:V96) -> 0 | X92: =SUM(X93:X96) -> 0 | Y92: =SUM(Y93:Y96) -> 0 | Z92: =SUM(Z93:Z96) -> 0 | AB92: =SUM(AB93:AB96) -> 0 | AC92: =SUM(AC93:AC96) -> 0 | AE92: =SUM(AE93:AE96) -> 0 | AF92: =SUM(AF93:AF96) -> 0 | AG92: =SUM(AG93:AG96) -> 0 | AI92: =SUM(AI93:AI96) -> 0 | AJ92: =SUM(AJ93:AJ96) -> 0
E93: 326 | F93: Electricité | I93: 0 | J93: =TVAN -> 0.085 | K93: =I93*J93 -> 0 | L93: =I93+K93 -> 0 | M93: =I93/$G$5 -> 0 | N93: =I93/$G$2 -> 0 | P93: =M93*$Q$5 -> 0 | Q93: =P93*J93 -> 0 | R93: =P93+Q93 -> 0 | T93: =M93*$U$5 -> 0 | U93: =T93*J93 -> 0 | V93: =T93+U93 -> 0 | X93: =M93*$Y$5 -> 0 | Y93: =X93*J93 -> 0 | Z93: =X93+Y93 -> 0 | AB93: =I93-(P93+T93+X93) -> 0 | AF93: =AE93*J93 -> 0 | AG93: =AF93+AE93 -> 0 | AI93: =I93-AC93 -> 0 | AJ93: =I93-AE93 -> 0
E94: 327 | F94: Courants Faibles-Téléphone-Télévision | I94: 0 | J94: =TVAN -> 0.085 | K94: =I94*J94 -> 0 | L94: =I94+K94 -> 0 | M94: =I94/$G$5 -> 0 | N94: =I94/$G$2 -> 0 | P94: =M94*$Q$5 -> 0 | Q94: =P94*J94 -> 0 | R94: =P94+Q94 -> 0 | T94: =M94*$U$5 -> 0 | U94: =T94*J94 -> 0 | V94: =T94+U94 -> 0 | X94: =M94*$Y$5 -> 0 | Y94: =X94*J94 -> 0 | Z94: =X94+Y94 -> 0 | AB94: =I94-(P94+T94+X94) -> 0 | AF94: =AE94*J94 -> 0 | AG94: =AF94+AE94 -> 0 | AI94: =I94-AC94 -> 0 | AJ94: =I94-AE94 -> 0
E95: 328 | F95: Plomberie / Sanitaire | I95: 0 | J95: =TVAN -> 0.085 | K95: =I95*J95 -> 0 | L95: =I95+K95 -> 0 | M95: =I95/$G$5 -> 0 | N95: =I95/$G$2 -> 0 | P95: =M95*$Q$5 -> 0 | Q95: =P95*J95 -> 0 | R95: =P95+Q95 -> 0 | T95: =M95*$U$5 -> 0 | U95: =T95*J95 -> 0 | V95: =T95+U95 -> 0 | X95: =M95*$Y$5 -> 0 | Y95: =X95*J95 -> 0 | Z95: =X95+Y95 -> 0 | AB95: =I95-(P95+T95+X95) -> 0 | AF95: =AE95*J95 -> 0 | AG95: =AF95+AE95 -> 0 | AI95: =I95-AC95 -> 0 | AJ95: =I95-AE95 -> 0
C96: F | E96: 329 | F96: Equipements énergie solaire | I96: 0 | J96: =TVAN -> 0.085 | K96: =I96*J96 -> 0 | L96: =I96+K96 -> 0 | M96: =I96/$G$5 -> 0 | N96: =I96/$G$2 -> 0 | P96: =M96*$Q$5 -> 0 | Q96: =P96*J96 -> 0 | R96: =P96+Q96 -> 0 | T96: =M96*$U$5 -> 0 | U96: =T96*J96 -> 0 | V96: =T96+U96 -> 0 | X96: =M96*$Y$5 -> 0 | Y96: =X96*J96 -> 0 | Z96: =X96+Y96 -> 0 | AB96: =I96-(P96+T96+X96) -> 0 | AF96: =AE96*J96 -> 0 | AG96: 0 | AI96: =I96-AC96 -> 0 | AJ96: =I96-AE96 -> 0
D97: 330 | F97: Revêtements-Finitions | I97: =SUM(I98:I104) -> 0 | K97: =SUM(K98:K104) -> 0 | L97: =SUM(L98:L104) -> 0 | M97: =SUM(M98:M104) -> 0 | N97: =SUM(N98:N104) -> 0 | P97: =SUM(P98:P104) -> 0 | Q97: =SUM(Q98:Q104) -> 0 | R97: =SUM(R98:R104) -> 0 | T97: =SUM(T98:T104) -> 0 | U97: =SUM(U98:U104) -> 0 | V97: =SUM(V98:V104) -> 0 | X97: =SUM(X98:X104) -> 0 | Y97: =SUM(Y98:Y104) -> 0 | Z97: =SUM(Z98:Z104) -> 0 | AB97: =SUM(AB98:AB104) -> 0 | AC97: =SUM(AC98:AC104) -> 0 | AE97: =SUM(AE98:AE104) -> 0 | AF97: =SUM(AF98:AF104) -> 0 | AG97: =SUM(AG98:AG104) -> 0 | AI97: =SUM(AI98:AI104) -> 0 | AJ97: =SUM(AJ98:AJ104) -> 0
E98: 331 | F98: Revêtements de sol souples | I98: 0 | J98: =TVAN -> 0.085 | K98: =I98*J98 -> 0 | L98: =I98+K98 -> 0 | M98: =I98/$G$5 -> 0 | N98: =I98/$G$2 -> 0 | P98: =M98*$Q$5 -> 0 | Q98: =P98*J98 -> 0 | R98: =P98+Q98 -> 0 | T98: =M98*$U$5 -> 0 | U98: =T98*J98 -> 0 | V98: =T98+U98 -> 0 | X98: =M98*$Y$5 -> 0 | Y98: =X98*J98 -> 0 | Z98: =X98+Y98 -> 0 | AB98: =I98-(P98+T98+X98) -> 0 | AF98: =AE98*J98 -> 0 | AG98: =AF98+AE98 -> 0 | AI98: =I98-AC98 -> 0 | AJ98: =I98-AE98 -> 0
E99: 332 | F99: Carrelage / faïence | I99: 0 | J99: =TVAN -> 0.085 | K99: =I99*J99 -> 0 | L99: =I99+K99 -> 0 | M99: =I99/$G$5 -> 0 | N99: =I99/$G$2 -> 0 | P99: =M99*$Q$5 -> 0 | Q99: =P99*J99 -> 0 | R99: =P99+Q99 -> 0 | T99: =M99*$U$5 -> 0 | U99: =T99*J99 -> 0 | V99: =T99+U99 -> 0 | X99: =M99*$Y$5 -> 0 | Y99: =X99*J99 -> 0 | Z99: =X99+Y99 -> 0 | AB99: =I99-(P99+T99+X99) -> 0 | AF99: =AE99*J99 -> 0 | AG99: =AF99+AE99 -> 0 | AI99: =I99-AC99 -> 0 | AJ99: =I99-AE99 -> 0
E100: 333 | F100: Peintures intérieures | I100: 0 | J100: =TVAN -> 0.085 | K100: =I100*J100 -> 0 | L100: =I100+K100 -> 0 | M100: =I100/$G$5 -> 0 | N100: =I100/$G$2 -> 0 | P100: =M100*$Q$5 -> 0 | Q100: =P100*J100 -> 0 | R100: =P100+Q100 -> 0 | T100: =M100*$U$5 -> 0 | U100: =T100*J100 -> 0 | V100: =T100+U100 -> 0 | X100: =M100*$Y$5 -> 0 | Y100: =X100*J100 -> 0 | Z100: =X100+Y100 -> 0 | AB100: =I100-(P100+T100+X100) -> 0 | AF100: =AE100*J100 -> 0 | AG100: =AF100+AE100 -> 0 | AI100: =I100-AC100 -> 0 | AJ100: =I100-AE100 -> 0
E101: 334-1 | F101: Peintures extérieures-ravalements | J101: =TVAN -> 0.085 | K101: =I101*J101 -> 0 | L101: =I101+K101 -> 0 | M101: =I101/$G$5 -> 0 | N101: =I101/$G$2 -> 0 | P101: =M101*$Q$5 -> 0 | Q101: =P101*J101 -> 0 | R101: =P101+Q101 -> 0 | T101: =M101*$U$5 -> 0 | U101: =T101*J101 -> 0 | V101: =T101+U101 -> 0 | X101: =M101*$Y$5 -> 0 | Y101: =X101*J101 -> 0 | Z101: =X101+Y101 -> 0 | AB101: =I101-(P101+T101+X101) -> 0 | AF101: =AE101*J101 -> 0 | AG101: =AF101+AE101 -> 0 | AI101: =I101-AC101 -> 0 | AJ101: =I101-AE101 -> 0
C102: D | E102: 334-2 | F102: Revêtements-ravalements d'étanchéité | J102: =TVAN -> 0.085 | K102: =I102*J102 -> 0 | L102: =I102+K102 -> 0 | M102: =I102/$G$5 -> 0 | N102: =I102/$G$2 -> 0 | P102: =M102*$Q$5 -> 0 | Q102: =P102*J102 -> 0 | R102: =P102+Q102 -> 0 | T102: =M102*$U$5 -> 0 | U102: =T102*J102 -> 0 | V102: =T102+U102 -> 0 | X102: =M102*$Y$5 -> 0 | Y102: =X102*J102 -> 0 | Z102: =X102+Y102 -> 0 | AB102: =I102-(P102+T102+X102) -> 0 | AF102: =AE102*J102 -> 0 | AG102: =AF102+AE102 -> 0 | AI102: =I102-AC102 -> 0 | AJ102: =I102-AE102 -> 0
C103: H | E103: 335-1 | F103: Boîtes aux lettres / Signalétique | J103: =TVAN -> 0.085 | K103: =I103*J103 -> 0 | L103: =I103+K103 -> 0 | M103: =I103/$G$5 -> 0 | N103: =I103/$G$2 -> 0 | P103: =M103*$Q$5 -> 0 | Q103: =P103*J103 -> 0 | R103: =P103+Q103 -> 0 | T103: =M103*$U$5 -> 0 | U103: =T103*J103 -> 0 | V103: =T103+U103 -> 0 | X103: =M103*$Y$5 -> 0 | Y103: =X103*J103 -> 0 | Z103: =X103+Y103 -> 0 | AB103: =I103-(P103+T103+X103) -> 0 | AF103: =AE103*J103 -> 0 | AG103: =AF103+AE103 -> 0 | AI103: =I103-AC103 -> 0 | AJ103: =I103-AE103 -> 0
...

Sheet Prgr. 2018
A1: Groupe | B1: PRLC
A4: Autorisation CA
A5: PROGRAMME | H5: Shi | I5: Sv | J5: S | K5: annexes privatives | N5: garages et boxes | Q5: Sa/2 | R5: SU | S5: Sg/2 | T5: Slcr/2 | U5: SF | V5: Nombre | W5: ECS | X5: Surfaces totales
A6: Type | B6: SHmini / SF maxi DEAL | C6: SHmini / SF maxi CRATE | D6: Cat.Fin. | E6: Localisation | F6: N° | G6: h (handicapable) H (équipé de barres d'appui) | H6: S.habitable intérieure | I6: S.Varangue | J6: Surface habitable | K6: Sa1 | L6: Sa2 | M6: Sa | N6: Sg1 | O6: Sg2 | P6: Sg | Q6: annexes privatives | R6: Surface utile | S6: garages et boxes | T6: LCR | U6: Surface finançable | W6: Chauffe eau solaire | X6: S.T | Y6: Sa/2.T | Z6: SU.T | AA6: Sg/2 | AB6: Slcr/2 | AC6: SF.T
D7: LLS | H7: moyenne | I7: 9<>14 | M7: total | P7: total | Q7: 0.5 | S7: 0.5 | T7: 0.5
A8: T I Bis a | B8: 30 / 50 | C8: 30 / 30 | D8: I Bis | H8: 30 | J8: =H8+I8 -> 30 | M8: =K8+L8 -> 0 | P8: =N8+O8 -> 0 | Q8: =M8*$Q$7 -> 0 | R8: =J8+Q8 -> 30 | S8: =P8*$S$7 -> 0 | T8: =IF(S.LCR=0,0,S.LCR/(NbreLLS+NbreLLTS)*$T$7) -> 0 | U8: =J8+Q8+S8+T8 -> 30 | V8: 4 | W8: =V8 -> 4 | X8: =J8*$V8 -> 120 | Y8: =Q8*$V8 -> 0 | Z8: =R8*$V8 -> 120 | AA8: =S8*$V8 -> 0 | AB8: =T8*$V8 -> 0 | AC8: =U8*$V8 -> 120
A9: T I Bis a + V | B9: 30 / 50 | C9: 30 / 30 | D9: I Bis | H9: 46 | J9: =H9+I9 -> 46 | M9: =K9+L9 -> 0 | P9: =N9+O9 -> 0 | Q9: =M9*$Q$7 -> 0 | R9: =J9+Q9 -> 46 | S9: =P9*$S$7 -> 0 | T9: =IF(S.LCR=0,0,S.LCR/(NbreLLS+NbreLLTS)*$T$7) -> 0 | U9: =J9+Q9+S9+T9 -> 46 | V9: 7 | W9: =V9 -> 7 | X9: =J9*$V9 -> 322 | Y9: =Q9*$V9 -> 0 | Z9: =R9*$V9 -> 322 | AA9: =S9*$V9 -> 0 | AB9: =T9*$V9 -> 0 | AC9: =U9*$V9 -> 322
A10: T II +V a | B10: 46 / 85 | C10: 46 / 46 | D10: III | H10: 66 | J10: =H10+I10 -> 66 | M10: =K10+L10 -> 0 | P10: =N10+O10 -> 0 | Q10: =M10*$Q$7 -> 0 | R10: =J10+Q10 -> 66 | S10: =P10*$S$7 -> 0 | T10: =IF(S.LCR=0,0,S.LCR/(NbreLLS+NbreLLTS)*$T$7) -> 0 | U10: =J10+Q10+S10+T10 -> 66 | V10: 11 | W10: =V10 -> 11 | X10: =J10*$V10 -> 726 | Y10: =Q10*$V10 -> 0 | Z10: =R10*$V10 -> 726 | AA10: =S10*$V10 -> 0 | AB10: =T10*$V10 -> 0 | AC10: =U10*$V10 -> 726
A11: T III +V a | B11: 56 / 100 | C11: 66 / 70 | D11: IV | H11: 76 | J11: =H11+I11 -> 76 | M11: =K11+L11 -> 0 | P11: =N11+O11 -> 0 | Q11: =M11*$Q$7 -> 0 | R11: =J11+Q11 -> 76 | S11: =P11*$S$7 -> 0 | T11: =IF(S.LCR=0,0,S.LCR/(NbreLLS+NbreLLTS)*$T$7) -> 0 | U11: =J11+Q11+S11+T11 -> 76 | V11: 10 | W11: =V11 -> 10 | X11: =J11*$V11 -> 760 | Y11: =Q11*$V11 -> 0 | Z11: =R11*$V11 -> 760 | AA11: =S11*$V11 -> 0 | AB11: =T11*$V11 -> 0 | AC11: =U11*$V11 -> 760
A12: T IV + V a | B12: 66 / 115 | C12: 76 / 80 | D12: V | H12: 86 | J12: =H12+I12 -> 86 | M12: =K12+L12 -> 0 | P12: =N12+O12 -> 0 | Q12: =M12*$Q$7 -> 0 | R12: =J12+Q12 -> 86 | S12: =P12*$S$7 -> 0 | T12: =IF(S.LCR=0,0,S.LCR/(NbreLLS+NbreLLTS)*$T$7) -> 0 | U12: =J12+Q12+S12+T12 -> 86 | V12: 3 | W12: =V12 -> 3 | X12: =J12*$V12 -> 258 | Y12: =Q12*$V12 -> 0 | Z12: =R12*$V12 -> 258 | AA12: =S12*$V12 -> 0 | AB12: =T12*$V12 -> 0 | AC12: =U12*$V12 -> 258
A13: T V +V a | B13: 76 / 130 | C13: 86 / 90 | D13: VI | J13: =H13+I13 -> 0 | M13: =K13+L13 -> 0 | P13: =N13+O13 -> 0 | Q13: =M13*$Q$7 -> 0 | R13: =J13+Q13 -> 0 | S13: =P13*$S$7 -> 0 | T13: =IF(S.LCR=0,0,S.LCR/(NbreLLS+NbreLLTS)*$T$7) -> 0 | U13: =J13+Q13+S13+T13 -> 0 | W13: =V13 -> 0 | X13: =J13*$V13 -> 0 | Y13: =Q13*$V13 -> 0 | Z13: =R13*$V13 -> 0 | AA13: =S13*$V13 -> 0 | AB13: =T13*$V13 -> 0 | AC13: =U13*$V13 -> 0
A14: PARKINGS | N14: 25 | P14: =N14+O14 -> 25 | Q14: =M14*$Q$7 -> 0 | R14: =J14+Q14 -> 0 | S14: =P14*$S$7 -> 12.5 | U14: =J14+Q14+S14+T14 -> 12.5 | V14: 35 | AA14: =S14*$V14 -> 437.5 | AB14: =T14*$V14 -> 0 | AC14: =U14*$V14 -> 437.5
A15: total / moyenne LLS | J15: =SH.LLS/NbreLLS -> 62.457143 | R15: =SU.LLS/NbreLLS -> 62.457143 | U15: =SF.LLS/NbreLLS -> 74.957143 | V15: =SUM(V8:V13) -> 35 | W15: =SUM(W8:W14) -> 35 | X15: =SUM(X8:X14) -> 2186 | Y15: =SUM(Y8:Y14) -> 0 | Z15: =SUM(Z8:Z14) -> 2186 | AA15: =SUM(AA8:AA14) -> 437.5 | AB15: =SUM(AB8:AB14) -> 0 | AC15: =SUM(AC8:AC14) -> 2623.5
AC16: =SF.LLS-SU.LLS-AA15-AB15 -> 0
D17: LLTS | M17: total | P17: total
A18: T I Bis a | B18: 30 / 50 | C18: 30 / 30 | D18: I Bis | H18: 30 | J18: =H18+I18 -> 30 | M18: =K18+L18 -> 0 | P18: =N18+O18 -> 0 | Q18: =M18*$Q$7 -> 0 | R18: =J18+Q18 -> 30 | S18: =P18*$S$7 -> 0 | T18: =IF(S.LCR=0,0,S.LCR/Nbre*$T$7) -> 0 | U18: =J18+Q18+S18+T18 -> 30 | V18: 4 | W18: =V18 -> 4 | X18: =J18*$V18 -> 120 | Y18: =Q18*$V18 -> 0 | Z18: =R18*$V18 -> 120 | AA18: =S18*$V18 -> 0 | AB18: =T18*$V18 -> 0 | AC18: =U18*$V18 -> 120
A19: T I Bis a + V | B19: 30 / 50 | C19: 30 / 30 | D19: I Bis | H19: 46 | J19: =H19+I19 -> 46 | M19: =K19+L19 -> 0 | P19: =N19+O19 -> 0 | Q19: =M19*$Q$7 -> 0 | R19: =J19+Q19 -> 46 | S19: =P19*$S$7 -> 0 | T19: =IF(S.LCR=0,0,S.LCR/Nbre*$T$7) -> 0 | U19: =J19+Q19+S19+T19 -> 46 | V19: 7 | W19: =V19 -> 7 | X19: =J19*$V19 -> 322 | Y19: =Q19*$V19 -> 0 | Z19: =R19*$V19 -> 322 | AA19: =S19*$V19 -> 0 | AB19: =T19*$V19 -> 0 | AC19: =U19*$V19 -> 322
A20: T II +V a | B20: 46 / 85 | C20: 46 / 46 | D20: III | H20: 66 | J20: =H20+I20 -> 66 | M20: =K20+L20 -> 0 | P20: =N20+O20 -> 0 | Q20: =M20*$Q$7 -> 0 | R20: =J20+Q20 -> 66 | S20: =P20*$S$7 -> 0 | T20: =IF(S.LCR=0,0,S.LCR/Nbre*$T$7) -> 0 | U20: =J20+Q20+S20+T20 -> 66 | V20: 11 | W20: =V20 -> 11 | X20: =J20*$V20 -> 726 | Y20: =Q20*$V20 -> 0 | Z20: =R20*$V20 -> 726 | AA20: =S20*$V20 -> 0 | AB20: =T20*$V20 -> 0 | AC20: =U20*$V20 -> 726
A21: T III +V a | B21: 56 / 100 | C21: 66 / 70 | D21: IV | H21: 76 | J21: =H21+I21 -> 76 | M21: =K21+L21 -> 0 | P21: =N21+O21 -> 0 | Q21: =M21*$Q$7 -> 0 | R21: =J21+Q21 -> 76 | S21: =P21*$S$7 -> 0 | T21: =IF(S.LCR=0,0,S.LCR/Nbre*$T$7) -> 0 | U21: =J21+Q21+S21+T21 -> 76 | V21: 10 | W21: =V21 -> 10 | X21: =J21*$V21 -> 760 | Y21: =Q21*$V21 -> 0 | Z21: =R21*$V21 -> 760 | AA21: =S21*$V21 -> 0 | AB21: =T21*$V21 -> 0 | AC21: =U21*$V21 -> 760
A22: T IV + V a | B22: 66 / 115 | C22: 76 / 80 | D22: V | H22: 86 | J22: =H22+I22 -> 86 | M22: =K22+L22 -> 0 | P22: =N22+O22 -> 0 | Q22: =M22*$Q$7 -> 0 | R22: =J22+Q22 -> 86 | S22: =P22*$S$7 -> 0 | T22: =IF(S.LCR=0,0,S.LCR/Nbre*$T$7) -> 0 | U22: =J22+Q22+S22+T22 -> 86 | V22: 3 | W22: =V22 -> 3 | X22: =J22*$V22 -> 258 | Y22: =Q22*$V22 -> 0 | Z22: =R22*$V22 -> 258 | AA22: =S22*$V22 -> 0 | AB22: =T22*$V22 -> 0 | AC22: =U22*$V22 -> 258
A23: T V +V a | B23: 76 / 130 | C23: 86 / 90 | D23: VI | J23: =H23+I23 -> 0 | M23: =K23+L23 -> 0 | P23: =N23+O23 -> 0 | Q23: =M23*$Q$7 -> 0 | R23: =J23+Q23 -> 0 | S23: =P23*$S$7 -> 0 | T23: =IF(S.LCR=0,0,S.LCR/Nbre*$T$7) -> 0 | U23: =J23+Q23+S23+T23 -> 0 | W23: =V23 -> 0 | X23: =J23*$V23 -> 0 | Y23: =Q23*$V23 -> 0 | Z23: =R23*$V23 -> 0 | AA23: =S23*$V23 -> 0 | AB23: =T23*$V23 -> 0 | AC23: =U23*$V23 -> 0
A24: PARKINGS | N24: 25 | P24: =N24+O24 -> 25 | Q24: =M24*$Q$7 -> 0 | R24: =J24+Q24 -> 0 | S24: =P24*$S$7 -> 12.5 | U24: =J24+Q24+S24+T24 -> 12.5 | V24: 35 | W24: =V24 -> 35 | AA24: =S24*$V24 -> 437.5 | AB24: =T24*$V24 -> 0 | AC24: =U24*$V24 -> 437.5
A25: total / moyenne LLTS | J25: =SH.LLTS/NbreLLTS -> 62.457143 | R25: =SU.LLTS/NbreLLTS -> 62.457143 | U25: =SF.LLTS/NbreLLTS -> 74.957143 | V25: =SUM(V18:V23) -> 35 | W25: =SUM(W18:W24) -> 70 | X25: =SUM(X18:X24) -> 2186 | Y25: =SUM(Y18:Y24) -> 0 | Z25: =SUM(Z18:Z24) -> 2186 | AA25: =SUM(AA18:AA24) -> 437.5 | AB25: =SUM(AB18:AB24) -> 0 | AC25: =SUM(AC18:AC24) -> 2623.5
AC26: =SF.LLTS-SU.LLTS-AA25-AB25 -> 0
D27: COMMERCES | M27: total | P27: total
A28: COMMERCE 1 | J28: =H28+I28 -> 0 | M28: =K28+L28 -> 0 | P28: =N28+O28 -> 0 | Q28: =M28*$Q$7 -> 0 | R28: =J28+Q28 -> 0 | S28: =P28*$S$7 -> 0 | T28: 0 | U28: =J28+Q28+S28+T28 -> 0 | X28: =J28*$V28 -> 0 | Y28: =Q28*$V28 -> 0 | Z28: =R28*$V28 -> 0 | AA28: =S28*$V28 -> 0 | AB28: =T28*$V28 -> 0 | AC28: =U28*$V28 -> 0
A29: COMMERCE 2 | J29: =H29+I29 -> 0 | M29: =K29+L29 -> 0 | P29: =N29+O29 -> 0 | Q29: =M29*$Q$7 -> 0 | R29: =J29+Q29 -> 0 | S29: =P29*$S$7 -> 0 | T29: 0 | U29: =J29+Q29+S29+T29 -> 0 | X29: =J29*$V29 -> 0 | Y29: =Q29*$V29 -> 0 | Z29: =R29*$V29 -> 0 | AA29: =S29*$V29 -> 0 | AB29: =T29*$V29 -> 0 | AC29: =U29*$V29 -> 0
A30: COMMERCE 3 | J30: =H30+I30 -> 0 | M30: =K30+L30 -> 0 | P30: =N30+O30 -> 0 | Q30: =M30*$Q$7 -> 0 | R30: =J30+Q30 -> 0 | S30: =P30*$S$7 -> 0 | T30: 0 | U30: =J30+Q30+S30+T30 -> 0 | X30: =J30*$V30 -> 0 | Y30: =Q30*$V30 -> 0 | Z30: =R30*$V30 -> 0 | AA30: =S30*$V30 -> 0 | AB30: =T30*$V30 -> 0 | AC30: =U30*$V30 -> 0
A31: COMMERCE 4 | J31: =H31+I31 -> 0 | M31: =K31+L31 -> 0 | P31: =N31+O31 -> 0 | Q31: =M31*$Q$7 -> 0 | R31: =J31+Q31 -> 0 | S31: =P31*$S$7 -> 0 | T31: 0 | U31: =J31+Q31+S31+T31 -> 0 | X31: =J31*$V31 -> 0 | Y31: =Q31*$V31 -> 0 | Z31: =R31*$V31 -> 0 | AA31: =S31*$V31 -> 0 | AB31: =T31*$V31 -> 0 | AC31: =U31*$V31 -> 0
A32: total / moyenne COMMERCES | J32: =SH.COMM/NbreCOMM -> #DIV/0! | R32: =SU.COMM/NbreCOMM -> #DIV/0! | U32: =SF.COMM/NbreCOMM -> #DIV/0! | V32: =SUM(V28:V31) -> 0 | W32: =SUM(W28:W31) -> 0 | X32: =SUM(X28:X31) -> 0 | Y32: =SUM(Y28:Y31) -> 0 | Z32: =SUM(Z28:Z31) -> 0 | AA32: =SUM(AA28:AA31) -> 0 | AB32: =SUM(AB28:AB31) -> 0 | AC32: =SUM(AC28:AC31) -> 0
A34: total / moyenne Groupe | J34: =SH.T/Nbre -> 62.457143 | R34: =SU.T/Nbre -> 62.457143 | U34: =SF.T/Nbre -> 74.957143 | V34: =V15+V25+V32 -> 70 | W34: =W15+W25+W32 -> 105 | X34: =X15+X25+X32 -> 4372 | Y34: =Y15+Y25+Y32 -> 0 | Z34: =Z15+Z25+Z32 -> 4372 | AA34: =AA15+AA25+AA32 -> 875 | AB34: =AB15+AB25+AB32 -> 0 | AC34: =SF.LLS+SF.LLTS+SF.COMM -> 5247
U35: ECS | V35: LLS | W35: =W15 -> 35 | Y35: LCR | Z35: surface réelle | AB35: SHOB
V36: LLTS | W36: =W25 -> 70 | Z36: cr. | AA36: =AA35-AB34*2 -> 0 | AB36: S plancher
A37: PARAMETRES | B37: LLS/TS | C37: PRG | D37: 2018 | G37: Prix de revient prévisionnel | V37: Financement
A38: valeur au | B38: ICC (moyenne) | E38: PRP | F38: Nbre | G38: SF | H38: CFRéf | I38: SF | Q38: LBU | R38: Nbre | S38: SF | T38: ECS | U38: Nbre | X38: LLS | Y38: LLTS | Z38: COMMERCES | AA38: Total
A39: 42736 | B39: 2 TR 2016 | C39: 1618.5 | D39: 2017 | F39: 36559 | G39: 1162 | I39: 150 | R39: 32605 | S39: 1037 | U39: 2691 | W39: LBU | X39: =($R$40*NbreLLS)+($S$40*SF.LLS) -> 3939413 | Y39: =($R$40*NbreLLTS)+($S$40*SF.LLTS) -> 3939413 | AA39: =X39+Y39+Z39 -> 7878826
A40: 43101 | B40: 2 TR 2017 | C40: 1650.5 | D40: 2018 | F40: =F39*$C$41 -> 37281.822 | G40: =G39*$C$41 -> 1184.9744 | I40: 150 | R40: 33250 | S40: 1058 | U40: 2744 | W40: ECS | X40: =($W$35*$U$40) -> 96040 | Y40: =($W$36*$U$40) -> 192080 | AA40: =X40+Y40+Z40 -> 288120
B41: coef. 2018/2017 | C41: =C40/C39 -> 1.0197714 | T41: ASC | V41: < 5% | W41: ASC | X41: =$U$41*F53 -> 0 | Y41: =$U$41*G53 -> 0 | AA41: =X41+Y41+Z41 -> 0
B42: IRL | D42: LM Dom | W42: REV | AA42: =X42+Y42 -> 0
A43: 42736 | B43: 2 TR 2016 | C43: 125.26 | D43: 6.92 | E43: indicatif | F43: LLS | G43: LLTS | H43: Com | I43: Total | T43: LBU - TS | U43: 8780 | V43: A max | X43: =SUM(X39:X41) -> 4035453 | Y43: =SUM(Y39:Y42) -> 4131493 | AA43: =X43+Y43 -> 8166946
A44: 43101 | B44: 2 TR 2017 | C44: 126.19 | D44: 6.97 | E44: PRP | F44: =($F$40*NbreLLS)+($G$40*SF.LLS) -> 4413644 | G44: =($F$40*NbreLLTS)+($G$40*SF.LLTS) -> 4413644 | H44: =($F$40*NbreCOMM)+($G$40*SF.COMM) -> 0 | I44: =F44+G44+H44 -> 8827288 | U44: 8954 | V44: Taux de subvention | X44: 0.27 | Y44: 0.325
B45: coef. 2018/2017 | C45: =C44/C43 -> 1.0074246 | E45: Au m2/SF | F45: =F44/SF.LLS -> 1682.3495 | G45: =G44/SF.LLTS -> 1682.3495 | H45: =H44/SF.COMM -> #DIV/0! | I45: =I44/SF.T -> 1682.3495 | V45: Subvention LBU | X45: =X43*X44 -> 1089572.3 | Y45: =Y43*Y44 -> 1342735.2 | AA45: =X45+Y45 -> 2432307.5
A47: REALISATION | B47: AU | E47: Prix de Revient | F47: LLS | G47: LLTS | H47: Com | I47: Total | K47: LLS | L47: LLTS | M47: Com | Q47: Au m2/SF | R47: par log./équiv. | V47: Financement | X47: LLS | Y47: LLTS | Z47: Com | AA47: Total
K48: au m2 | L48: au m2 | M48: au m2
A49: Terrain | C49: Calendrier travaux | E49: Terrain | F49: =Bdgt!R185 -> 32697.525 | G49: =Bdgt!V185 -> 32697.525 | H49: =Bdgt!Z185 -> 0 | I49: =F49+G49+H49 -> 65395.05 | K49: =F49/SF.LLS -> 12.463322 | L49: =G49/SF.LLTS -> 12.463322 | M49: =H49/SF.COMM -> #DIV/0! | Q49: =I49/SF.T -> 12.463322 | R49: =I49/Nbre -> 934.215 | S49: DF LLS | V49: Subventions | X49: =SUM(X50:X55) -> 0 | Y49: =SUM(Y50:Y55) -> 0 | Z49: =SUM(Z50:Z55) -> 0 | AA49: =SUM(AA50:AA55) -> 0
E50: VRD/Aménag. | F50: =Bdgt!R186 -> 35377.65 | G50: =Bdgt!V186 -> 35377.65 | H50: =Bdgt!Z186 -> 0 | I50: =F50+G50+H50 -> 70755.3 | K50: =F50/SF.LLS -> 13.484906 | L50: =G50/SF.LLTS -> 13.484906 | M50: =H50/SF.COMM -> #DIV/0! | Q50: =I50/SF.T -> 13.484906 | R50: =I50/Nbre -> 1010.79 | S50: DF LLTS | V50: LBU | X50: =Bdgt!R168 -> 0 | Y50: =Bdgt!V168 -> 0 | AA50: =X50+Y50+Z50 -> 0
E51: =I52/I63 -> 0.33270886 | I51: =F51+G51+H51 -> 0 | V51: Surcharge foncière | AA51: =X51+Y51+Z51 -> 0
E52: Charge Foncière | F52: =SUM(F49:F51) -> 68075.175 | G52: =SUM(G49:G51) -> 68075.175 | H52: =SUM(H49:H51) -> 0 | I52: =SUM(I49:I51) -> 136150.35 | K52: =F52/SF.LLS -> 25.948228 | L52: =G52/SF.LLTS -> 25.948228 | M52: =H54/SF.COMM -> #DIV/0! | Q52: =I52/SF.T -> 25.948228 | R52: =I52/Nbre -> 1945.005 | U52: =U44 -> 8954 | V52: LBU compl. | AA52: =X52+Y52+Z52 -> 0
C53: PC n° | E53: Travaux Bâtiment | F53: =Bdgt!R189 -> 0 | G53: =Bdgt!V189 -> 0 | H53: =Bdgt!Z189 -> 0 | I53: =F53+G53+H53 -> 0 | K53: =F53/SF.LLS -> 0 | L53: =G53/SF.LLTS -> 0 | M53: =H56/SF.COMM -> #DIV/0! | Q53: =I53/SF.T -> 0 | R53: =I53/Nbre -> 0 | U53: =4000 -> 4000 | V53: Collectivité | AA53: =X53+Y53+Z53 -> 0
A54: Achat | C54: Date | E54: Honoraires Techniques | F54: =Bdgt!R190 -> 57176 | G54: =Bdgt!V190 -> 57176 | H54: =Bdgt!Z190 -> 0 | I54: =F54+G54+H54 -> 114352 | K54: =F54/SF.LLS -> 21.793787 | L54: =G54/SF.LLTS -> 21.793787 | M54: =H57/SF.COMM -> #DIV/0! | Q54: =I54/SF.T -> 21.793787 | R54: =I54/Nbre -> 1633.6 | U54: 3200 | V54: Autres | W54: ECS | AA54: =X54+Y54+Z54 -> 0
A55: Surface | C55: DROC | E55: Assurance | F55: =Bdgt!R191 -> 1173.1 | G55: =Bdgt!V191 -> 1173.1 | H55: =Bdgt!Z191 -> 0 | I55: =F55+G55+H55 -> 2346.2 | K55: =F55/SF.LLS -> 0.44715074 | L55: =G55/SF.LLTS -> 0.44715074 | M55: =H58/SF.COMM -> #DIV/0! | Q55: =I55/SF.T -> 0.44715074 | R55: =I55/Nbre -> 33.517142 | V55: Autres | W55: CAF | AA55: =X55+Y55+Z55 -> 0
A56: Prix | C56: OS n°1 | E56: Frais annexes techniques | F56: =Bdgt!R192 -> 0 | G56: =Bdgt!V192 -> 0 | H56: =Bdgt!Z192 -> 0 | I56: =F56+G56+H56 -> 0 | K56: =F56/SF.LLS -> 0 | L56: =G56/SF.LLTS -> 0 | M56: =H59/SF.COMM -> #DIV/0! | Q56: =I56/SF.T -> 0 | R56: =I56/Nbre -> 0 | V56: Prêt CDC | X56: =SUM(X57:X58) -> 68075.175 | Y56: =SUM(Y57:Y58) -> 68075.175 | Z56: =SUM(Z57:Z58) -> 0 | AA56: =SUM(AA57:AA58) -> 136150.35
A57: Au m2/terrain | B57: =B56/B55 -> #DIV/0! | C57: Durée prév./mois | E57: Coût Technique | F57: =SUM(F53:F56) -> 58349.1 | G57: =SUM(G53:G56) -> 58349.1 | H57: =SUM(H53:H56) -> 0 | I57: =SUM(I53:I56) -> 116698.2 | K57: =F57/SF.LLS -> 22.240938 | L57: =G57/SF.LLTS -> 22.240938 | M57: =H60/SF.COMM -> #DIV/0! | Q57: =I57/SF.T -> 22.240938 | R57: =I57/Nbre -> 1667.1171 | V57: Construction | X57: =Bdgt!R161 -> 0 | Y57: =Bdgt!V161 -> 0 | AA57: =X57+Y57+Z57 -> 0
A58: Au m2/SHON | B58: =B56/SP -> #DIV/0! | C58: Réception | D58: =DATE(YEAR($D$56),MONTH($D$56)+$D$57,DAY($D$56)) -> 0 | E58: Rém | F58: =Bdgt!R195 -> 78184.567 | G58: =Bdgt!V195 -> 78184.567 | H58: =Bdgt!Z195 -> 0 | I58: =F58+G58+H58 -> 156369.13 | Q58: =I58/SF.T -> 29.801626 | R58: =I58/Nbre -> 2233.8448 | V58: Foncier | X58: =Bdgt!R162 -> 68075.175 | Y58: =Bdgt!V162 -> 68075.175 | AA58: =X58+Y58+Z58 -> 136150.35
A59: COS | B59: NR | C59: Mise en service | D59: =DATE(YEAR($D$56),MONTH($D$56)+$D$57+1,DAY($D$56)) -> 31 | E59: IC immobilisés | I59: =F59+G59+H59 -> 0 | Q59: =I59/SF.T -> 0 | R59: =I59/Nbre -> 0 | V59: Autres Prêts | X59: =SUM(X60:X61) -> 0 | Y59: =SUM(Y60:Y61) -> 0 | Z59: =SUM(Z60:Z61) -> 0 | AA59: =SUM(AA60:AA61) -> 0
C60: DAT | D60: =DATE(YEAR($D$56),MONTH($D$56)+$D$57+2,DAY($D$56)) -> 60 | E60: Autres | I60: =F60+G60+H60 -> 0 | Q60: =I60/SF.T -> 0 | R60: =I60/Nbre -> 0 | V60: 1% | AA60: =X60+Y60+Z60 -> 0
C61: Conformité | E61: Frais généraux | F61: =SUM(F58:F60) -> 78184.567 | G61: =SUM(G58:G60) -> 78184.567 | H61: =SUM(H58:H60) -> 0 | I61: =F61+G61+H61 -> 156369.13 | K61: =F61/SF.LLS -> 29.801626 | L61: =G61/SF.LLTS -> 29.801626 | M61: =H61/SF.COMM -> #DIV/0! | Q61: =I61/SF.T -> 29.801626 | R61: =I61/Nbre -> 2233.8448 | V61: Fonds Propres | X61: =Bdgt!R178 -> 0 | Y61: =Bdgt!V178 -> 0 | AA61: =X61+Y61+Z61 -> 0
E62: Frais notaire défisc | F62: =Bdgt!R196 -> 0 | G62: =Bdgt!V196 -> 0 | I62: =F62+G62+H62 -> 0 | Q62: =I62/SF.T -> 0 | R62: =I62/Nbre -> 0 | V62: Crédit d'impôt | X62: =Bdgt!R177 -> 0 | Y62: =Bdgt!V177 -> 0 | AA62: =X62+Y62+Z62 -> 0
E63: PRP | F63: =F52+F57+F61+F62 -> 204608.84 | G63: =G52+G57+G61+G62 -> 204608.84 | H63: =H52+H57+H61+H62 -> 0 | I63: =I52+I57+I61+I62 -> 409217.68 | K63: =F63/SF.LLS -> 77.990792 | L63: =G63/SF.LLTS -> 77.990792 | M63: =H63/SF.COMM -> #DIV/0! | Q63: =Q52+Q57+Q61+Q62 -> 77.990792 | R63: =R52+R57+R61+R62 -> 5845.9669 | V63: Total Financement | X63: =X49+X56+X59+X61+X62 -> 68075.175 | Y63: =Y49+Y56+Y59+Y61+Y62 -> 68075.175 | Z63: =Z49+Z56+Z59+Z61+Z62 -> 0 | AA63: =X63+Y63+Z63 -> 136150.35 | AB63: =AA63-(AA56+AA59+AA49+AA62) -> 0 | AC63: INDEX(Max!B3:D7;EQUIV(A49;Max!A3:A7;0);1)
F64: =F63/$F$44 -> 0.046358257 | G64: =G63/$G$44 -> 0.046358257 | I64: =(F63+G63+H63-I63) -> 0 | X64: =X63-F63 -> -136533.67 | Y64: =Y63-G63 -> -136533.67 | Z64: =Z63-H63 -> 0 | AA64: =AA63-I63 -> -273067.33
A66: LOYERS | E66: Loyer plafond à la convention de financement | Q66: Loyer plafond actualisé à la DAT | V66: Loyer retenu à la livraison | AF66: Approche AL
E67: IRL | F67: =C44 -> 126.19 | G67: =B44 -> 2 TR 2017 | H67: à compter du | I67: =A44 -> 43101 | N67: quittancement à la mise en service | Q67: 1 | R67: =F67*Q67 -> 126.19 | S67: 4 TR 2017 | T67: 42917 | V67: IRL | W67: =R67 -> 126.19 | X67: xx TR xxxx | Y67: date
A68: =$A6 -> Type | B68: Nbre | C68: SF.T | D68: CS | E68: L.max /mois | I68: L.max /an | K68: Surface par type | N68: loyer annuel | O68: charges | P68: total | Q68: L.max /mois | V68: Loyer mensuel (par type) | Z68: provision | AA68: total | AB68: loyer demandé | AC68: loyer demandé | AF68: estimation | AG68: reste
E69: par type | F69: m2/SF | G69: m2/SU | H69: m2/S | K69: S | L69: SU | M69: SF | N69: OPR | P69: an | Q69: par type | R69: m2/SF | S69: m2/SU | T69: m2/S | V69: par type | W69: m2/SF | X69: m2/SU | Y69: m2/S | Z69: pour charges | AA69: quittance | AB69: GL hors charges | AC69: GL y/c charges | AF69: AL | AG69: à charge
A70: LLS | F70: =D44 -> 6.97 | R70: =LMDom/$F$67*$R$67 -> 6.97 | Z70: 1
A71: =$A8 -> T I Bis a | B71: =$V8 -> 4 | C71: =$AC8 -> 120 | D71: =0.685*(31*B71+C71)/C71 -> 1.3928333 | E71: =LMDom*D71*M71 -> 291.24145 | F71: =LMDom*D71 -> 9.7080483 | G71: =$E71/L71 -> 9.7080483 | H71: =$E71/K71 -> 9.7080483 | I71: =E71*B71*12 -> 13979.59 | K71: =$J8 -> 30 | L71: =$R8 -> 30 | M71: =$U8 -> 30 | N71: =V71*B71*12 -> 13979.59 | O71: =Z71*B71*12 -> 1440 | P71: =N71+O71 -> 15419.59 | Q71: =E71/$F$67*$R$67 -> 291.24145 | R71: =$Q71/M71 -> 9.7080483 | S71: =$Q71/L71 -> 9.7080483 | T71: =$Q71/K71 -> 9.7080483 | V71: =Q71 -> 291.24145 | W71: =$Q71/M71 -> 9.7080483 | X71: =$Q71/L71 -> 9.7080483 | Y71: =$Q71/K71 -> 9.7080483 | Z71: =$Z$70*L71 -> 30 | AA71: =V71+Z71 -> 321.24145 | AC71: =INDEX(Max!B3:D7,MATCH(A71,Max!A3:A7,0),1) -> #N/A
A72: =$A9 -> T I Bis a + V | B72: =$V9 -> 7 | C72: =$AC9 -> 322 | D72: =0.685*(31*B72+C72)/C72 -> 1.1466304 | E72: =LMDom*D72*M72 -> 367.63265 | F72: =LMDom*D72 -> 7.9920141 | G72: =$E72/L72 -> 7.9920141 | H72: =$E72/K72 -> 7.9920141 | I72: =E72*B72*12 -> 30881.143 | K72: =$J9 -> 46 | L72: =$R9 -> 46 | M72: =$U9 -> 46 | N72: =V72*B72*12 -> 30881.143 | O72: =Z72*B72*12 -> 3864 | P72: =N72+O72 -> 34745.143 | Q72: =E72/$F$67*$R$67 -> 367.63265 | R72: =$Q72/M72 -> 7.9920141 | S72: =$Q72/L72 -> 7.9920141 | T72: =$Q72/K72 -> 7.9920141 | V72: =Q72 -> 367.63265 | W72: =$Q72/M72 -> 7.9920141 | X72: =$Q72/L72 -> 7.9920141 | Y72: =$Q72/K72 -> 7.9920141 | Z72: =$Z$70*L72 -> 46 | AA72: =V72+Z72 -> 413.63265 | AC72: =INDEX(Max!B4:D8,MATCH(A72,Max!A4:A8,0),1) -> #N/A
A73: =$A10 -> T II +V a | B73: =$V10 -> 11 | C73: =$AC10 -> 726 | D73: =0.685*(31*B73+C73)/C73 -> 1.0067424 | E73: =LMDom*D73*M73 -> 463.12165 | F73: =LMDom*D73 -> 7.0169947 | G73: =$E73/L73 -> 7.0169947 | H73: =$E73/K73 -> 7.0169947 | I73: =E73*B73*12 -> 61132.058 | K73: =$J10 -> 66 | L73: =$R10 -> 66 | M73: =$U10 -> 66 | N73: =V73*B73*12 -> 61132.058 | O73: =Z73*B73*12 -> 8712 | P73: =N73+O73 -> 69844.058 | Q73: =E73/$F$67*$R$67 -> 463.12165 | R73: =$Q73/M73 -> 7.0169947 | S73: =$Q73/L73 -> 7.0169947 | T73: =$Q73/K73 -> 7.0169947 | V73: =Q73 -> 463.12165 | W73: =$Q73/M73 -> 7.0169947 | X73: =$Q73/L73 -> 7.0169947 | Y73: =$Q73/K73 -> 7.0169947 | Z73: =$Z$70*L73 -> 66 | AA73: =V73+Z73 -> 529.12165 | AC73: =INDEX(Max!B5:D9,MATCH(A73,Max!A5:A9,0),1) -> #N/A
A74: =$A11 -> T III +V a | B74: =$V11 -> 10 | C74: =$AC11 -> 760 | D74: =0.685*(31*B74+C74)/C74 -> 0.96440789 | E74: =LMDom*D74*M74 -> 510.86615 | F74: =LMDom*D74 -> 6.721923 | G74: =$E74/L74 -> 6.721923 | H74: =$E74/K74 -> 6.721923 | I74: =E74*B74*12 -> 61303.938 | K74: =$J11 -> 76 | L74: =$R11 -> 76 | M74: =$U11 -> 76 | N74: =V74*B74*12 -> 61303.938 | O74: =Z74*B74*12 -> 9120 | P74: =N74+O74 -> 70423.938 | Q74: =E74/$F$67*$R$67 -> 510.86615 | R74: =$Q74/M74 -> 6.721923 | S74: =$Q74/L74 -> 6.721923 | T74: =$Q74/K74 -> 6.721923 | V74: =Q74 -> 510.86615 | W74: =$Q74/M74 -> 6.721923 | X74: =$Q74/L74 -> 6.721923 | Y74: =$Q74/K74 -> 6.721923 | Z74: =$Z$70*L74 -> 76 | AA74: =V74+Z74 -> 586.86615 | AC74: =INDEX(Max!B6:D10,MATCH(A74,Max!A6:A10,0),1) -> #N/A
A75: =$A12 -> T IV + V a | B75: =$V12 -> 3 | C75: =$AC12 -> 258 | D75: =0.685*(31*B75+C75)/C75 -> 0.9319186 | E75: =LMDom*D75*M75 -> 558.61065 | F75: =LMDom*D75 -> 6.4954727 | G75: =$E75/L75 -> 6.4954727 | H75: =$E75/K75 -> 6.4954727 | I75: =E75*B75*12 -> 20109.983 | K75: =$J12 -> 86 | L75: =$R12 -> 86 | M75: =$U12 -> 86 | N75: =V75*B75*12 -> 20109.983 | O75: =Z75*B75*12 -> 3096 | P75: =N75+O75 -> 23205.983 | Q75: =E75/$F$67*$R$67 -> 558.61065 | R75: =$Q75/M75 -> 6.4954727 | S75: =$Q75/L75 -> 6.4954727 | T75: =$Q75/K75 -> 6.4954727 | V75: =Q75 -> 558.61065 | W75: =$Q75/M75 -> 6.4954727 | X75: =$Q75/L75 -> 6.4954727 | Y75: =$Q75/K75 -> 6.4954727 | Z75: =$Z$70*L75 -> 86 | AA75: =V75+Z75 -> 644.61065 | AC75: =INDEX(Max!B7:D11,MATCH(A75,Max!A7:A11,0),1) -> #N/A
A76: =$A13 -> T V +V a | B76: =$V13 -> 0 | C76: =$AC13 -> 0 | D76: =0.685*(31*B76+C76)/C76 -> #DIV/0! | E76: =LMDom*D76*M76 -> #DIV/0! | F76: =LMDom*D76 -> #DIV/0! | G76: =$E76/L76 -> #DIV/0! | H76: =$E76/K76 -> #DIV/0! | I76: =E76*B76*12 -> #DIV/0! | K76: =$J13 -> 0 | L76: =$R13 -> 0 | M76: =$U13 -> 0 | N76: =V76*B76*12 -> #DIV/0! | O76: =Z76*B76*12 -> 0 | P76: =N76+O76 -> #DIV/0! | Q76: =E76/$F$67*$R$67 -> #DIV/0! | R76: =$Q76/M76 -> #DIV/0! | S76: =$Q76/L76 -> #DIV/0! | T76: =$Q76/K76 -> #DIV/0! | V76: =Q76 -> #DIV/0! | W76: =$Q76/M76 -> #DIV/0! | X76: =$Q76/L76 -> #DIV/0! | Y76: =$Q76/K76 -> #DIV/0! | Z76: =$Z$70*L76 -> 0 | AA76: =V76+Z76 -> #DIV/0! | AC76: =INDEX(Max!B8:D12,MATCH(A76,Max!A8:A12,0),1) -> #N/A
A77: =$A14 -> PARKINGS | B77: =$V14 -> 35 | C77: =$AC14 -> 437.5 | D77: =0.685 -> 0.685 | E77: =LMDom*D77*M77 -> 59.680625 | F77: =LMDom*D77 -> 4.77445 | G77: =$E77/L77 -> #DIV/0! | H77: =$E77/K77 -> #DIV/0! | I77: =E77*B77*12 -> 25065.863 | K77: =$J14 -> 0 | L77: =$R14 -> 0 | M77: =$U14 -> 12.5 | N77: =V77*B77*12 -> 25065.863 | O77: =Z77*B77*12 -> 0 | P77: =N77+O77 -> 25065.863 | Q77: =E77/$F$67*$R$67 -> 59.680625 | R77: =$Q77/M77 -> 4.77445 | S77: =$Q77/L77 -> #DIV/0! | T77: =$Q77/K77 -> #DIV/0! | V77: =Q77 -> 59.680625 | W77: =$Q77/M77 -> 4.77445 | X77: =$Q77/L77 -> #DIV/0! | Y77: =$Q77/K77 -> #DIV/0! | Z77: =$Z$70*L77 -> 0 | AA77: =V77+Z77 -> 59.680625 | AC77: =INDEX(Max!B9:D13,MATCH(A77,Max!A9:A13,0),1) -> #N/A
A78: total / moyenne | B78: =SUM(B71:B76) -> 35 | C78: =SUM(C71:C77) -> 2623.5 | D78: =0.685*(31*B78+C78)/C78 -> 0.96829522 | E78: =LMDom*D78*M78 -> 505.88708 | F78: =LMDom*D78 -> 6.7490177 | G78: =$E78/L78 -> 8.0997474 | H78: =$E78/K78 -> 8.0997474 | I78: =SUM(I71:I77) -> #DIV/0! | K78: =SH.LLS/$B$78 -> 62.457143 | L78: =SU.LLS/$B$78 -> 62.457143 | M78: =SF.LLS/$B$78 -> 74.957143 | N78: =SUM(N71:N77) -> #DIV/0! | O78: =SUM(O71:O77) -> 26232 | P78: =SUM(P71:P77) -> #DIV/0! | Q78: =E78/$F$67*$R$67 -> 505.88708 | R78: =$Q78/M78 -> 6.7490177 | S78: =$Q78/L78 -> 8.0997474 | T78: =$Q78/K78 -> 8.0997474 | V78: =Y79/12/B78 -> #DIV/0! | W78: =$Q78/M78 -> 6.7490177 | X78: =$Q78/L78 -> 8.0997474 | Y78: =$Q78/K78 -> 8.0997474 | Z78: =$Z$70*L78 -> 62.457143 | AA78: =P78/12/B78 -> #DIV/0!
C79: =SF.LLS-C78 -> 0 | H79: annuel | I79: =(F78*SF.LLS*12) -> 212472.57 | S79: annuel | T79: =I78/$F$67*$R$67 -> #DIV/0! | X79: annuel | Y79: =N78 -> #DIV/0!
A80: LLTS | F80: =0.8*D44 -> 5.576 | R80: =R70*0.8 -> 5.576 | Z80: 1
A81: =$A18 -> T I Bis a | B81: =$V18 -> 4 | C81: =$AC18 -> 120 | D81: =0.685*(31*B81+C81)/C81 -> 1.3928333 | E81: =LMDomTS*D81*M81 -> 232.99316 | F81: =LMDomTS*D81 -> 7.7664387 | G81: =$E81/L81 -> 7.7664387 | H81: =$E81/K81 -> 7.7664387 | I81: =E81*B81*12 -> 11183.672 | K81: =$J18 -> 30 | L81: =$R18 -> 30 | M81: =$U18 -> 30 | N81: =V81*B81*12 -> 11183.672 | O81: =Z81*B81*12 -> 1440 | P81: =N81+O81 -> 12623.672 | Q81: =E81/$F$67*$R$67 -> 232.99316 | R81: =$Q81/M81 -> 7.7664387 | S81: =$Q81/L81 -> 7.7664387 | T81: =$Q81/K81 -> 7.7664387 | V81: =Q81 -> 232.99316 | W81: =$Q81/M81 -> 7.7664387 | X81: =$Q81/L81 -> 7.7664387 | Y81: =$Q81/K81 -> 7.7664387 | Z81: =$Z$80*L81 -> 30 | AA81: =V81+Z81 -> 262.99316
A82: =$A19 -> T I Bis a + V | B82: =$V19 -> 7 | C82: =$AC19 -> 322 | D82: =0.685*(31*B82+C82)/C82 -> 1.1466304 | E82: =LMDomTS*D82*M82 -> 294.10612 | F82: =LMDomTS*D82 -> 6.3936113 | G82: =$E82/L82 -> 6.3936113 | H82: =$E82/K82 -> 6.3936113 | I82: =E82*B82*12 -> 24704.914 | K82: =$J19 -> 46 | L82: =$R19 -> 46 | M82: =$U19 -> 46 | N82: =V82*B82*12 -> 24704.914 | O82: =Z82*B82*12 -> 3864 | P82: =N82+O82 -> 28568.914 | Q82: =E82/$F$67*$R$67 -> 294.10612 | R82: =$Q82/M82 -> 6.3936113 | S82: =$Q82/L82 -> 6.3936113 | T82: =$Q82/K82 -> 6.3936113 | V82: =Q82 -> 294.10612 | W82: =$Q82/M82 -> 6.3936113 | X82: =$Q82/L82 -> 6.3936113 | Y82: =$Q82/K82 -> 6.3936113 | Z82: =$Z$80*L82 -> 46 | AA82: =V82+Z82 -> 340.10612
A83: =$A20 -> T II +V a | B83: =$V20 -> 11 | C83: =$AC20 -> 726 | D83: =0.685*(31*B83+C83)/C83 -> 1.0067424 | E83: =LMDomTS*D83*M83 -> 370.49732 | F83: =LMDomTS*D83 -> 5.6135958 | G83: =$E83/L83 -> 5.6135958 | H83: =$E83/K83 -> 5.6135958 | I83: =E83*B83*12 -> 48905.646 | K83: =$J20 -> 66 | L83: =$R20 -> 66 | M83: =$U20 -> 66 | N83: =V83*B83*12 -> 48905.646 | O83: =Z83*B83*12 -> 8712 | P83: =N83+O83 -> 57617.646 | Q83: =E83/$F$67*$R$67 -> 370.49732 | R83: =$Q83/M83 -> 5.6135958 | S83: =$Q83/L83 -> 5.6135958 | T83: =$Q83/K83 -> 5.6135958 | V83: =Q83 -> 370.49732 | W83: =$Q83/M83 -> 5.6135958 | X83: =$Q83/L83 -> 5.6135958 | Y83: =$Q83/K83 -> 5.6135958 | Z83: =$Z$80*L83 -> 66 | AA83: =V83+Z83 -> 436.49732
A84: =$A21 -> T III +V a | B84: =$V21 -> 10 | C84: =$AC21 -> 760 | D84: =0.685*(31*B84+C84)/C84 -> 0.96440789 | E84: =LMDomTS*D84*M84 -> 408.69292 | F84: =LMDomTS*D84 -> 5.3775384 | G84: =$E84/L84 -> 5.3775384 | H84: =$E84/K84 -> 5.3775384 | I84: =E84*B84*12 -> 49043.15 | K84: =$J21 -> 76 | L84: =$R21 -> 76 | M84: =$U21 -> 76 | N84: =V84*B84*12 -> 49043.15 | O84: =Z84*B84*12 -> 9120 | P84: =N84+O84 -> 58163.15 | Q84: =E84/$F$67*$R$67 -> 408.69292 | R84: =$Q84/M84 -> 5.3775384 | S84: =$Q84/L84 -> 5.3775384 | T84: =$Q84/K84 -> 5.3775384 | V84: =Q84 -> 408.69292 | W84: =$Q84/M84 -> 5.3775384 | X84: =$Q84/L84 -> 5.3775384 | Y84: =$Q84/K84 -> 5.3775384 | Z84: =$Z$80*L84 -> 76 | AA84: =V84+Z84 -> 484.69292
A85: =$A22 -> T IV + V a | B85: =$V22 -> 3 | C85: =$AC22 -> 258 | D85: =0.685*(31*B85+C85)/C85 -> 0.9319186 | E85: =LMDomTS*D85*M85 -> 446.88852 | F85: =LMDomTS*D85 -> 5.1963781 | G85: =$E85/L85 -> 5.1963781 | H85: =$E85/K85 -> 5.1963781 | I85: =E85*B85*12 -> 16087.987 | K85: =$J22 -> 86 | L85: =$R22 -> 86 | M85: =$U22 -> 86 | N85: =V85*B85*12 -> 16087.987 | O85: =Z85*B85*12 -> 3096 | P85: =N85+O85 -> 19183.987 | Q85: =E85/$F$67*$R$67 -> 446.88852 | R85: =$Q85/M85 -> 5.1963781 | S85: =$Q85/L85 -> 5.1963781 | T85: =$Q85/K85 -> 5.1963781 | V85: =Q85 -> 446.88852 | W85: =$Q85/M85 -> 5.1963781 | X85: =$Q85/L85 -> 5.1963781 | Y85: =$Q85/K85 -> 5.1963781 | Z85: =$Z$80*L85 -> 86 | AA85: =V85+Z85 -> 532.88852
A86: =$A23 -> T V +V a | B86: =$V23 -> 0 | C86: =$AC23 -> 0 | D86: =0.685*(31*B86+C86)/C86 -> #DIV/0! | E86: =LMDomTS*D86*M86 -> #DIV/0! | F86: =LMDomTS*D86 -> #DIV/0! | G86: =$E86/L86 -> #DIV/0! | H86: =$E86/K86 -> #DIV/0! | I86: =E86*B86*12 -> #DIV/0! | K86: =$J23 -> 0 | L86: =$R23 -> 0 | M86: =$U23 -> 0 | N86: =V86*B86*12 -> #DIV/0! | O86: =Z86*B86*12 -> 0 | P86: =N86+O86 -> #DIV/0! | Q86: =E86/$F$67*$R$67 -> #DIV/0! | R86: =$Q86/M86 -> #DIV/0! | S86: =$Q86/L86 -> #DIV/0! | T86: =$Q86/K86 -> #DIV/0! | V86: =Q86 -> #DIV/0! | W86: =$Q86/M86 -> #DIV/0! | X86: =$Q86/L86 -> #DIV/0! | Y86: =$Q86/K86 -> #DIV/0! | Z86: =$Z$80*L86 -> 0 | AA86: =V86+Z86 -> #DIV/0!
A87: =$A24 -> PARKINGS | B87: =$V24 -> 35 | C87: =$AC24 -> 437.5 | D87: =0.685*(31*B87+C87)/C87 -> 2.3838 | E87: =LMDomTS*D87*M87 -> 166.15086 | F87: =LMDomTS*D87 -> 13.292069 | G87: =$E87/L87 -> #DIV/0! | H87: =$E87/K87 -> #DIV/0! | I87: =E87*B87*12 -> 69783.361 | K87: =$J24 -> 0 | L87: =$R24 -> 0 | M87: =$U24 -> 12.5 | N87: =V87*B87*12 -> 69783.361 | O87: =Z87*B87*12 -> 0 | P87: =N87+O87 -> 69783.361 | Q87: =E87/$F$67*$R$67 -> 166.15086 | R87: =$Q87/M87 -> 13.292069 | S87: =$Q87/L87 -> #DIV/0! | T87: =$Q87/K87 -> #DIV/0! | V87: =Q87 -> 166.15086 | W87: =$Q87/M87 -> 13.292069 | X87: =$Q87/L87 -> #DIV/0! | Y87: =$Q87/K87 -> #DIV/0! | Z87: =$Z$80*L87 -> 0 | AA87: =V87+Z87 -> 166.15086
A88: total / moyenne | B88: =SUM(B81:B85) -> 35 | C88: =SUM(C81:C87) -> 2623.5 | D88: =0.685*(31*B88+C88)/C88 -> 0.96829522 | E88: =LMDomTS*D88*M88 -> 404.70966 | F88: =LMDomTS*D88 -> 5.3992141 | G88: =$E88/L88 -> 6.4797979 | H88: =$E88/K88 -> 6.4797979 | I88: =SUM(I81:I87) -> #DIV/0! | K88: =SH.LLTS/B88 -> 62.457143 | L88: =SU.LLTS/B88 -> 62.457143 | M88: =SF.LLTS/B88 -> 74.957143 | N88: =SUM(N81:N87) -> #DIV/0! | O88: =SUM(O81:O87) -> 26232 | P88: =SUM(P81:P87) -> #DIV/0! | Q88: =E88/$F$67*$R$67 -> 404.70966 | R88: =$Q88/M88 -> 5.3992141 | S88: =$Q88/L88 -> 6.4797979 | T88: =$Q88/K88 -> 6.4797979 | V88: =Y89/12/B88 -> #DIV/0! | W88: =$Q88/M88 -> 5.3992141 | X88: =$Q88/L88 -> 6.4797979 | Y88: =$Q88/K88 -> 6.4797979 | Z88: =$Z$80*L88 -> 62.457143 | AA88: =V88+Z88 -> #DIV/0!
C89: =SF.LLTS-C88 -> 0 | H89: annuel | I89: =(F88*SF.LLTS*12) -> 169978.06 | S89: annuel | T89: =I88/$F$67*$R$67 -> #DIV/0! | X89: annuel | Y89: =N88 -> #DIV/0!
A90: COMMERCES
A91: =+A28 -> COMMERCE 1 | B91: =+V28 -> 0 | C91: =+AC28 -> 0
A92: =+A29 -> COMMERCE 2 | B92: =+V29 -> 0 | C92: =+AC29 -> 0
A93: =+A30 -> COMMERCE 3 | B93: =+V30 -> 0 | C93: =+AC30 -> 0
A94: =+A31 -> COMMERCE 4 | B94: =+V31 -> 0 | C94: =+AC31 -> 0
B95: =SUM(B91:B94) -> 0 | C95: =SUM(C91:C94) -> 0
A97: Groupe | B97: =B78+B88+B95 -> 70 | C97: =C78+C88+C95 -> 5247 | D97: =0.685*(31*B97+C97)/C97 -> 0.96829522 | E97: =I97/12/B97 -> #DIV/0! | F97: =I97/12/SF.T -> #DIV/0! | G97: =E97/L97 -> #DIV/0! | H97: =E97/K97 -> #DIV/0! | I97: =I78+I88+I95 -> #DIV/0! | K97: =SH.T/B97 -> 62.457143 | L97: =SU.T/B97 -> 62.457143 | M97: =SF.T/B97 -> 74.957143 | N97: =N78+N88+N95 -> #DIV/0! | O97: =O78+O88+O95 -> 52464 | P97: =P78+P88+P95 -> #DIV/0! | Q97: =E97/$F$67*$R$67 -> #DIV/0! | R97: =$Q97/M97 -> #DIV/0! | S97: =$Q97/L97 -> #DIV/0! | T97: =$Q97/K97 -> #DIV/0! | V97: =Y98/12/B97 -> #DIV/0! | W97: =$Q97/M97 -> #DIV/0! | X97: =$Q97/L97 -> #DIV/0! | Y97: =$Q97/K97 -> #DIV/0! | Z97: =O97/12/B97 -> 62.457143 | AA97: =P97/12/B97 -> #DIV/0!
A98: Contrôle | B98: =Nbre-B97 -> 0 | C98: =SF.T-C97 -> 0 | H98: annuel | I98: =F97*SF.T*12 -> #DIV/0! | S98: annuel | T98: =T79+T89 -> #DIV/0! | X98: annuel | Y98: =Y79+Y89+Y95 -> #DIV/0!
T99: =(I98/$F$67*$R$67)-T98 -> #DIV/0!
C107: T I | D107: 16 / 30 | E107: 10 | F107: I
C108: T I Bis a | D108: 30 / 50 | E108: 12 | F108: I Bis
C109: T I Bis a + V | D109: 30 / 50 | E109: 12 | F109: I Bis
C110: T II | D110: 46 / 70 | E110: 20 | F110: II
C111: T II +V a | D111: 56 / 85 | E111: 25 | F111: III
C112: T III a | D112: 56 / 85 | E112: 30 | F112: III
C113: T III +V a | D113: 66 / 100 | E113: 35 | F113: IV
...

Sheet Max
A1: GRILLES LOYERS
B2: LLS | C2: LLTS | D2: PLS
A3: T I Bis a + V | B3: 318 | C3: 290
A4: T II +V a | B4: 370 | C4: 370
A5: T III +V a | B5: 510 | C5: 470 | D5: 720
A6: T IV + V a | B6: 600 | C6: 520 | D6: 810
A7: T V +V a | B7: 700 | C7: 600 | D7: 920
